Workbook

Sheet Intructivo
B2: Matriz Mapa de Riesgos
B4: Teniendo en cuenta que con la expedición del Decreto 1499 de 2017 “Por medio del cual se modifica el Decreto 1083 de 2015, Decreto Único Reglamentario del Sector Función Pública, en lo relacionado con el Sistema de Gestión establecido en el artículo 133 de la Ley 1753 de 2015”, se crea un solo Sistema de Gestión y se alinea con el Sistema de Control Interno, hoy todas las entidades públicas requieren actualizar y/o implementar el Modelo Integrado de Planeación y Gestión MIPG, modelo que incorpora el Modelo Estándar de Control Interno MECI a través de la 7a dimensión del mismo. En este marco general, el proceso de administración del riesgo es un esfuerzo conjunto entre la Alta Dirección y los servidores en todos sus niveles, ejercicio que inicia con la formulación de la política de Administración del Riesgo, la cual incluye los niveles de responsabilidad frente al seguimiento y evaluación, aspectos que deberán definirse acorde con el Esquema de Líneas de Defensa vinculado a la Dimensión 7. Teniendo en cuenta lo anterior y dada la necesidad de las entidades frente a la estructuración de los mapas de riesgos, como herramienta fundamental frente a la gestión del riesgo, el presente formato desarrolla un esquema completo acorde con los contenidos metodológicos de la Guía para la Administración del Riesgo y el diseño de controles V5. El formato cuenta con celdas parametrizadas y permite contar con los respectivos mapas de calor para riesgo inherente y riesgo residual.
B6: Orientaciones Generales
B7: Antes de iniciar con el diligenciamiento de la información en la matriz, se requiere haber avanzado en el análisis del proceso, su objetivo, alcance, actividades clave, considere los lineamientos establecidos en el Paso 2: identificación del riesgo, donde se explica ampliamente las bases para adelanter este análisis. Así mismo, considere en el Paso 3: valoración del riesgo los lineamientos para definir el No. de veces que se hace la actividad con la cual se relaciona el riesgo y su impacto en términos económicos o reputacionales. En este mismo paso se analizan los controles que deben responder a los atributos de eficiencia e informativos. NOTA: Si lo considera pertinente, es posible agregar hojas de trabajo adicionales al presente formato que permitan incluir la traza de estos análisis.
B9: El archivo contiene las siguientes hojas: - Hoja 1 Instructivo - Hoja 2 Mapa Final: Encontrará la totalidad de la estructura para la identificación y valoración de los riesgos por proceso, programa o proyecto, acorde con el nivel de desagregación que la entidad considere necesaria.
C12: Columna | E12: Descripción - Lineamientos para el diligenciamiento
C13: Proceso | E13: Diligencie el nombre del proceso al cual se le identificarán y valorarán los riesgos.
C14: Objetivo | E14: Diligencie el objetivo del proceso.
C15: Alcance | E15: Diligencie el alcance del proceso.
C16: Referencia | E16: Permite definir unl consecutivo de riesgos. Una entidad puede ir en el riesgo 150, pero tener 70 riesgos, lo que permite llevar una traza de los riesgos. Esta información la debe administrar la oficina asesora de planeación o gerencia de riesgos. Cuando un el riesgo salga del mapa no existirá otro riesgo con el mismo número.
C17: Impacto | E17: Analice las consecuencias que puede ocasionar a la organización la materialización del riesgo, redacte de la forma más concreta posible.
C18: Causa Inmediata | E18: Circunstancias bajo las cuales se presenta el riesgo, es la situación más evidente frente al riesgo, redacte de la forma más concreta posible.
C19: Causa Raíz | E19: Causa principal o básica, corresponde a las razones por la cuales se puede presentar el riesgo, redacte de la forma más concreta posible.
C20: Descripción del Riesgo | E20: Consolida o resume los análisis sobre impacto + causa inmediata + causa raíz, permitiendo contar con una redacción clara y concreta del riesgo indentificado. Tenga en cuenta la estructura de alto nivel establecida en al guía, inicia con POSIBILIDAD DE + Impacto para la entidad (Qué) + Causa Inmediata (Cómo) + Causa Raíz (Por qué)
C21: Clasificación del Riesgo | E21: Utilice la lista de despligue que se encuentra parametrizada, le aparecerán las opciones: i)Daños Activos Fisicos, ii)Ejecucion y Administracion de procesos, iii)Fallas Tecnologicas, iv)Fraude Externo, v)Fraude Interno, vi)Relaciones Laborales, vii)Usuarios, productos y practicas organizacionales.
C22: Frecuencia con la cual se lleva a cabo la actividad | E22: Defina el # de veces que se ejecuta la actividad durante el año, (Recuerde la probabilidad e ocurrencia del riesgo se defien como el No. de veces que se pasa por el punto de riesgo en el periodo de 1 año). La matriz automáticamente hará el cálculo para el nivel de probabilidad inherente (Columnas H-I)
C23: Criterios de Impacto | E23: Utilice la lista de despligue que se encuentra parametrizada, le aparecerán las opciones de la tabla de Impacto en la Hoja 6 del presente documento. La matriz automáticamente hará el cálculo para el nivel de impacto inherente (Columnas L-M)
... C37: Estado | E37: Utilice la lista de despligue que se encuentra parametrizada, le aparecerán las opciones: i)Finalizado, ii)En curso, la selección en este caso dependerá de las acciones del plan que se hayan establecido en cada caso.
B40: - Hoja 3 Matriz de Calor Inherente: En esta hoja, en la medida en que ese diligencia el Mapa Final, se verán reflejados los riesgos en su zona correspondiente. Esta hoja no se diligencia se genera de manera automática.
B41: - Hoja 4 Matriz de Calor Residual: En esta hoja, en la medida en que ese diligencia el Mapa Final, se verán reflejados los riesgos en su zona correspondiente. Esta hoja no se diligencia se genera de manera automática.
B42: - Hoja 5 Tabla de probabilidad: Tabla referente para todos los cálculos (no se diligencia)
B43: - Hoja 6 Tabla de Impacto: Tabla referente para todos los cálculos (no se diligencia)
B44: - Hoja 7 Tabla de Valoración de Controles: Tabla referente para todos los cálculos (no se diligencia)

Sheet Tabla probabilidad
B1: Tabla Criterios para definir el nivel de probabilidad
C3: Frecuencia de la Actividad | D3: Probabilidad
B4: Muy Baja | C4: La actividad que conlleva el riesgo se ejecuta como máximos 2 veces por año | D4: 0.2
B5: Baja | C5: La actividad que conlleva el riesgo se ejecuta de 3 a 24 veces por año | D5: 0.4
B6: Media | C6: La actividad que conlleva el riesgo se ejecuta de 24 a 500 veces por año | D6: 0.6
B7: Alta | C7: La actividad que conlleva el riesgo se ejecuta mínimo 500 veces al año y máximo 5000 veces por año | D7: 0.8
B8: Muy Alta | C8: La actividad que conlleva el riesgo se ejecuta más de 5000 veces por año | D8: 1

Sheet Tabla Impacto
B1: Tabla Criterios para definir el nivel de impacto
B2: 1 | C2: 3 | D2: 2 | E2: 1-2 | F2: 1-3-2
C3: Afectación Económica (o presupuestal) | D3: Pérdida Reputacional | E3: Redacción reputacional | F3: Redacción reputacional y económica | G3: %
B4: Leve | C4: afectación menor a 10 SMLMV | D4: El riesgo afecta la imagen de alguna área de la organización | E4: =CONCATENATE("El Impacto se evalúo como"," ",B4,". ",D4,".") -> El Impacto se evalúo como Leve. El riesgo afecta la imagen de alguna área de la organización. | F4: =CONCATENATE("El Impacto se evalúo como"," ",B4,". ",D4," con una posible"," ",C4,".") -> El Impacto se evalúo como Leve. El riesgo afecta la imagen de alguna área de la organización con una posible afectación menor a 10 SMLMV. | G4: 0.2 | I4: Reputacional
B5: Menor | C5: afectación entre 10 y 50 SMLMV | D5: El riesgo afecta la imagen de la entidad internamente, de conocimiento general, nivel interno, de junta dircetiva y accionistas y/o de provedores | E5: =CONCATENATE("El Impacto se evalúo como"," ",B5,". ",D5,".") -> El Impacto se evalúo como Menor. El riesgo afecta la imagen de la entidad internamente, de conocimiento general, nivel interno, de junta dircetiva y accionistas y/o de provedores. | F5: =CONCATENATE("El Impacto se evalúo como"," ",B5,". ",D5," con una posible"," ",C5,".") -> El Impacto se evalúo como Menor. El riesgo afecta la imagen de la entidad internamente, de conocimiento general, nivel interno, de junta dircetiva y accionistas y/o de provedores con una posible afectación entre 10 y 50 SMLMV. | G5: 0.4 | I5: Económico
B6: Moderado | C6: afectación entre 50 y 100 SMLMV | D6: El riesgo afecta la imagen de la entidad con algunos usuarios de relevancia frente al logro de los objetivos | E6: =CONCATENATE("El Impacto se evalúo como"," ",B6,". ",D6,".") -> El Impacto se evalúo como Moderado. El riesgo afecta la imagen de la entidad con algunos usuarios de relevancia frente al logro de los objetivos. | F6: =CONCATENATE("El Impacto se evalúo como"," ",B6,". ",D6," con una posible"," ",C6,".") -> El Impacto se evalúo como Moderado. El riesgo afecta la imagen de la entidad con algunos usuarios de relevancia frente al logro de los objetivos con una posible afectación entre 50 y 100 SMLMV. | G6: 0.6 | I6: Reputacional y Económica
B7: Mayor | C7: afectación entre 100 y 500 SMLMV | D7: El riesgo afecta la imagen de de la entidad con efecto publicitario sostenido a nivel de sector administrativo, nivel departamental o municipal | E7: =CONCATENATE("El Impacto se evalúo como"," ",B7,". ",D7,".") -> El Impacto se evalúo como Mayor. El riesgo afecta la imagen de de la entidad con efecto publicitario sostenido a nivel de sector administrativo, nivel departamental o municipal. | F7: =CONCATENATE("El Impacto se evalúo como"," ",B7,". ",D7," con una posible"," ",C7,".") -> El Impacto se evalúo como Mayor. El riesgo afecta la imagen de de la entidad con efecto publicitario sostenido a nivel de sector administrativo, nivel departamental o municipal con una posible afectación entre 100 y 500 SMLMV. | G7: 0.8
B8: Catastrófico | C8: afectación mayor a 500 SMLMV | D8: El riesgo afecta la imagen de la entidad a nivel nacional, con efecto publicitarios sostenible a nivel país | E8: =CONCATENATE("El Impacto se evalúo como"," ",B8,". ",D8,".") -> El Impacto se evalúo como Catastrófico. El riesgo afecta la imagen de la entidad a nivel nacional, con efecto publicitarios sostenible a nivel país. | F8: =CONCATENATE("El Impacto se evalúo como"," ",B8,". ",D8," con una posible"," ",C8,".") -> El Impacto se evalúo como Catastrófico. El riesgo afecta la imagen de la entidad a nivel nacional, con efecto publicitarios sostenible a nivel país con una posible afectación mayor a 500 SMLMV. | G8: 1
B11: Afectación_Económica_o_presupuestal | C11: Afectación menor a 10 SMLMV. | D11: El riesgo afecta la imagen de alguna área de la organización
B12: Pérdida_Reputacional | C12: Entre 10 y 50 SMLMV | D12: El riesgo afecta la imagen de la entidad internamente, de conocimiento general, nivel interno, de junta dircetiva y accionistas y/o de provedores
C13: Entre 50 y 100 SMLMV | D13: El riesgo afecta la imagen de la entidad con algunos usuarios de relevancia frente al logro de los objetivos
C14: Entre 100 y 500 SMLMV | D14: El riesgo afecta la imagen de de la entidad con efecto publicitario sostenido a nivel de sector administrativo, nivel departamental o municipal
C15: Mayor a 500 SMLMV | D15: El riesgo afecta la imagen de la entidad a nivel nacional, con efecto publicitarios sostenible a nivel país
B209: Criterios | C209: Subcriterios | D209: Criterios | E209: Subcriterios
B210: Afectación Económica o presupuestal | C210: Afectación menor a 10 SMLMV . | D210: Afectación Económica o presupuestal | F210: =IF(NOT(ISBLANK(D210)),D210,IF(NOT(ISBLANK(E210))," "&E210,FALSE)) -> Afectación Económica o presupuestal | G210: Afectación Económica o presupuestal | H210: =IF(NOT(ISERROR(MATCH(G210,_xlfn.ANCHORARRAY(B221),0))),F223&"Por favor no seleccionar los criterios de impacto",G210) -> Afectación Económica o presupuestal
B211: Afectación Económica o presupuestal | C211: Entre 10 y 50 SMLMV | E211: Afectación menor a 10 SMLMV . | F211: =IF(NOT(ISBLANK(D211)),D211,IF(NOT(ISBLANK(E211))," "&E211,FALSE)) -> Afectación menor a 10 SMLMV .
B212: Afectación Económica o presupuestal | C212: Entre 50 y 100 SMLMV | E212: Entre 10 y 50 SMLMV | F212: =IF(NOT(ISBLANK(D212)),D212,IF(NOT(ISBLANK(E212))," "&E212,FALSE)) -> Entre 10 y 50 SMLMV
B213: Afectación Económica o presupuestal | C213: Entre 100 y 500 SMLMV | E213: Entre 50 y 100 SMLMV | F213: =IF(NOT(ISBLANK(D213)),D213,IF(NOT(ISBLANK(E213))," "&E213,FALSE)) -> Entre 50 y 100 SMLMV
B214: Afectación Económica o presupuestal | C214: Mayor a 500 SMLMV | E214: Entre 100 y 500 SMLMV | F214: =IF(NOT(ISBLANK(D214)),D214,IF(NOT(ISBLANK(E214))," "&E214,FALSE)) -> Entre 100 y 500 SMLMV
B215: Pérdida Reputacional | C215: El riesgo afecta la imagen de alguna área de la organización | E215: Mayor a 500 SMLMV | F215: =IF(NOT(ISBLANK(D215)),D215,IF(NOT(ISBLANK(E215))," "&E215,FALSE)) -> Mayor a 500 SMLMV
B216: Pérdida Reputacional | C216: El riesgo afecta la imagen de la entidad internamente, de conocimiento general, nivel interno, de junta dircetiva y accionistas y/o de provedores | D216: Pérdida Reputacional | F216: =IF(NOT(ISBLANK(D216)),D216,IF(NOT(ISBLANK(E216))," "&E216,FALSE)) -> Pérdida Reputacional
B217: Pérdida Reputacional | C217: El riesgo afecta la imagen de la entidad con algunos usuarios de relevancia frente al logro de los objetivos | E217: El riesgo afecta la imagen de alguna área de la organización | F217: =IF(NOT(ISBLANK(D217)),D217,IF(NOT(ISBLANK(E217))," "&E217,FALSE)) -> El riesgo afecta la imagen de alguna área de la organización
B218: Pérdida Reputacional | C218: El riesgo afecta la imagen de de la entidad con efecto publicitario sostenido a nivel de sector administrativo, nivel departamental o municipal | E218: El riesgo afecta la imagen de la entidad internamente, de conocimiento general, nivel interno, de junta dircetiva y accionistas y/o de provedores | F218: =IF(NOT(ISBLANK(D218)),D218,IF(NOT(ISBLANK(E218))," "&E218,FALSE)) -> El riesgo afecta la imagen de la entidad internamente, de conocimiento general, nivel interno, de junta dircetiva y accionistas y/o de provedores
B219: Pérdida Reputacional | C219: El riesgo afecta la imagen de la entidad a nivel nacional, con efecto publicitarios sostenible a nivel país | E219: El riesgo afecta la imagen de la entidad con algunos usuarios de relevancia frente al logro de los objetivos | F219: =IF(NOT(ISBLANK(D219)),D219,IF(NOT(ISBLANK(E219))," "&E219,FALSE)) -> El riesgo afecta la imagen de la entidad con algunos usuarios de relevancia frente al logro de los objetivos
E220: El riesgo afecta la imagen de de la entidad con efecto publicitario sostenido a nivel de sector administrativo, nivel departamental o municipal | F220: =IF(NOT(ISBLANK(D220)),D220,IF(NOT(ISBLANK(E220))," "&E220,FALSE)) -> El riesgo afecta la imagen de de la entidad con efecto publicitario sostenido a nivel de sector administrativo, nivel departamental o municipal
B221: {=_xlfn.UNIQUE(Tabla1[[#All],[Criterios]])} -> #NAME? | E221: El riesgo afecta la imagen de la entidad a nivel nacional, con efecto publicitarios sostenible a nivel país | F221: =IF(NOT(ISBLANK(D221)),D221,IF(NOT(ISBLANK(E221))," "&E221,FALSE)) -> El riesgo afecta la imagen de la entidad a nivel nacional, con efecto publicitarios sostenible a nivel país
B222: #NAME?
B223: #NAME? | F223: ❌
F224: ✔

Sheet Tabla Valoración controles
B1: Tabla Atributos de para el diseño del control
B3: Características | E3: Descripción | F3: Peso
B4: Atributos de Eficiencia | C4: Tipo | D4: Preventivo | E4: Va hacia las causas del riesgo, aseguran el resultado final esperado. | F4: 0.25
D5: Detectivo | E5: Detecta que algo ocurre y devuelve el proceso a los controles preventivos. Se pueden generar reprocesos. | F5: 0.15
D6: Correctivo | E6: Dado que permiten reducir el impacto de la materialización del riesgo, tienen un costo en su implementación. | F6: 0.1
C7: Implementación | D7: Automático | E7: Son actividades de procesamiento o validación de información que se ejecutan por un sistema y/o aplicativo de manera automática sin la intervención de personas para su realización. | F7: 0.25
D8: Manual | E8: Controles que son ejecutados por una persona., tiene implícito el error humano. | F8: 0.15
B9: *Atributos de Formalización | C9: Documentación | D9: Documentado | E9: Controles que están documentados en el proceso, ya sea en manuales, procedimientos, flujogramas o cualquier otro documento propio del proceso. | F9: -
D10: Sin Documentar | E10: Identifica a los controles que pese a que se ejecutan en el proceso no se encuentran documentados en ningún documento propio del proceso | F10: -
C11: Frecuencia | D11: Continua | E11: Este atributo identifica a los controles que se ejecutan siempre que se realiza la actividad originadora del riesgo. | F11: -
D12: Aleatoria | E12: Este atributo identifica a los controles que no siempre se ejecutan cuando se realiza la actividad originadora del riesgo | F12: -
C13: Evidencia | D13: Con Registro | E13: El control deja un registro que permite evidenciar la ejecución del control | F13: -
D14: Sin Registro | E14: El control no deja registro de la ejecución del control | F14: -
B15: *Nota 1: Los atributos de formalización se recogerán de manera informativa, con el fin de conocer el entorno del control y complementar el análisis con elementos cualitativos; éstos no tienen una incidencia directa en su efectividad.

Sheet Direccionamiento Estrategico
A1: Formato Mapa Riesgos
A4: Proceso: | C4: DIRECCIONAMIENTO ESTRATÉGICO
A5: Objetivo: | C5: Asesorar la formulación y el seguimiento de los planes, politicas y proyectos para la inclusión social de la población con discapacidad visual acorde con los lineamientos establecidos.
A6: Alcance: | C6: Inicia con la identificación de necesidades de la población con discapacidad visual, continua con la formulación y diseño de los planes y proyectos institucionales y termina con su evaluación.
A7: Identificación del riesgo | H7: Análisis del riesgo inherente | O7: Evaluación del riesgo - Valoración de los controles | X7: Evaluación del riesgo - Nivel del riesgo residual | AE7: Plan de Acción
A8: Referencia | B8: Impacto | C8: Causa Inmediata | D8: Causa Raíz | E8: Descripción del Riesgo | F8: Clasificación del Riesgo | G8: Frecuencia con la cual se realiza la actividad | H8: Probabilidad Inherente | I8: % | J8: Criterios de impacto | K8: Observación de criterio | L8: Impacto Inherente | M8: % | N8: Zona de Riesgo Inherente | O8: No. Control | P8: Descripción del Control | Q8: Afectación | R8: Atributos | X8: Probabilidad Residual | Y8: Probabilidad Residual Final | Z8: % | AA8: Impacto Residual Final | AB8: % | AC8: Zona de Riesgo Final | AD8: Tratamiento | AE8: Plan de Acción | AF8: Responsable | AG8: Fecha de control | AH8: Fecha de plan de acción | AI8: Entregable de Control | AJ8: Entregable de Plan de acción
R9: Tipo | S9: Implementación | T9: Calificación | U9: Documentación | V9: Frecuencia | W9: Evidencia
B10: Reputacional | C10: Incumplimiento de los planes y proyectos institucionales por parte de los procesos | D10: Inadecuado e inoportuno seguimiento por parte de los líderes de proceso para el cumplimiento de los planes institucionales | E10: Posibilidad de pérdida reputacional por el incumplimiento de los planes institucionales debido al inadecuado e inoportuno seguimiento por parte de los líderes de proceso. | F10: Ejecución y Administracion de procesos | G10: =12*18 -> 216 | H10: =IF(G10<=0,"",IF(G10<=2,"Muy Baja",IF(G10<=24,"Baja",IF(G10<=500,"Media",IF(G10<=5000,"Alta","Muy Alta"))))) -> Media | I10: 0.6 | J10: =IF(OR($B$10="Reputacional",$B$10="Económica"),VLOOKUP($L$10,'Tabla Impacto'!$B$4:$G$8,4,0),IF(AND($B$10="Reputacional y Económica"),VLOOKUP($L$10,'Tabla Impacto'!$B$4:$G$8,5,0),((VLOOKUP($L$10,'Tabla Impacto'!$B$4:$G$8,2,0))))) -> El Impacto se evalúo como Catastrófico. El riesgo afecta la imagen de la entidad a nivel nacional, con efecto publicitarios sostenible a nivel país. | K10: =IF(OR($B$10="Reputacional",$B$10="Económica"),VLOOKUP($L$10,'Tabla Impacto'!$B$4:$G$8,4,0),IF(AND($B$10="Reputacional y Económica"),VLOOKUP($L$10,'Tabla Impacto'!$B$4:$G$8,5,0),((VLOOKUP($L$10,'Tabla Impacto'!$B$4:$G$8,2,0))))) -> El Impacto se evalúo como Catastrófico. El riesgo afecta la imagen de la entidad a nivel nacional, con efecto publicitarios sostenible a nivel país. | L10: Catastrófico | M10: =VLOOKUP(L10,'Tabla Impacto'!$B$4:$G$8,6,0) -> 1 | N10: =IF(OR(AND(H10="Muy Baja",L10="Leve"),AND(H10="Muy Baja",L10="Menor"),AND(H10="Baja",L10="Leve")),"Bajo",IF(OR(AND(H10="Muy baja",L10="Moderado"),AND(H10="Baja",L10="Menor"),AND(H10="Baja",L10="Moderado"),AND(H10="Media",L10="Leve"),AND(H10="Media",L10="Menor"),AND(H10="Media",L10="Moderado"),AND(H10="Alta",L10="Leve"),AND(H10="Alta",L10="Menor")),"Moderado",IF(OR(AND(H10="Muy Baja",L10="Mayor"),AND(H10="Baja",L10="Mayor"),AND(H10="Media",L10="Mayor"),AND(H10="Alta",L10="Moderado"),AND(H10="Alta",L10="Mayor"),AND(H10="Muy Alta",L10="Leve"),AND(H10="Muy Alta",L10="Menor"),AND(H10="Muy Alta",L10="Moderado"),AND(H10="Muy Alta",L10="Mayor")),"Alto",IF(OR(AND(H10="Muy Baja",L10="Catastrófico"),AND(H10="Baja",L10="Catastrófico"),AND(H10="Media",L10="Catastrófico"),AND(H10="Alta",L10="Catastrófico"),AND(H10="Muy Alta",L10="Catastrófico")),"Extremo","")))) -> Extremo | O10: 1 | P10: Oficina Asesora de Planeación realiza el reporte y consolida en el instrumento de seguimiento al Plan de Acción Anual, la información mensual del avance de las actividades y metas del plan de acción, pertinencia, oportunidad y calidad de la evidencias. | Q10: =IF(OR(R10="Preventivo",R10="Detectivo"),"Probabilidad",IF(R10="Correctivo","Impacto","")) -> Probabilidad | R10: Preventivo | S10: Manual | T10: =IF(AND(R10="Preventivo",S10="Automático"),"50%",IF(AND(R10="Preventivo",S10="Manual"),"40%",IF(AND(R10="Detectivo",S10="Automático"),"40%",IF(AND(R10="Detectivo",S10="Manual"),"30%",IF(AND(R10="Correctivo",S10="Automático"),"35%",IF(AND(R10="Correctivo",S10="Manual"),"25%","")))))) -> 40% | U10: Documentado | V10: Continua | W10: Con Registro | X10: =IFERROR(IF(Q10="Probabilidad",(I10-(+I10*T10)),IF(Q10="Impacto",I10,"")),"") -> 0.36 | Y10: =IFERROR(IF(X10="","",IF(X10<=0.2,"Muy Baja",IF(X10<=0.4,"Baja",IF(X10<=0.6,"Media",IF(X10<=0.8,"Alta","Muy Alta"))))),"") -> Baja | Z10: =+X10 -> 0.36 | AA10: =IFERROR(IF(AB10="","",IF(AB10<=0.2,"Leve",IF(AB10<=0.4,"Menor",IF(AB10<=0.6,"Moderado",IF(AB10<=0.8,"Mayor","Catastrófico"))))),"") -> Catastrófico | AB10: =IFERROR(IF(Q10="Impacto",(M10-(+M10*T10)),IF(Q10="Probabilidad",M10,"")),"") -> 1 | AC10: =IFERROR(IF(OR(AND(Y10="Muy Baja",AA10="Leve"),AND(Y10="Muy Baja",AA10="Menor"),AND(Y10="Baja",AA10="Leve")),"Bajo",IF(OR(AND(Y10="Muy baja",AA10="Moderado"),AND(Y10="Baja",AA10="Menor"),AND(Y10="Baja",AA10="Moderado"),AND(Y10="Media",AA10="Leve"),AND(Y10="Media",AA10="Menor"),AND(Y10="Media",AA10="Moderado"),AND(Y10="Alta",AA10="Leve"),AND(Y10="Alta",AA10="Menor")),"Moderado",IF(OR(AND(Y10="Muy Baja",AA10="Mayor"),AND(Y10="Baja",AA10="Mayor"),AND(Y10="Media",AA10="Mayor"),AND(Y10="Alta",AA10="Moderado"),AND(Y10="Alta",AA10="Mayor"),AND(Y10="Muy Alta",AA10="Leve"),AND(Y10="Muy Alta",AA10="Menor"),AND(Y10="Muy Alta",AA10="Moderado"),AND(Y10="Muy Alta",AA10="Mayor")),"Alto",IF(OR(AND(Y10="Muy Baja",AA10="Catastrófico"),AND(Y10="Baja",AA10="Catastrófico"),AND(Y10="Media",AA10="Catastrófico"),AND(Y10="Alta",AA10="Catastrófico"),AND(Y10="Muy Alta",AA10="Catastrófico")),"Extremo","")))),"") -> Extremo | AD10: Reducir (mitigar) | AE10: =MID(P10,41,400) -> reporte y consolida en el instrumento de seguimiento al Plan de Acción Anual, la información mensual del avance de las actividades y metas del plan de acción, pertinencia, oportunidad y calidad de la evidencias. | AF10: Oficina Asesora de Planeación | AG10: Enero -Diciembre de 2026 | AH10: =AG10 -> Enero -Diciembre de 2026 | AI10: Reporte consolidado de los seguimientos. Registros y evidencias | AJ10: Evidencia de seguimiento al Plan .
O11: 2 | P11: La oficina asesora de planeación realiza seguimiento cuatrimestral a las actividades establecidas en el plan de acción anual y reportan las alertas de los resultados en el Comité Institucional de Gestión y Desempeño con el objeto de establecer las acciones de mejora pertinentes | Q11: =IF(OR(R11="Preventivo",R11="Detectivo"),"Probabilidad",IF(R11="Correctivo","Impacto","")) -> Probabilidad | R11: Detectivo | S11: Manual | T11: =IF(AND(R11="Preventivo",S11="Automático"),"50%",IF(AND(R11="Preventivo",S11="Manual"),"40%",IF(AND(R11="Detectivo",S11="Automático"),"40%",IF(AND(R11="Detectivo",S11="Manual"),"30%",IF(AND(R11="Correctivo",S11="Automático"),"35%",IF(AND(R11="Correctivo",S11="Manual"),"25%","")))))) -> 30% | U11: Documentado | V11: Continua | W11: Con Registro | X11: =IFERROR(IF(AND(Q10="Probabilidad",Q11="Probabilidad"),(Z10-(+Z10*T11)),IF(Q11="Probabilidad",(I10-(+I10*T11)),IF(Q11="Impacto",Z10,""))),"") -> 0.252 | Y11: =IFERROR(IF(X11="","",IF(X11<=0.2,"Muy Baja",IF(X11<=0.4,"Baja",IF(X11<=0.6,"Media",IF(X11<=0.8,"Alta","Muy Alta"))))),"") -> Baja | Z11: =+X11 -> 0.252 | AA11: =IFERROR(IF(AB11="","",IF(AB11<=0.2,"Leve",IF(AB11<=0.4,"Menor",IF(AB11<=0.6,"Moderado",IF(AB11<=0.8,"Mayor","Catastrófico"))))),"") -> Catastrófico | AB11: =IFERROR(IF(AND(Q10="Impacto",Q11="Impacto"),(AB10-(+AB10*T11)),IF(Q11="Impacto",($M$10-(+$M$10*T11)),IF(Q11="Probabilidad",AB10,""))),"") -> 1 | AC11: =IFERROR(IF(OR(AND(Y11="Muy Baja",AA11="Leve"),AND(Y11="Muy Baja",AA11="Menor"),AND(Y11="Baja",AA11="Leve")),"Bajo",IF(OR(AND(Y11="Muy baja",AA11="Moderado"),AND(Y11="Baja",AA11="Menor"),AND(Y11="Baja",AA11="Moderado"),AND(Y11="Media",AA11="Leve"),AND(Y11="Media",AA11="Menor"),AND(Y11="Media",AA11="Moderado"),AND(Y11="Alta",AA11="Leve"),AND(Y11="Alta",AA11="Menor")),"Moderado",IF(OR(AND(Y11="Muy Baja",AA11="Mayor"),AND(Y11="Baja",AA11="Mayor"),AND(Y11="Media",AA11="Mayor"),AND(Y11="Alta",AA11="Moderado"),AND(Y11="Alta",AA11="Mayor"),AND(Y11="Muy Alta",AA11="Leve"),AND(Y11="Muy Alta",AA11="Menor"),AND(Y11="Muy Alta",AA11="Moderado"),AND(Y11="Muy Alta",AA11="Mayor")),"Alto",IF(OR(AND(Y11="Muy Baja",AA11="Catastrófico"),AND(Y11="Baja",AA11="Catastrófico"),AND(Y11="Media",AA11="Catastrófico"),AND(Y11="Alta",AA11="Catastrófico"),AND(Y11="Muy Alta",AA11="Catastrófico")),"Extremo","")))),"") -> Extremo | AD11: Reducir (mitigar) | AE11: =MID(P11,41,400) -> seguimiento cuatrimestral a las actividades establecidas en el plan de acción anual y reportan las alertas de los resultados en el Comité Institucional de Gestión y Desempeño con el objeto de establecer las acciones de mejora pertinentes | AF11: Oficina Asesora de Planeación | AG11: Mayo a Diciembre de 2026 | AH11: =AG11 -> Mayo a Diciembre de 2026 | AI11: Acta de reunión con los lideres de proceso | AJ11: No aplica
O12: 3 | P12: La Oficina Asesora de Planeación realiza la validación de los avances de los planes de segundo nivel, derivados del plan de acción institucional que permita conocer el cumplimiento de metas. | Q12: =IF(OR(R12="Preventivo",R12="Detectivo"),"Probabilidad",IF(R12="Correctivo","Impacto","")) -> Impacto | R12: Correctivo | S12: Manual | T12: =IF(AND(R12="Preventivo",S12="Automático"),"50%",IF(AND(R12="Preventivo",S12="Manual"),"40%",IF(AND(R12="Detectivo",S12="Automático"),"40%",IF(AND(R12="Detectivo",S12="Manual"),"30%",IF(AND(R12="Correctivo",S12="Automático"),"35%",IF(AND(R12="Correctivo",S12="Manual"),"25%","")))))) -> 25% | U12: Documentado | V12: Aleatoria | W12: Con Registro | X12: =IFERROR(IF(AND(Q11="Probabilidad",Q12="Probabilidad"),(Z11-(+Z11*T12)),IF(AND(Q11="Impacto",Q12="Probabilidad"),(Z10-(+Z10*T12)),IF(Q12="Impacto",Z11,""))),"") -> 0.252 | Y12: =IFERROR(IF(X12="","",IF(X12<=0.2,"Muy Baja",IF(X12<=0.4,"Baja",IF(X12<=0.6,"Media",IF(X12<=0.8,"Alta","Muy Alta"))))),"") -> Baja | Z12: =+X12 -> 0.252 | AA12: =IFERROR(IF(AB12="","",IF(AB12<=0.2,"Leve",IF(AB12<=0.4,"Menor",IF(AB12<=0.6,"Moderado",IF(AB12<=0.8,"Mayor","Catastrófico"))))),"") -> Mayor | AB12: =IFERROR(IF(AND(Q11="Impacto",Q12="Impacto"),(AB11-(+AB11*T12)),IF(AND(Q11="Probabilidad",Q12="Impacto"),(AB10-(+AB10*T12)),IF(Q12="Probabilidad",AB11,""))),"") -> 0.75 | AC12: =IFERROR(IF(OR(AND(Y12="Muy Baja",AA12="Leve"),AND(Y12="Muy Baja",AA12="Menor"),AND(Y12="Baja",AA12="Leve")),"Bajo",IF(OR(AND(Y12="Muy baja",AA12="Moderado"),AND(Y12="Baja",AA12="Menor"),AND(Y12="Baja",AA12="Moderado"),AND(Y12="Media",AA12="Leve"),AND(Y12="Media",AA12="Menor"),AND(Y12="Media",AA12="Moderado"),AND(Y12="Alta",AA12="Leve"),AND(Y12="Alta",AA12="Menor")),"Moderado",IF(OR(AND(Y12="Muy Baja",AA12="Mayor"),AND(Y12="Baja",AA12="Mayor"),AND(Y12="Media",AA12="Mayor"),AND(Y12="Alta",AA12="Moderado"),AND(Y12="Alta",AA12="Mayor"),AND(Y12="Muy Alta",AA12="Leve"),AND(Y12="Muy Alta",AA12="Menor"),AND(Y12="Muy Alta",AA12="Moderado"),AND(Y12="Muy Alta",AA12="Mayor")),"Alto",IF(OR(AND(Y12="Muy Baja",AA12="Catastrófico"),AND(Y12="Baja",AA12="Catastrófico"),AND(Y12="Media",AA12="Catastrófico"),AND(Y12="Alta",AA12="Catastrófico"),AND(Y12="Muy Alta",AA12="Catastrófico")),"Extremo","")))),"") -> Alto | AD12: Reducir (mitigar) | AE12: =MID(P12,41,400) -> la validación de los avances de los planes de segundo nivel, derivados del plan de acción institucional que permita conocer el cumplimiento de metas. | AF12: Oficina Asesora de Planeación | AG12: Enero -Diciembre de 2026 | AH12: =AG12 -> Enero -Diciembre de 2026 | AJ12: No aplica
B13: *Nota: La columna referencia se sugiere para mantener el consecutivo de riesgos, así el riesgo salga del mapa no existirá otro riesgo con el mismo número. Una entidad puede ir en el riesgo 150 pero tener 70 riesgos, lo que permite llevar una traza de los riesgos. Esta información la debe administrar la Oficina Asesora de Planeación o Gerencia de Riesgos.
B15: Fuente: Adaptado de Curso Riesgo Operativo Universidad del Rosario por Dirección de Gestión y Desempeño Institucional de Función Pública, 2020.

Sheet Evaluación y mejoramiento
A1: Formato Mapa Riesgos
A4: Proceso: | C4: Evaluacion y Mejoramiento
A5: Objetivo: | C5: Evaluar la efectividad del sistema de control interno del INCI mediante el seguimiento y medición de la eficiencia, eficacia y efectividad de la gestión institucional, los procesos, la ejecución de los planes, programas y proyectos, con el fin de generar recomendaciones que orienten y contribuyan al mejoramiento de la entidad, así como a su cumplimiento misional.
A6: Alcance: | C6: Comprende la identificación de prioridades de evaluación de la gestión institucional, la planeación y ejecución de las auditorías, las evaluaciones y seguimientos establecidos en la normatividad vigente y finaliza con el seguimiento a los planes de mejoramiento institucional y por procesos.
A7: Identificación del riesgo | H7: Análisis del riesgo inherente | O7: Evaluación del riesgo - Valoración de los controles | Y7: Evaluación del riesgo - Nivel del riesgo residual | AF7: Plan de Acción
A8: Referencia | B8: Impacto | C8: Causa Inmediata | D8: Causa Raíz | E8: Descripción del Riesgo | F8: Clasificación del Riesgo | G8: Frecuencia con la cual se realiza la actividad | H8: Probabilidad Inherente | I8: % | J8: Criterios de impacto | K8: Observación de criterio | L8: Impacto Inherente | M8: % | N8: Zona de Riesgo Inherente | O8: No. Control | Q8: Descripción del Control | R8: Afectación | S8: Atributos | Y8: Probabilidad Residual | Z8: Probabilidad Residual Final | AA8: % | AB8: Impacto Residual Final | AC8: % | AD8: Zona de Riesgo Final | AE8: Tratamiento | AF8: Plan de Acción | AG8: Responsable | AH8: Fecha de control | AI8: Fecha de plan de acción | AJ8: Entregable de Control | AK8: Entregable de Plan de acción
S9: Tipo | T9: Implementación | U9: Calificación | V9: Documentación | W9: Frecuencia | X9: Evidencia
A10: 1 | B10: Reputacional | C10: Inadecuado e inoportuno seguimiento y medición del sistema de control interno | D10: Insuficiencia de recursos (fisicos, humanos, tecnologicos, económicos) | E10: Posibilidad de afectación reputacional, por incumplimiento de las actividades establecidas en el plan anual de auditoría, debido a deficiencias en el seguimiento y control de la gestión institucional por falta de oportunidad y calidad en la entrega de información. | F10: Ejecucion y Administracion de procesos | G10: 24 | H10: =IF(G10<=0,"",IF(G10<=2,"Muy Baja",IF(G10<=24,"Baja",IF(G10<=500,"Media",IF(G10<=5000,"Alta","Muy Alta"))))) -> Baja | I10: =IF(H10="","",IF(H10="Muy Baja",0.2,IF(H10="Baja",0.4,IF(H10="Media",0.6,IF(H10="Alta",0.8,IF(H10="Muy Alta",1,)))))) -> 0.4 | J10: =IF(OR($B$10="Reputacional",$B$10="Económica"),VLOOKUP($L$10,'Tabla Impacto'!$B$4:$G$8,4,0),IF(AND($B$10="Reputacional y Económica"),VLOOKUP($L$10,'Tabla Impacto'!$B$4:$G$8,5,0),((VLOOKUP($L$10,'Tabla Impacto'!$B$4:$G$8,2,0))))) -> El Impacto se evalúo como Menor. El riesgo afecta la imagen de la entidad internamente, de conocimiento general, nivel interno, de junta dircetiva y accionistas y/o de provedores. | K10: =IF(OR($B$10="Reputacional",$B$10="Económica"),VLOOKUP($L$10,'Tabla Impacto'!$B$4:$G$8,4,0),IF(AND($B$10="Reputacional y Económica"),VLOOKUP($L$10,'Tabla Impacto'!$B$4:$G$8,5,0),((VLOOKUP($L$10,'Tabla Impacto'!$B$4:$G$8,2,0))))) -> El Impacto se evalúo como Menor. El riesgo afecta la imagen de la entidad internamente, de conocimiento general, nivel interno, de junta dircetiva y accionistas y/o de provedores. | L10: Menor | M10: =VLOOKUP(L10,'Tabla Impacto'!$B$4:$G$8,6,0) -> 0.4 | N10: =IF(OR(AND(H10="Muy Baja",L10="Leve"),AND(H10="Muy Baja",L10="Menor"),AND(H10="Baja",L10="Leve")),"Bajo",IF(OR(AND(H10="Muy baja",L10="Moderado"),AND(H10="Baja",L10="Menor"),AND(H10="Baja",L10="Moderado"),AND(H10="Media",L10="Leve"),AND(H10="Media",L10="Menor"),AND(H10="Media",L10="Moderado"),AND(H10="Alta",L10="Leve"),AND(H10="Alta",L10="Menor")),"Moderado",IF(OR(AND(H10="Muy Baja",L10="Mayor"),AND(H10="Baja",L10="Mayor"),AND(H10="Media",L10="Mayor"),AND(H10="Alta",L10="Moderado"),AND(H10="Alta",L10="Mayor"),AND(H10="Muy Alta",L10="Leve"),AND(H10="Muy Alta",L10="Menor"),AND(H10="Muy Alta",L10="Moderado"),AND(H10="Muy Alta",L10="Mayor")),"Alto",IF(OR(AND(H10="Muy Baja",L10="Catastrófico"),AND(H10="Baja",L10="Catastrófico"),AND(H10="Media",L10="Catastrófico"),AND(H10="Alta",L10="Catastrófico"),AND(H10="Muy Alta",L10="Catastrófico")),"Extremo","")))) -> Moderado | O10: 1 | Q10: El profesional especializado de la oficina de control interno solicita y revisa oportunamente la información, documentación y evidencias remitidas por los procesos para la consolidación de los informes y seguimientos establecidos en el plan de auditoría, de acuerdo a la frecuencia definida en el mismo. En caso de fallas parciales en el cumplimiento en las evaluaciones independientes internas, se realizan informes acumulados para el siguiente mes periodo. | R10: =IF(OR(S10="Preventivo",S10="Detectivo"),"Probabilidad",IF(S10="Correctivo","Impacto","")) -> Probabilidad | S10: Detectivo | T10: Manual | U10: =IF(AND(S10="Preventivo",T10="Automático"),"50%",IF(AND(S10="Preventivo",T10="Manual"),"40%",IF(AND(S10="Detectivo",T10="Automático"),"40%",IF(AND(S10="Detectivo",T10="Manual"),"30%",IF(AND(S10="Correctivo",T10="Automático"),"35%",IF(AND(S10="Correctivo",T10="Manual"),"25%","")))))) -> 30% | V10: Documentado | W10: Continua | X10: Con Registro | Y10: =IFERROR(IF(R10="Probabilidad",(I10-(+I10*U10)),IF(R10="Impacto",I10,"")),"") -> 0.28 | Z10: =IFERROR(IF(Y10="","",IF(Y10<=0.2,"Muy Baja",IF(Y10<=0.4,"Baja",IF(Y10<=0.6,"Media",IF(Y10<=0.8,"Alta","Muy Alta"))))),"") -> Baja | AA10: =+Y10 -> 0.28 | AB10: =IFERROR(IF(AC10="","",IF(AC10<=0.2,"Leve",IF(AC10<=0.4,"Menor",IF(AC10<=0.6,"Moderado",IF(AC10<=0.8,"Mayor","Catastrófico"))))),"") -> Menor | AC10: =IFERROR(IF(R10="Impacto",(M10-(+M10*U10)),IF(R10="Probabilidad",M10,"")),"") -> 0.4 | AD10: =IFERROR(IF(OR(AND(Z10="Muy Baja",AB10="Leve"),AND(Z10="Muy Baja",AB10="Menor"),AND(Z10="Baja",AB10="Leve")),"Bajo",IF(OR(AND(Z10="Muy baja",AB10="Moderado"),AND(Z10="Baja",AB10="Menor"),AND(Z10="Baja",AB10="Moderado"),AND(Z10="Media",AB10="Leve"),AND(Z10="Media",AB10="Menor"),AND(Z10="Media",AB10="Moderado"),AND(Z10="Alta",AB10="Leve"),AND(Z10="Alta",AB10="Menor")),"Moderado",IF(OR(AND(Z10="Muy Baja",AB10="Mayor"),AND(Z10="Baja",AB10="Mayor"),AND(Z10="Media",AB10="Mayor"),AND(Z10="Alta",AB10="Moderado"),AND(Z10="Alta",AB10="Mayor"),AND(Z10="Muy Alta",AB10="Leve"),AND(Z10="Muy Alta",AB10="Menor"),AND(Z10="Muy Alta",AB10="Moderado"),AND(Z10="Muy Alta",AB10="Mayor")),"Alto",IF(OR(AND(Z10="Muy Baja",AB10="Catastrófico"),AND(Z10="Baja",AB10="Catastrófico"),AND(Z10="Media",AB10="Catastrófico"),AND(Z10="Alta",AB10="Catastrófico"),AND(Z10="Muy Alta",AB10="Catastrófico")),"Extremo","")))),"") -> Moderado | AE10: Reducir (mitigar) | AF10: Solicitar y revisar oportunamente la información, documentación y evidencias remitidas por los procesos para la consolidación de los informes y seguimientos establecidos en el plan de auditoría, de acuerdo a la frecuencia definida en el mismo. | AG10: Proceso de Evaluación y Mejoramiento | AH10: Enero a diciembre de 2026 | AI10: =AH10 -> Enero a diciembre de 2026 | AJ10: información, documentación y evidencias remitidas | AK10: No aplica
D11: Falta o debilidades en la planificación y control en la elaboración de informes, auditorias y seguimiento | O11: 2 | Q11: El asesor de Dirección General con funciones de Control Interno revisa y aprueba los informes de acuerdo con la periodicidad establecida en el plan de auditoría y tramita la publicación de los mismos en los espacios oficiales destinados para ello. | R11: =IF(OR(S11="Preventivo",S11="Detectivo"),"Probabilidad",IF(S11="Correctivo","Impacto","")) -> Probabilidad | S11: Preventivo | T11: Manual | U11: =IF(AND(S11="Preventivo",T11="Automático"),"50%",IF(AND(S11="Preventivo",T11="Manual"),"40%",IF(AND(S11="Detectivo",T11="Automático"),"40%",IF(AND(S11="Detectivo",T11="Manual"),"30%",IF(AND(S11="Correctivo",T11="Automático"),"35%",IF(AND(S11="Correctivo",T11="Manual"),"25%","")))))) -> 40% | V11: Documentado | W11: Aleatoria | X11: Con Registro | Y11: =IFERROR(IF(AND(R14="Probabilidad",R11="Probabilidad"),(AA14-(+AA14*U11)),IF(R11="Probabilidad",(I14-(+I14*U11)),IF(R11="Impacto",AA14,""))),"") -> 0 | Z11: =IFERROR(IF(Y11="","",IF(Y11<=0.2,"Muy Baja",IF(Y11<=0.4,"Baja",IF(Y11<=0.6,"Media",IF(Y11<=0.8,"Alta","Muy Alta"))))),"") -> Muy Baja | AA11: =+Y11 -> 0 | AB11: =IFERROR(IF(AC11="","",IF(AC11<=0.2,"Leve",IF(AC11<=0.4,"Menor",IF(AC11<=0.6,"Moderado",IF(AC11<=0.8,"Mayor","Catastrófico"))))),"") -> Leve | AC11: =IFERROR(IF(R11="Impacto",(M11-(+M11*U11)),IF(R11="Probabilidad",M11,"")),"") -> 0 | AD11: =IFERROR(IF(OR(AND(Z11="Muy Baja",AB11="Leve"),AND(Z11="Muy Baja",AB11="Menor"),AND(Z11="Baja",AB11="Leve")),"Bajo",IF(OR(AND(Z11="Muy baja",AB11="Moderado"),AND(Z11="Baja",AB11="Menor"),AND(Z11="Baja",AB11="Moderado"),AND(Z11="Media",AB11="Leve"),AND(Z11="Media",AB11="Menor"),AND(Z11="Media",AB11="Moderado"),AND(Z11="Alta",AB11="Leve"),AND(Z11="Alta",AB11="Menor")),"Moderado",IF(OR(AND(Z11="Muy Baja",AB11="Mayor"),AND(Z11="Baja",AB11="Mayor"),AND(Z11="Media",AB11="Mayor"),AND(Z11="Alta",AB11="Moderado"),AND(Z11="Alta",AB11="Mayor"),AND(Z11="Muy Alta",AB11="Leve"),AND(Z11="Muy Alta",AB11="Menor"),AND(Z11="Muy Alta",AB11="Moderado"),AND(Z11="Muy Alta",AB11="Mayor")),"Alto",IF(OR(AND(Z11="Muy Baja",AB11="Catastrófico"),AND(Z11="Baja",AB11="Catastrófico"),AND(Z11="Media",AB11="Catastrófico"),AND(Z11="Alta",AB11="Catastrófico"),AND(Z11="Muy Alta",AB11="Catastrófico")),"Extremo","")))),"") -> Bajo | AE11: Reducir (mitigar) | AF11: Revisar y aprobar los informes de acuerdo con la periodicidad establecida en el plan de auditoría y tramitar la publicación de los mismos en los espacios oficiales destinados para ello. | AG11: Proceso de Evaluación y Mejoramiento | AH11: Enero a diciembre de 2026 | AI11: =AH11 -> Enero a diciembre de 2026 | AJ11: informes de acuerdo con la periodicidad establecida en el plan de auditoría | AK11: No aplica
D12: Falta de apropiación de las responsabilidades de la linea de defensa | O12: 3 | Q12: El asesor de Dirección General con funciones de Control Interno revisa las necesidades de personal junto con la revisión de los perfiles, idoneidad y experiencia del personal a contratar. Asimismo gestiona la formación y capacitación que requiera el grupo de trabajo para el desarrollo de sus funciones. | R12: =IF(OR(S12="Preventivo",S12="Detectivo"),"Probabilidad",IF(S12="Correctivo","Impacto","")) -> Probabilidad | S12: Preventivo | T12: Manual | U12: =IF(AND(S12="Preventivo",T12="Automático"),"50%",IF(AND(S12="Preventivo",T12="Manual"),"40%",IF(AND(S12="Detectivo",T12="Automático"),"40%",IF(AND(S12="Detectivo",T12="Manual"),"30%",IF(AND(S12="Correctivo",T12="Automático"),"35%",IF(AND(S12="Correctivo",T12="Manual"),"25%","")))))) -> 40% | V12: Documentado | W12: Aleatoria | X12: Con Registro | Y12: =IFERROR(IF(AND(R11="Probabilidad",R12="Probabilidad"),(AA11-(+AA11*U12)),IF(R12="Probabilidad",(I11-(+I11*U12)),IF(R12="Impacto",AA11,""))),"") -> 0 | Z12: =IFERROR(IF(Y12="","",IF(Y12<=0.2,"Muy Baja",IF(Y12<=0.4,"Baja",IF(Y12<=0.6,"Media",IF(Y12<=0.8,"Alta","Muy Alta"))))),"") -> Muy Baja | AA12: =+Y12 -> 0 | AB12: =IFERROR(IF(AC12="","",IF(AC12<=0.2,"Leve",IF(AC12<=0.4,"Menor",IF(AC12<=0.6,"Moderado",IF(AC12<=0.8,"Mayor","Catastrófico"))))),"") -> Leve | AC12: =IFERROR(IF(R12="Impacto",(M12-(+M12*U12)),IF(R12="Probabilidad",M12,"")),"") -> 0 | AD12: =IFERROR(IF(OR(AND(Z12="Muy Baja",AB12="Leve"),AND(Z12="Muy Baja",AB12="Menor"),AND(Z12="Baja",AB12="Leve")),"Bajo",IF(OR(AND(Z12="Muy baja",AB12="Moderado"),AND(Z12="Baja",AB12="Menor"),AND(Z12="Baja",AB12="Moderado"),AND(Z12="Media",AB12="Leve"),AND(Z12="Media",AB12="Menor"),AND(Z12="Media",AB12="Moderado"),AND(Z12="Alta",AB12="Leve"),AND(Z12="Alta",AB12="Menor")),"Moderado",IF(OR(AND(Z12="Muy Baja",AB12="Mayor"),AND(Z12="Baja",AB12="Mayor"),AND(Z12="Media",AB12="Mayor"),AND(Z12="Alta",AB12="Moderado"),AND(Z12="Alta",AB12="Mayor"),AND(Z12="Muy Alta",AB12="Leve"),AND(Z12="Muy Alta",AB12="Menor"),AND(Z12="Muy Alta",AB12="Moderado"),AND(Z12="Muy Alta",AB12="Mayor")),"Alto",IF(OR(AND(Z12="Muy Baja",AB12="Catastrófico"),AND(Z12="Baja",AB12="Catastrófico"),AND(Z12="Media",AB12="Catastrófico"),AND(Z12="Alta",AB12="Catastrófico"),AND(Z12="Muy Alta",AB12="Catastrófico")),"Extremo","")))),"") -> Bajo | AE12: Reducir (mitigar) | AF12: Revisar los perfiles, idoneidad y experiencia del personal a contratar y gestiona la formación y capacitación que requiera el grupo de trabajo para el desarrollo de sus funciones. | AG12: Proceso de Evaluación y Mejoramiento | AH12: Enero a diciembre de 2026 | AI12: =AH12 -> Enero a diciembre de 2026 | AJ12: perfiles, idoneidad y experiencia del personal a contratar | AK12: No aplica
D13: Falta de idoneidad y/o competencia del personal de la dependencia (profesionales, auditores, contratistas) | Y13: =IFERROR(IF(AND(R10="Probabilidad",R13="Probabilidad"),(AA10-(+AA10*U13)),IF(R13="Probabilidad",(I10-(+I10*U13)),IF(R13="Impacto",AA10,""))),"") | Z13: =IFERROR(IF(Y13="","",IF(Y13<=0.2,"Muy Baja",IF(Y13<=0.4,"Baja",IF(Y13<=0.6,"Media",IF(Y13<=0.8,"Alta","Muy Alta"))))),"") | AA13: =+Y13 | AB13: =IFERROR(IF(AC13="","",IF(AC13<=0.2,"Leve",IF(AC13<=0.4,"Menor",IF(AC13<=0.6,"Moderado",IF(AC13<=0.8,"Mayor","Catastrófico"))))),"") | AC13: =IFERROR(IF(AND(R10="Impacto",R13="Impacto"),(AC10-(+AC10*U13)),IF(R13="Impacto",($M$10-(+$M$10*U13)),IF(R13="Probabilidad",AC10,""))),"") | AD13: =IFERROR(IF(OR(AND(Z13="Muy Baja",AB13="Leve"),AND(Z13="Muy Baja",AB13="Menor"),AND(Z13="Baja",AB13="Leve")),"Bajo",IF(OR(AND(Z13="Muy baja",AB13="Moderado"),AND(Z13="Baja",AB13="Menor"),AND(Z13="Baja",AB13="Moderado"),AND(Z13="Media",AB13="Leve"),AND(Z13="Media",AB13="Menor"),AND(Z13="Media",AB13="Moderado"),AND(Z13="Alta",AB13="Leve"),AND(Z13="Alta",AB13="Menor")),"Moderado",IF(OR(AND(Z13="Muy Baja",AB13="Mayor"),AND(Z13="Baja",AB13="Mayor"),AND(Z13="Media",AB13="Mayor"),AND(Z13="Alta",AB13="Moderado"),AND(Z13="Alta",AB13="Mayor"),AND(Z13="Muy Alta",AB13="Leve"),AND(Z13="Muy Alta",AB13="Menor"),AND(Z13="Muy Alta",AB13="Moderado"),AND(Z13="Muy Alta",AB13="Mayor")),"Alto",IF(OR(AND(Z13="Muy Baja",AB13="Catastrófico"),AND(Z13="Baja",AB13="Catastrófico"),AND(Z13="Media",AB13="Catastrófico"),AND(Z13="Alta",AB13="Catastrófico"),AND(Z13="Muy Alta",AB13="Catastrófico")),"Extremo","")))),"")
Y14: =IFERROR(IF(AND(R13="Probabilidad",R14="Probabilidad"),(AA13-(+AA13*U14)),IF(R14="Probabilidad",(I13-(+I13*U14)),IF(R14="Impacto",AA13,""))),"") | Z14: =IFERROR(IF(Y14="","",IF(Y14<=0.2,"Muy Baja",IF(Y14<=0.4,"Baja",IF(Y14<=0.6,"Media",IF(Y14<=0.8,"Alta","Muy Alta"))))),"") | AA14: =+Y14 | AB14: =IFERROR(IF(AC14="","",IF(AC14<=0.2,"Leve",IF(AC14<=0.4,"Menor",IF(AC14<=0.6,"Moderado",IF(AC14<=0.8,"Mayor","Catastrófico"))))),"") | AC14: =IFERROR(IF(AND(R13="Impacto",R14="Impacto"),(AC13-(+AC13*U14)),IF(R14="Impacto",($M$10-(+$M$10*U14)),IF(R14="Probabilidad",AC13,""))),"") | AD14: =IFERROR(IF(OR(AND(Z14="Muy Baja",AB14="Leve"),AND(Z14="Muy Baja",AB14="Menor"),AND(Z14="Baja",AB14="Leve")),"Bajo",IF(OR(AND(Z14="Muy baja",AB14="Moderado"),AND(Z14="Baja",AB14="Menor"),AND(Z14="Baja",AB14="Moderado"),AND(Z14="Media",AB14="Leve"),AND(Z14="Media",AB14="Menor"),AND(Z14="Media",AB14="Moderado"),AND(Z14="Alta",AB14="Leve"),AND(Z14="Alta",AB14="Menor")),"Moderado",IF(OR(AND(Z14="Muy Baja",AB14="Mayor"),AND(Z14="Baja",AB14="Mayor"),AND(Z14="Media",AB14="Mayor"),AND(Z14="Alta",AB14="Moderado"),AND(Z14="Alta",AB14="Mayor"),AND(Z14="Muy Alta",AB14="Leve"),AND(Z14="Muy Alta",AB14="Menor"),AND(Z14="Muy Alta",AB14="Moderado"),AND(Z14="Muy Alta",AB14="Mayor")),"Alto",IF(OR(AND(Z14="Muy Baja",AB14="Catastrófico"),AND(Z14="Baja",AB14="Catastrófico"),AND(Z14="Media",AB14="Catastrófico"),AND(Z14="Alta",AB14="Catastrófico"),AND(Z14="Muy Alta",AB14="Catastrófico")),"Extremo","")))),"")
B15: *Nota: La columna referencia se sugiere para mantener el consecutivo de riesgos, así el riesgo salga del mapa no existirá otro riesgo con el mismo número. Una entidad puede ir en el riesgo 150 pero tener 70 riesgos, lo que permite llevar una traza de los riesgos. Esta información la debe administrar la Oficina Asesora de Planeación o Gerencia de Riesgos.

Sheet Comunicaciones 
A1: Formato Mapa Riesgos
A4: Proceso: | C4: COMUNICACIONES
A5: Objetivo: | C5: Desarrollar acciones comunicativas que visibilicen los procesos de educación inclusiva, sociocultural de la población con discapacidad visual y demás servicios del INCI además de fortalecer la cultura organizacional y la imagen institucional de la Entidad.
A6: Alcance: | C6: El proceso inicia con la elaboración de la estrategia de comunicaciones y un plan de contenidos y finaliza con la promoción y divulgación del tema de discapacidad visual y el quehacer institucional.
A7: Identificación del riesgo | H7: Análisis del riesgo inherente | O7: Evaluación del riesgo - Valoración de los controles | X7: Evaluación del riesgo - Nivel del riesgo residual | AE7: Plan de Acción
A8: Referencia | B8: Impacto | C8: Causa Inmediata | D8: Causa Raíz | E8: Descripción del Riesgo | F8: Clasificación del Riesgo | G8: Frecuencia con la cual se realiza la actividad | H8: Probabilidad Inherente | I8: % | J8: Criterios de impacto | K8: Observación de criterio | L8: Impacto Inherente | M8: % | N8: Zona de Riesgo Inherente | O8: No. Control | P8: Descripción del Control | Q8: Afectación | R8: Atributos | X8: Probabilidad Residual | Y8: Probabilidad Residual Final | Z8: % | AA8: Impacto Residual Final | AB8: % | AC8: Zona de Riesgo Final | AD8: Tratamiento | AE8: Plan de Acción | AF8: Responsable | AG8: Fecha de control | AH8: Fecha de plan de acción | AI8: Entregable de Control | AJ8: Entregable de Plan de acción
R9: Tipo | S9: Implementación | T9: Calificación | U9: Documentación | V9: Frecuencia | W9: Evidencia
A10: 1 | B10: Reputacional y Económica | C10: Falta de divulgación de las acciones desarrolladas para la inclusión de las personas con discapacidad visual | D10: Debilidades en la planeación de los temas y las campañas de comunicación | E10: Posibilidad de pérdida reputacional y financiera por la falta de divulgación de las acciones desarrolladas para la inclusión de las personas con discapacidad visual, debido al uso inadecuado de los contenidos de comunicación. | F10: Ejecución y Administración de procesos | G10: 25 | H10: =IF(G10<=0,"",IF(G10<=2,"Muy Baja",IF(G10<=24,"Baja",IF(G10<=500,"Media",IF(G10<=5000,"Alta","Muy Alta"))))) -> Media | I10: =IF(H10="","",IF(H10="Muy Baja",0.2,IF(H10="Baja",0.4,IF(H10="Media",0.6,IF(H10="Alta",0.8,IF(H10="Muy Alta",1,)))))) -> 0.6 | J10: =IF(OR($B$10="Reputacional",$B$10="Económica"),VLOOKUP($L$10,'Tabla Impacto'!$B$4:$G$8,4,0),IF(AND($B$10="Reputacional y Económica"),VLOOKUP($L$10,'Tabla Impacto'!$B$4:$G$8,5,0),((VLOOKUP($L$10,'Tabla Impacto'!$B$4:$G$8,2,0))))) -> El Impacto se evalúo como Moderado. El riesgo afecta la imagen de la entidad con algunos usuarios de relevancia frente al logro de los objetivos con una posible afectación entre 50 y 100 SMLMV. | K10: =IF(OR($B$10="Reputacional",$B$10="Económica"),VLOOKUP($L$10,'Tabla Impacto'!$B$4:$G$8,4,0),IF(AND($B$10="Reputacional y Económica"),VLOOKUP($L$10,'Tabla Impacto'!$B$4:$G$8,5,0),((VLOOKUP($L$10,'Tabla Impacto'!$B$4:$G$8,2,0))))) -> El Impacto se evalúo como Moderado. El riesgo afecta la imagen de la entidad con algunos usuarios de relevancia frente al logro de los objetivos con una posible afectación entre 50 y 100 SMLMV. | L10: Moderado | M10: =VLOOKUP(L10,'Tabla Impacto'!$B$4:$G$8,6,0) -> 0.6 | N10: =IF(OR(AND(H10="Muy Baja",L10="Leve"),AND(H10="Muy Baja",L10="Menor"),AND(H10="Baja",L10="Leve")),"Bajo",IF(OR(AND(H10="Muy baja",L10="Moderado"),AND(H10="Baja",L10="Menor"),AND(H10="Baja",L10="Moderado"),AND(H10="Media",L10="Leve"),AND(H10="Media",L10="Menor"),AND(H10="Media",L10="Moderado"),AND(H10="Alta",L10="Leve"),AND(H10="Alta",L10="Menor")),"Moderado",IF(OR(AND(H10="Muy Baja",L10="Mayor"),AND(H10="Baja",L10="Mayor"),AND(H10="Media",L10="Mayor"),AND(H10="Alta",L10="Moderado"),AND(H10="Alta",L10="Mayor"),AND(H10="Muy Alta",L10="Leve"),AND(H10="Muy Alta",L10="Menor"),AND(H10="Muy Alta",L10="Moderado"),AND(H10="Muy Alta",L10="Mayor")),"Alto",IF(OR(AND(H10="Muy Baja",L10="Catastrófico"),AND(H10="Baja",L10="Catastrófico"),AND(H10="Media",L10="Catastrófico"),AND(H10="Alta",L10="Catastrófico"),AND(H10="Muy Alta",L10="Catastrófico")),"Extremo","")))) -> Moderado | O10: 1 | P10: El profesional de la Oficina Asesora de Comunicaciones revisa y aprueba las necesidades de segmentación de públicos, lineamientos editoriales, validación de alcance o mecanismos de planificación comunicacional de divulgación de información con los procesos de la Entidad, para definición del Plan de Comunicaciones. | Q10: =IF(OR(R10="Preventivo",R10="Detectivo"),"Probabilidad",IF(R10="Correctivo","Impacto","")) -> Probabilidad | R10: Preventivo | S10: Manual | T10: =IF(AND(R10="Preventivo",S10="Automático"),"50%",IF(AND(R10="Preventivo",S10="Manual"),"40%",IF(AND(R10="Detectivo",S10="Automático"),"40%",IF(AND(R10="Detectivo",S10="Manual"),"30%",IF(AND(R10="Correctivo",S10="Automático"),"35%",IF(AND(R10="Correctivo",S10="Manual"),"25%","")))))) -> 40% | U10: Documentado | V10: Continua | W10: Con Registro | X10: =IFERROR(IF(Q10="Probabilidad",(I10-(+I10*T10)),IF(Q10="Impacto",I10,"")),"") -> 0.36 | Y10: =IFERROR(IF(X10="","",IF(X10<=0.2,"Muy Baja",IF(X10<=0.4,"Baja",IF(X10<=0.6,"Media",IF(X10<=0.8,"Alta","Muy Alta"))))),"") -> Baja | Z10: =+X10 -> 0.36 | AA10: =IFERROR(IF(AB10="","",IF(AB10<=0.2,"Leve",IF(AB10<=0.4,"Menor",IF(AB10<=0.6,"Moderado",IF(AB10<=0.8,"Mayor","Catastrófico"))))),"") -> Moderado | AB10: =IFERROR(IF(Q10="Impacto",(M10-(+M10*T10)),IF(Q10="Probabilidad",M10,"")),"") -> 0.6 | AC10: =IFERROR(IF(OR(AND(Y10="Muy Baja",AA10="Leve"),AND(Y10="Muy Baja",AA10="Menor"),AND(Y10="Baja",AA10="Leve")),"Bajo",IF(OR(AND(Y10="Muy baja",AA10="Moderado"),AND(Y10="Baja",AA10="Menor"),AND(Y10="Baja",AA10="Moderado"),AND(Y10="Media",AA10="Leve"),AND(Y10="Media",AA10="Menor"),AND(Y10="Media",AA10="Moderado"),AND(Y10="Alta",AA10="Leve"),AND(Y10="Alta",AA10="Menor")),"Moderado",IF(OR(AND(Y10="Muy Baja",AA10="Mayor"),AND(Y10="Baja",AA10="Mayor"),AND(Y10="Media",AA10="Mayor"),AND(Y10="Alta",AA10="Moderado"),AND(Y10="Alta",AA10="Mayor"),AND(Y10="Muy Alta",AA10="Leve"),AND(Y10="Muy Alta",AA10="Menor"),AND(Y10="Muy Alta",AA10="Moderado"),AND(Y10="Muy Alta",AA10="Mayor")),"Alto",IF(OR(AND(Y10="Muy Baja",AA10="Catastrófico"),AND(Y10="Baja",AA10="Catastrófico"),AND(Y10="Media",AA10="Catastrófico"),AND(Y10="Alta",AA10="Catastrófico"),AND(Y10="Muy Alta",AA10="Catastrófico")),"Extremo","")))),"") -> Moderado | AD10: Reducir (mitigar) | AE10: =MID(P10,55,400) -> revisa y aprueba las necesidades de segmentación de públicos, lineamientos editoriales, validación de alcance o mecanismos de planificación comunicacional de divulgación de información con los procesos de la Entidad, para definición del Plan de Comunicaciones. | AF10: El profesional de la Oficina Asesora de Comunicaciones | AG10: Enero a Febrero de 2026 | AH10: =AG10 -> Enero a Febrero de 2026 | AI10: Plan de comunicaciones con las necesidades de divulgación de información de los procesos de la Entidad. | AJ10: Reportes.
O11: 2 | P11: El profesional de la Oficina Asesora de Comunicaciones verifica que se cumpla el cronograma establecido y que cada publicación cumpla con los lineamientos del manual de identidad visual con el propósito de divulgar la información de la gestión institucional en forma clara y accesible. | Q11: =IF(OR(R11="Preventivo",R11="Detectivo"),"Probabilidad",IF(R11="Correctivo","Impacto","")) -> Probabilidad | R11: Preventivo | S11: Manual | T11: =IF(AND(R11="Preventivo",S11="Automático"),"50%",IF(AND(R11="Preventivo",S11="Manual"),"40%",IF(AND(R11="Detectivo",S11="Automático"),"40%",IF(AND(R11="Detectivo",S11="Manual"),"30%",IF(AND(R11="Correctivo",S11="Automático"),"35%",IF(AND(R11="Correctivo",S11="Manual"),"25%","")))))) -> 40% | U11: Documentado | V11: Continua | W11: Con Registro | X11: =IFERROR(IF(AND(Q10="Probabilidad",Q11="Probabilidad"),(Z10-(+Z10*T11)),IF(Q11="Probabilidad",(I10-(+I10*T11)),IF(Q11="Impacto",Z10,""))),"") -> 0.216 | Y11: =IFERROR(IF(X11="","",IF(X11<=0.2,"Muy Baja",IF(X11<=0.4,"Baja",IF(X11<=0.6,"Media",IF(X11<=0.8,"Alta","Muy Alta"))))),"") -> Baja | Z11: =+X11 -> 0.216 | AA11: =IFERROR(IF(AB11="","",IF(AB11<=0.2,"Leve",IF(AB11<=0.4,"Menor",IF(AB11<=0.6,"Moderado",IF(AB11<=0.8,"Mayor","Catastrófico"))))),"") -> Moderado | AB11: =IFERROR(IF(AND(Q10="Impacto",Q11="Impacto"),(AB10-(+AB10*T11)),IF(Q11="Impacto",($M$10-(+$M$10*T11)),IF(Q11="Probabilidad",AB10,""))),"") -> 0.6 | AC11: =IFERROR(IF(OR(AND(Y11="Muy Baja",AA11="Leve"),AND(Y11="Muy Baja",AA11="Menor"),AND(Y11="Baja",AA11="Leve")),"Bajo",IF(OR(AND(Y11="Muy baja",AA11="Moderado"),AND(Y11="Baja",AA11="Menor"),AND(Y11="Baja",AA11="Moderado"),AND(Y11="Media",AA11="Leve"),AND(Y11="Media",AA11="Menor"),AND(Y11="Media",AA11="Moderado"),AND(Y11="Alta",AA11="Leve"),AND(Y11="Alta",AA11="Menor")),"Moderado",IF(OR(AND(Y11="Muy Baja",AA11="Mayor"),AND(Y11="Baja",AA11="Mayor"),AND(Y11="Media",AA11="Mayor"),AND(Y11="Alta",AA11="Moderado"),AND(Y11="Alta",AA11="Mayor"),AND(Y11="Muy Alta",AA11="Leve"),AND(Y11="Muy Alta",AA11="Menor"),AND(Y11="Muy Alta",AA11="Moderado"),AND(Y11="Muy Alta",AA11="Mayor")),"Alto",IF(OR(AND(Y11="Muy Baja",AA11="Catastrófico"),AND(Y11="Baja",AA11="Catastrófico"),AND(Y11="Media",AA11="Catastrófico"),AND(Y11="Alta",AA11="Catastrófico"),AND(Y11="Muy Alta",AA11="Catastrófico")),"Extremo","")))),"") -> Moderado | AD11: Reducir (mitigar) | AE11: =MID(P11,55,400) -> verifica que se cumpla el cronograma establecido y que cada publicación cumpla con los lineamientos del manual de identidad visual con el propósito de divulgar la información de la gestión institucional en forma clara y accesible. | AF11: Jefe Oficina Asesora de Comunicaciones | AG11: Marzo a Diciembre 2026 | AH11: =AG11 -> Marzo a Diciembre 2026 | AI11: Cronograma del Plan de Comunicaciones ejecutado y evidencias de reuniones de seguimiento | AJ11: No aplica
O12: 3 | P12: El(la) Jefe de la Oficina Asesora de Comunicaciones verifica los materiales a publicar de acuerdo con la estrategia y objetivos de comunicación. | Q12: =IF(OR(R12="Preventivo",R12="Detectivo"),"Probabilidad",IF(R12="Correctivo","Impacto","")) -> Probabilidad | R12: Detectivo | S12: Manual | T12: =IF(AND(R12="Preventivo",S12="Automático"),"50%",IF(AND(R12="Preventivo",S12="Manual"),"40%",IF(AND(R12="Detectivo",S12="Automático"),"40%",IF(AND(R12="Detectivo",S12="Manual"),"30%",IF(AND(R12="Correctivo",S12="Automático"),"35%",IF(AND(R12="Correctivo",S12="Manual"),"25%","")))))) -> 30% | U12: Sin Documentar | V12: Continua | W12: Sin Registro | X12: =IFERROR(IF(AND(Q11="Probabilidad",Q12="Probabilidad"),(Z11-(+Z11*T12)),IF(Q12="Probabilidad",(I11-(+I11*T12)),IF(Q12="Impacto",Z11,""))),"") -> 0.1512 | Y12: =IFERROR(IF(X12="","",IF(X12<=0.2,"Muy Baja",IF(X12<=0.4,"Baja",IF(X12<=0.6,"Media",IF(X12<=0.8,"Alta","Muy Alta"))))),"") -> Muy Baja | Z12: =+X12 -> 0.1512 | AA12: =IFERROR(IF(AB12="","",IF(AB12<=0.2,"Leve",IF(AB12<=0.4,"Menor",IF(AB12<=0.6,"Moderado",IF(AB12<=0.8,"Mayor","Catastrófico"))))),"") -> Moderado | AB12: =IFERROR(IF(AND(Q11="Impacto",Q12="Impacto"),(AB11-(+AB11*T12)),IF(Q12="Impacto",($M$10-(+$M$10*T12)),IF(Q12="Probabilidad",AB11,""))),"") -> 0.6 | AC12: =IFERROR(IF(OR(AND(Y12="Muy Baja",AA12="Leve"),AND(Y12="Muy Baja",AA12="Menor"),AND(Y12="Baja",AA12="Leve")),"Bajo",IF(OR(AND(Y12="Muy baja",AA12="Moderado"),AND(Y12="Baja",AA12="Menor"),AND(Y12="Baja",AA12="Moderado"),AND(Y12="Media",AA12="Leve"),AND(Y12="Media",AA12="Menor"),AND(Y12="Media",AA12="Moderado"),AND(Y12="Alta",AA12="Leve"),AND(Y12="Alta",AA12="Menor")),"Moderado",IF(OR(AND(Y12="Muy Baja",AA12="Mayor"),AND(Y12="Baja",AA12="Mayor"),AND(Y12="Media",AA12="Mayor"),AND(Y12="Alta",AA12="Moderado"),AND(Y12="Alta",AA12="Mayor"),AND(Y12="Muy Alta",AA12="Leve"),AND(Y12="Muy Alta",AA12="Menor"),AND(Y12="Muy Alta",AA12="Moderado"),AND(Y12="Muy Alta",AA12="Mayor")),"Alto",IF(OR(AND(Y12="Muy Baja",AA12="Catastrófico"),AND(Y12="Baja",AA12="Catastrófico"),AND(Y12="Media",AA12="Catastrófico"),AND(Y12="Alta",AA12="Catastrófico"),AND(Y12="Muy Alta",AA12="Catastrófico")),"Extremo","")))),"") -> Moderado | AD12: Reducir (mitigar) | AE12: =MID(P12,55,400) -> rifica los materiales a publicar de acuerdo con la estrategia y objetivos de comunicación. | AF12: Jefe Oficina Asesora de Comunicaciones | AG12: Marzo a Diciembre 2026 | AH12: =AG12 -> Marzo a Diciembre 2026 | AI12: Cronograma del Plan de Comunicaciones ejecutado y evidencias de reuniones de seguimiento | AJ12: No aplica
B13: *Nota: La columna referencia se sugiere para mantener el consecutivo de riesgos, así el riesgo salga del mapa no existirá otro riesgo con el mismo número. Una entidad puede ir en el riesgo 150 pero tener 70 riesgos, lo que permite llevar una traza de los riesgos. Esta información la debe administrar la Oficina Asesora de Planeación o Gerencia de Riesgos.
B14: Fuente: Adaptado de Curso Riesgo Operativo Universidad del Rosario por Dirección de Gestión y Desempeño Institucional de Función Pública, 2020.

Sheet Asistencia tecnica
A1: Formato Mapa Riesgos
A4: Proceso: | C4: ASISTENCIA TÉCNICA
A5: Objetivo: | C5: Desarrollar acciones que favorezcan los procesos de inclusión social de la población con discapacidad visual, mediante la asistencia técnica, el fortalecimiento en espacios de participación, la gestión del conocimiento y la distribución de material en formatos accesibles acorde con lo establecido en el plan de acción anual.
A6: Alcance: | C6: El proceso inicia con el reconocimiento de las condiciones de atención para las personas con discapacidad visual y termina con la evaluación de las acciones desarrolladas
A7: Identificación del riesgo | H7: Análisis del riesgo inherente | O7: Evaluación del riesgo - Valoración de los controles | X7: Evaluación del riesgo - Nivel del riesgo residual | AE7: Plan de Acción
A8: Referencia | B8: Impacto | C8: Causa Inmediata | D8: Causa Raíz | E8: Descripción del Riesgo | F8: Clasificación del Riesgo | G8: Frecuencia con la cual se realiza la actividad | H8: Probabilidad Inherente | I8: % | J8: Criterios de impacto | K8: Observación de criterio | L8: Impacto Inherente | M8: % | N8: Zona de Riesgo Inherente | O8: No. Control | P8: Descripción del Control | Q8: Afectación | R8: Atributos | X8: Probabilidad Residual | Y8: Probabilidad Residual Final | Z8: % | AA8: Impacto Residual Final | AB8: % | AC8: Zona de Riesgo Final | AD8: Tratamiento | AE8: Plan de Acción | AF8: Responsable | AG8: Fecha de control | AH8: Fecha de plan de acción | AI8: Entregable de Control | AJ8: Entregable de Plan de acción
R9: Tipo | S9: Implementación | T9: Calificación | U9: Documentación | V9: Frecuencia | W9: Evidencia
A10: 1 | B10: Reputacional | E10: Posibilidad de afectación reputacional, a causa de eventos sobrevinientes con el territorio que no permiten el desarrollo de las asesorías y asistencias técnicas brindadas por el INCI, debido a debilidades en la gestión de asistencia técnica y de las áreas de apoyo del INCI. | F10: Usuarios, productos y prácticas, organizacionales | G10: 100 | H10: =IF(G10<=0,"",IF(G10<=2,"Muy Baja",IF(G10<=24,"Baja",IF(G10<=500,"Media",IF(G10<=5000,"Alta","Muy Alta"))))) -> Media | I10: =IF(H10="","",IF(H10="Muy Baja",0.2,IF(H10="Baja",0.4,IF(H10="Media",0.6,IF(H10="Alta",0.8,IF(H10="Muy Alta",1,)))))) -> 0.6 | J10: =IF(OR($B$10="Reputacional",$B$10="Económica"),VLOOKUP($L$10,'Tabla Impacto'!$B$4:$G$8,4,0),IF(AND($B$10="Reputacional y Económica"),VLOOKUP($L$10,'Tabla Impacto'!$B$4:$G$8,5,0),((VLOOKUP($L$10,'Tabla Impacto'!$B$4:$G$8,2,0))))) -> El Impacto se evalúo como Mayor. El riesgo afecta la imagen de de la entidad con efecto publicitario sostenido a nivel de sector administrativo, nivel departamental o municipal. | K10: =IF(OR($B$10="Reputacional",$B$10="Económica"),VLOOKUP($L$10,'Tabla Impacto'!$B$4:$G$8,4,0),IF(AND($B$10="Reputacional y Económica"),VLOOKUP($L$10,'Tabla Impacto'!$B$4:$G$8,5,0),((VLOOKUP($L$10,'Tabla Impacto'!$B$4:$G$8,2,0))))) -> El Impacto se evalúo como Mayor. El riesgo afecta la imagen de de la entidad con efecto publicitario sostenido a nivel de sector administrativo, nivel departamental o municipal. | L10: Mayor | M10: =IF(L10="","",IF(L10="Leve",0.2,IF(L10="Menor",0.4,IF(L10="Moderado",0.6,IF(L10="Mayor",0.8,IF(L10="Catastrófico",1,)))))) -> 0.8 | N10: =IF(OR(AND(H10="Muy Baja",L10="Leve"),AND(H10="Muy Baja",L10="Menor"),AND(H10="Baja",L10="Leve")),"Bajo",IF(OR(AND(H10="Muy baja",L10="Moderado"),AND(H10="Baja",L10="Menor"),AND(H10="Baja",L10="Moderado"),AND(H10="Media",L10="Leve"),AND(H10="Media",L10="Menor"),AND(H10="Media",L10="Moderado"),AND(H10="Alta",L10="Leve"),AND(H10="Alta",L10="Menor")),"Moderado",IF(OR(AND(H10="Muy Baja",L10="Mayor"),AND(H10="Baja",L10="Mayor"),AND(H10="Media",L10="Mayor"),AND(H10="Alta",L10="Moderado"),AND(H10="Alta",L10="Mayor"),AND(H10="Muy Alta",L10="Leve"),AND(H10="Muy Alta",L10="Menor"),AND(H10="Muy Alta",L10="Moderado"),AND(H10="Muy Alta",L10="Mayor")),"Alto",IF(OR(AND(H10="Muy Baja",L10="Catastrófico"),AND(H10="Baja",L10="Catastrófico"),AND(H10="Media",L10="Catastrófico"),AND(H10="Alta",L10="Catastrófico"),AND(H10="Muy Alta",L10="Catastrófico")),"Extremo","")))) -> Alto | O10: 1 | P10: La Subdirección Técnica realiza el seguimiento mensual a la programación de las asistencias y asesorías técnicas, para tomar las medidas correctivas pertinentes a través de los diferentes canales de comunicación, disponibles. En este seguimiento se realiza la validación previa de conectividad, protocolos de contingencia o canales alternos de atención previo a la confirmación y programación del compromiso para las actividades de asistencia y/o asesoría técnica. Se registra acta de seguimiento para determinar compromisos. | Q10: =IF(OR(R10="Preventivo",R10="Detectivo"),"Probabilidad",IF(R10="Correctivo","Impacto","")) -> Probabilidad | R10: Preventivo | S10: Manual | T10: =IF(AND(R10="Preventivo",S10="Automático"),"50%",IF(AND(R10="Preventivo",S10="Manual"),"40%",IF(AND(R10="Detectivo",S10="Automático"),"40%",IF(AND(R10="Detectivo",S10="Manual"),"30%",IF(AND(R10="Correctivo",S10="Automático"),"35%",IF(AND(R10="Correctivo",S10="Manual"),"25%","")))))) -> 40% | U10: Documentado | V10: Continua | W10: Con Registro | X10: =IFERROR(IF(Q10="Probabilidad",(I10-(+I10*T10)),IF(Q10="Impacto",I10,"")),"") -> 0.36 | Y10: =IFERROR(IF(X10="","",IF(X10<=0.2,"Muy Baja",IF(X10<=0.4,"Baja",IF(X10<=0.6,"Media",IF(X10<=0.8,"Alta","Muy Alta"))))),"") -> Baja | Z10: =+X10 -> 0.36 | AA10: =IFERROR(IF(AB10="","",IF(AB10<=0.2,"Leve",IF(AB10<=0.4,"Menor",IF(AB10<=0.6,"Moderado",IF(AB10<=0.8,"Mayor","Catastrófico"))))),"") -> Mayor | AB10: =IFERROR(IF(Q10="Impacto",(M10-(+M10*T10)),IF(Q10="Probabilidad",M10,"")),"") -> 0.8 | AC10: =IFERROR(IF(OR(AND(Y10="Muy Baja",AA10="Leve"),AND(Y10="Muy Baja",AA10="Menor"),AND(Y10="Baja",AA10="Leve")),"Bajo",IF(OR(AND(Y10="Muy baja",AA10="Moderado"),AND(Y10="Baja",AA10="Menor"),AND(Y10="Baja",AA10="Moderado"),AND(Y10="Media",AA10="Leve"),AND(Y10="Media",AA10="Menor"),AND(Y10="Media",AA10="Moderado"),AND(Y10="Alta",AA10="Leve"),AND(Y10="Alta",AA10="Menor")),"Moderado",IF(OR(AND(Y10="Muy Baja",AA10="Mayor"),AND(Y10="Baja",AA10="Mayor"),AND(Y10="Media",AA10="Mayor"),AND(Y10="Alta",AA10="Moderado"),AND(Y10="Alta",AA10="Mayor"),AND(Y10="Muy Alta",AA10="Leve"),AND(Y10="Muy Alta",AA10="Menor"),AND(Y10="Muy Alta",AA10="Moderado"),AND(Y10="Muy Alta",AA10="Mayor")),"Alto",IF(OR(AND(Y10="Muy Baja",AA10="Catastrófico"),AND(Y10="Baja",AA10="Catastrófico"),AND(Y10="Media",AA10="Catastrófico"),AND(Y10="Alta",AA10="Catastrófico"),AND(Y10="Muy Alta",AA10="Catastrófico")),"Extremo","")))),"") -> Alto | AD10: Reducir (mitigar) | AE10: Realizar el seguimiento mensual a la programación de las asistencias y asesorías técnicas. | AF10: Proceso de Asistencia Técnica | AG10: Febrero a diciembre de 2026 | AH10: =AG10 -> Febrero a diciembre de 2026 | AI10: Acta de seguimiento para determinar compromisos. | AJ10: Acta de seguimiento para determinar compromisos.
O11: 2 | P11: La Subdirección Técnica realiza las solicitudes de cumplimiento en la mesa de contratación de los servicios conexos (tiquetes, entre otros) para el desarrollo de actividades misionales. | Q11: =IF(OR(R11="Preventivo",R11="Detectivo"),"Probabilidad",IF(R11="Correctivo","Impacto","")) -> Impacto | R11: Correctivo | S11: Manual | T11: =IF(AND(R11="Preventivo",S11="Automático"),"50%",IF(AND(R11="Preventivo",S11="Manual"),"40%",IF(AND(R11="Detectivo",S11="Automático"),"40%",IF(AND(R11="Detectivo",S11="Manual"),"30%",IF(AND(R11="Correctivo",S11="Automático"),"35%",IF(AND(R11="Correctivo",S11="Manual"),"25%","")))))) -> 25% | U11: Documentado | V11: Continua | W11: Con Registro | X11: =IFERROR(IF(AND(Q10="Probabilidad",Q11="Probabilidad"),(Z10-(+Z10*T11)),IF(Q11="Probabilidad",(I10-(+I10*T11)),IF(Q11="Impacto",Z10,""))),"") -> 0.36 | Y11: =IFERROR(IF(X11="","",IF(X11<=0.2,"Muy Baja",IF(X11<=0.4,"Baja",IF(X11<=0.6,"Media",IF(X11<=0.8,"Alta","Muy Alta"))))),"") -> Baja | Z11: =+X11 -> 0.36 | AA11: =IFERROR(IF(AB11="","",IF(AB11<=0.2,"Leve",IF(AB11<=0.4,"Menor",IF(AB11<=0.6,"Moderado",IF(AB11<=0.8,"Mayor","Catastrófico"))))),"") -> Moderado | AB11: =IFERROR(IF(AND(Q10="Impacto",Q11="Impacto"),(AB10-(+AB10*T11)),IF(Q11="Impacto",($M$10-(+$M$10*T11)),IF(Q11="Probabilidad",AB10,""))),"") -> 0.6 | AC11: =IFERROR(IF(OR(AND(Y11="Muy Baja",AA11="Leve"),AND(Y11="Muy Baja",AA11="Menor"),AND(Y11="Baja",AA11="Leve")),"Bajo",IF(OR(AND(Y11="Muy baja",AA11="Moderado"),AND(Y11="Baja",AA11="Menor"),AND(Y11="Baja",AA11="Moderado"),AND(Y11="Media",AA11="Leve"),AND(Y11="Media",AA11="Menor"),AND(Y11="Media",AA11="Moderado"),AND(Y11="Alta",AA11="Leve"),AND(Y11="Alta",AA11="Menor")),"Moderado",IF(OR(AND(Y11="Muy Baja",AA11="Mayor"),AND(Y11="Baja",AA11="Mayor"),AND(Y11="Media",AA11="Mayor"),AND(Y11="Alta",AA11="Moderado"),AND(Y11="Alta",AA11="Mayor"),AND(Y11="Muy Alta",AA11="Leve"),AND(Y11="Muy Alta",AA11="Menor"),AND(Y11="Muy Alta",AA11="Moderado"),AND(Y11="Muy Alta",AA11="Mayor")),"Alto",IF(OR(AND(Y11="Muy Baja",AA11="Catastrófico"),AND(Y11="Baja",AA11="Catastrófico"),AND(Y11="Media",AA11="Catastrófico"),AND(Y11="Alta",AA11="Catastrófico"),AND(Y11="Muy Alta",AA11="Catastrófico")),"Extremo","")))),"") -> Moderado | AD11: Reducir (mitigar) | AE11: Realizar las solicitudes de cumplimiento en la mesa de contratación de los servicios conexos (tiquetes, entre otros) para el desarrollo de actividades misionales. | AF11: Proceso de Asistencia Técnica | AG11: Febrero a diciembre de 2026 | AH11: =AG11 -> Febrero a diciembre de 2026 | AI11: Acta de mesa de contratación Comunicaciones y requerimientos | AJ11: Acta de mesa de contratación Comunicaciones y requerimientos
A12: 1 | B12: Reputacional y Económica | E12: Posibilidad de afectación Reputacional y económica, a causa de inconvenientes en el proceso productivo y de distribución para la entrega de material especializado a instituciones del país, debido a fallas internas en los procesos operativos, administrativos y contractuales del INCI. | F12: Usuarios, productos y practicas , organizacionales | G12: 480 | H12: =IF(G12<=0,"",IF(G12<=2,"Muy Baja",IF(G12<=24,"Baja",IF(G12<=500,"Media",IF(G12<=5000,"Alta","Muy Alta"))))) -> Media | I12: =IF(H12="","",IF(H12="Muy Baja",0.2,IF(H12="Baja",0.4,IF(H12="Media",0.6,IF(H12="Alta",0.8,IF(H12="Muy Alta",1,)))))) -> 0.6 | J12: =IF(OR($B$12="Reputacional",$B$12="Económica"),VLOOKUP($L$12,'Tabla Impacto'!$B$4:$G$8,4,0),IF(AND($B$12="Reputacional y Económica"),VLOOKUP($L$12,'Tabla Impacto'!$B$4:$G$8,5,0),((VLOOKUP($L$12,'Tabla Impacto'!$B$4:$G$8,2,0))))) -> El Impacto se evalúo como Mayor. El riesgo afecta la imagen de de la entidad con efecto publicitario sostenido a nivel de sector administrativo, nivel departamental o municipal con una posible afectación entre 100 y 500 SMLMV. | K12: =IF(OR($B$12="Reputacional",$B$12="Económica"),VLOOKUP($L$12,'Tabla Impacto'!$B$4:$G$8,4,0),IF(AND($B$12="Reputacional y Económica"),VLOOKUP($L$12,'Tabla Impacto'!$B$4:$G$8,5,0),((VLOOKUP($L$12,'Tabla Impacto'!$B$4:$G$8,2,0))))) -> El Impacto se evalúo como Mayor. El riesgo afecta la imagen de de la entidad con efecto publicitario sostenido a nivel de sector administrativo, nivel departamental o municipal con una posible afectación entre 100 y 500 SMLMV. | L12: Mayor | M12: =IF(L12="","",IF(L12="Leve",0.2,IF(L12="Menor",0.4,IF(L12="Moderado",0.6,IF(L12="Mayor",0.8,IF(L12="Catastrófico",1,)))))) -> 0.8 | N12: =IF(OR(AND(H12="Muy Baja",L12="Leve"),AND(H12="Muy Baja",L12="Menor"),AND(H12="Baja",L12="Leve")),"Bajo",IF(OR(AND(H12="Muy baja",L12="Moderado"),AND(H12="Baja",L12="Menor"),AND(H12="Baja",L12="Moderado"),AND(H12="Media",L12="Leve"),AND(H12="Media",L12="Menor"),AND(H12="Media",L12="Moderado"),AND(H12="Alta",L12="Leve"),AND(H12="Alta",L12="Menor")),"Moderado",IF(OR(AND(H12="Muy Baja",L12="Mayor"),AND(H12="Baja",L12="Mayor"),AND(H12="Media",L12="Mayor"),AND(H12="Alta",L12="Moderado"),AND(H12="Alta",L12="Mayor"),AND(H12="Muy Alta",L12="Leve"),AND(H12="Muy Alta",L12="Menor"),AND(H12="Muy Alta",L12="Moderado"),AND(H12="Muy Alta",L12="Mayor")),"Alto",IF(OR(AND(H12="Muy Baja",L12="Catastrófico"),AND(H12="Baja",L12="Catastrófico"),AND(H12="Media",L12="Catastrófico"),AND(H12="Alta",L12="Catastrófico"),AND(H12="Muy Alta",L12="Catastrófico")),"Extremo","")))) -> Alto | O12: 1 | P12: La Subdirección técnica, líder del proceso de asistencia técnica, realiza el seguimiento al plan de producción y la matriz de distribución de material en las reuniones de dotación mensual, para dar cumplimiento a la entrega del material especializado a nivel nacional. | Q12: =IF(OR(R12="Preventivo",R12="Detectivo"),"Probabilidad",IF(R12="Correctivo","Impacto","")) -> Probabilidad | R12: Preventivo | S12: Manual | T12: =IF(AND(R12="Preventivo",S12="Automático"),"50%",IF(AND(R12="Preventivo",S12="Manual"),"40%",IF(AND(R12="Detectivo",S12="Automático"),"40%",IF(AND(R12="Detectivo",S12="Manual"),"30%",IF(AND(R12="Correctivo",S12="Automático"),"35%",IF(AND(R12="Correctivo",S12="Manual"),"25%","")))))) -> 40% | U12: Documentado | V12: Continua | W12: Con Registro | X12: =IFERROR(IF(Q12="Probabilidad",(I12-(+I12*T12)),IF(Q12="Impacto",I12,"")),"") -> 0.36 | Y12: =IFERROR(IF(X12="","",IF(X12<=0.2,"Muy Baja",IF(X12<=0.4,"Baja",IF(X12<=0.6,"Media",IF(X12<=0.8,"Alta","Muy Alta"))))),"") -> Baja | Z12: =+X12 -> 0.36 | AA12: =IFERROR(IF(AB12="","",IF(AB12<=0.2,"Leve",IF(AB12<=0.4,"Menor",IF(AB12<=0.6,"Moderado",IF(AB12<=0.8,"Mayor","Catastrófico"))))),"") -> Mayor | AB12: =IFERROR(IF(Q12="Impacto",(M12-(+M12*T12)),IF(Q12="Probabilidad",M12,"")),"") -> 0.8 | AC12: =IFERROR(IF(OR(AND(Y12="Muy Baja",AA12="Leve"),AND(Y12="Muy Baja",AA12="Menor"),AND(Y12="Baja",AA12="Leve")),"Bajo",IF(OR(AND(Y12="Muy baja",AA12="Moderado"),AND(Y12="Baja",AA12="Menor"),AND(Y12="Baja",AA12="Moderado"),AND(Y12="Media",AA12="Leve"),AND(Y12="Media",AA12="Menor"),AND(Y12="Media",AA12="Moderado"),AND(Y12="Alta",AA12="Leve"),AND(Y12="Alta",AA12="Menor")),"Moderado",IF(OR(AND(Y12="Muy Baja",AA12="Mayor"),AND(Y12="Baja",AA12="Mayor"),AND(Y12="Media",AA12="Mayor"),AND(Y12="Alta",AA12="Moderado"),AND(Y12="Alta",AA12="Mayor"),AND(Y12="Muy Alta",AA12="Leve"),AND(Y12="Muy Alta",AA12="Menor"),AND(Y12="Muy Alta",AA12="Moderado"),AND(Y12="Muy Alta",AA12="Mayor")),"Alto",IF(OR(AND(Y12="Muy Baja",AA12="Catastrófico"),AND(Y12="Baja",AA12="Catastrófico"),AND(Y12="Media",AA12="Catastrófico"),AND(Y12="Alta",AA12="Catastrófico"),AND(Y12="Muy Alta",AA12="Catastrófico")),"Extremo","")))),"") -> Alto | AD12: Reducir (mitigar) | AE12: Realizar las comunicaciones a las instituciones educativas y organizaciones para la confirmación de entrega del material. | AF12: Proceso de Asistencia Técnica | AG12: Febrero a diciembre de 2026 | AH12: =AG12 -> Febrero a diciembre de 2026 | AI12: Resolución de dotación, guías, actas de reunión de dotación | AJ12: Resolución de dotación, guías, actas de reunión de dotación
B16: *Nota: La columna referencia se sugiere para mantener el consecutivo de riesgos, así el riesgo salga del mapa no existirá otro riesgo con el mismo número. Una entidad puede ir en el riesgo 150 pero tener 70 riesgos, lo que permite llevar una traza de los riesgos. Esta información la debe administrar la Oficina Asesora de Planeación o Gerencia de Riesgos.
B18: Fuente: Adaptado de Curso Riesgo Operativo Universidad del Rosario por Dirección de Gestión y Desempeño Institucional de Función Pública, 2020.

Sheet Centro Cultural
A1: Formato Mapa Riesgos
A2: Proceso: | C2: CENTRO CULTURAL
A3: Objetivo: | C3: Asesorar y brindar servicios que permitan a las personas con discapacidad visual del país, acceder a la información, el conocimiento y a la cultura.
A4: Alcance: | C4: El proceso inicia con las solicitudes de los servicios por parte de entidades públicas, privadas y las personas con discapacidad visual, termina con la evaluación de los mismos.
A5: Identificación del riesgo | H5: Análisis del riesgo inherente | O5: Evaluación del riesgo - Valoración de los controles | X5: Evaluación del riesgo - Nivel del riesgo residual | AE5: Plan de Acción
A6: Referencia | B6: Impacto | C6: Causa Inmediata | D6: Causa Raíz | E6: Descripción del Riesgo | F6: Clasificación del Riesgo | G6: Frecuencia con la cual se realiza la actividad | H6: Probabilidad Inherente | I6: % | J6: Criterios de impacto | K6: Observación de criterio | L6: Impacto Inherente | M6: % | N6: Zona de Riesgo Inherente | O6: No. Control | P6: Descripción del Control | Q6: Afectación | R6: Atributos | X6: Probabilidad Residual | Y6: Probabilidad Residual Final | Z6: % | AA6: Impacto Residual Final | AB6: % | AC6: Zona de Riesgo Final | AD6: Tratamiento | AE6: Plan de Acción | AF6: Responsable | AG6: Fecha de control | AH6: Fecha de plan de acción | AI6: Entregable de Control | AJ6: Entregable de Plan de acción
R7: Tipo | S7: Implementación | T7: Calificación | U7: Documentación | V7: Frecuencia | W7: Evidencia
A8: 1 | B8: Reputacional | C8: Incumplimiento en la programacion y errores en la producción de documentos digitales accesibles para las personas con discapacidad visual. | D8: Falta de controles que garanticen la calidad del servicio y/o producto. | E8: Posibilidad de pérdida reputaciónal por incumplimiento de la programación del Centro Cultural con entidades publicas, privadas y población en general y/o errores en la producción de documentos digitales accesibles para las personas con discapacidad visual debido a falta de controles que garanticen la calidad del servicio y/o producto. | F8: Fallas Tecnologicas | G8: =250+96 -> 346 | H8: =IF(G8<=0,"",IF(G8<=2,"Muy Baja",IF(G8<=24,"Baja",IF(G8<=500,"Media",IF(G8<=5000,"Alta","Muy Alta"))))) -> Media | I8: =IF(H8="","",IF(H8="Muy Baja",0.2,IF(H8="Baja",0.4,IF(H8="Media",0.6,IF(H8="Alta",0.8,IF(H8="Muy Alta",1,)))))) -> 0.6 | J8: =IF(OR($B$8="Reputacional",$B$8="Económica"),VLOOKUP($L$8,'Tabla Impacto'!$B$4:$G$8,4,0),IF(AND($B$8="Reputacional y Económica"),VLOOKUP($L$8,'Tabla Impacto'!$B$4:$G$8,5,0),((VLOOKUP($L$8,'Tabla Impacto'!$B$4:$G$8,2,0))))) -> El Impacto se evalúo como Mayor. El riesgo afecta la imagen de de la entidad con efecto publicitario sostenido a nivel de sector administrativo, nivel departamental o municipal. | K8: =IF(OR($B$8="Reputacional",$B$8="Económica"),VLOOKUP($L$8,'Tabla Impacto'!$B$4:$G$8,4,0),IF(AND($B$8="Reputacional y Económica"),VLOOKUP($L$8,'Tabla Impacto'!$B$4:$G$8,5,0),((VLOOKUP($L$8,'Tabla Impacto'!$B$4:$G$8,2,0))))) -> El Impacto se evalúo como Mayor. El riesgo afecta la imagen de de la entidad con efecto publicitario sostenido a nivel de sector administrativo, nivel departamental o municipal. | L8: Mayor | M8: =IF(L8="","",IF(L8="Leve",0.2,IF(L8="Menor",0.4,IF(L8="Moderado",0.6,IF(L8="Mayor",0.8,IF(L8="Catastrófico",1,)))))) -> 0.8 | N8: =IF(OR(AND(H8="Muy Baja",L8="Leve"),AND(H8="Muy Baja",L8="Menor"),AND(H8="Baja",L8="Leve")),"Bajo",IF(OR(AND(H8="Muy baja",L8="Moderado"),AND(H8="Baja",L8="Menor"),AND(H8="Baja",L8="Moderado"),AND(H8="Media",L8="Leve"),AND(H8="Media",L8="Menor"),AND(H8="Media",L8="Moderado"),AND(H8="Alta",L8="Leve"),AND(H8="Alta",L8="Menor")),"Moderado",IF(OR(AND(H8="Muy Baja",L8="Mayor"),AND(H8="Baja",L8="Mayor"),AND(H8="Media",L8="Mayor"),AND(H8="Alta",L8="Moderado"),AND(H8="Alta",L8="Mayor"),AND(H8="Muy Alta",L8="Leve"),AND(H8="Muy Alta",L8="Menor"),AND(H8="Muy Alta",L8="Moderado"),AND(H8="Muy Alta",L8="Mayor")),"Alto",IF(OR(AND(H8="Muy Baja",L8="Catastrófico"),AND(H8="Baja",L8="Catastrófico"),AND(H8="Media",L8="Catastrófico"),AND(H8="Alta",L8="Catastrófico"),AND(H8="Muy Alta",L8="Catastrófico")),"Extremo","")))) -> Alto | O8: 1 | P8: Los técnicos operativos del proceso Centro Cultural revisan los criterios de calidad de los recursos digitales establecidos en los Manuales Estructuración y catalogación. | Q8: =IF(OR(R8="Preventivo",R8="Detectivo"),"Probabilidad",IF(R8="Correctivo","Impacto","")) -> Impacto | R8: Correctivo | S8: Manual | T8: =IF(AND(R8="Preventivo",S8="Automático"),"50%",IF(AND(R8="Preventivo",S8="Manual"),"40%",IF(AND(R8="Detectivo",S8="Automático"),"40%",IF(AND(R8="Detectivo",S8="Manual"),"30%",IF(AND(R8="Correctivo",S8="Automático"),"35%",IF(AND(R8="Correctivo",S8="Manual"),"25%","")))))) -> 25% | U8: Sin Documentar | V8: Continua | W8: Con Registro | X8: =IFERROR(IF(Q8="Probabilidad",(I8-(+I8*T8)),IF(Q8="Impacto",I8,"")),"") -> 0.6 | Y8: =IFERROR(IF(X8="","",IF(X8<=0.2,"Muy Baja",IF(X8<=0.4,"Baja",IF(X8<=0.6,"Media",IF(X8<=0.8,"Alta","Muy Alta"))))),"") -> Media | Z8: =+X8 -> 0.6 | AA8: =IFERROR(IF(AB8="","",IF(AB8<=0.2,"Leve",IF(AB8<=0.4,"Menor",IF(AB8<=0.6,"Moderado",IF(AB8<=0.8,"Mayor","Catastrófico"))))),"") -> Moderado | AB8: =IFERROR(IF(Q8="Impacto",(M8-(+M8*T8)),IF(Q8="Probabilidad",M8,"")),"") -> 0.6 | AC8: =IFERROR(IF(OR(AND(Y8="Muy Baja",AA8="Leve"),AND(Y8="Muy Baja",AA8="Menor"),AND(Y8="Baja",AA8="Leve")),"Bajo",IF(OR(AND(Y8="Muy baja",AA8="Moderado"),AND(Y8="Baja",AA8="Menor"),AND(Y8="Baja",AA8="Moderado"),AND(Y8="Media",AA8="Leve"),AND(Y8="Media",AA8="Menor"),AND(Y8="Media",AA8="Moderado"),AND(Y8="Alta",AA8="Leve"),AND(Y8="Alta",AA8="Menor")),"Moderado",IF(OR(AND(Y8="Muy Baja",AA8="Mayor"),AND(Y8="Baja",AA8="Mayor"),AND(Y8="Media",AA8="Mayor"),AND(Y8="Alta",AA8="Moderado"),AND(Y8="Alta",AA8="Mayor"),AND(Y8="Muy Alta",AA8="Leve"),AND(Y8="Muy Alta",AA8="Menor"),AND(Y8="Muy Alta",AA8="Moderado"),AND(Y8="Muy Alta",AA8="Mayor")),"Alto",IF(OR(AND(Y8="Muy Baja",AA8="Catastrófico"),AND(Y8="Baja",AA8="Catastrófico"),AND(Y8="Media",AA8="Catastrófico"),AND(Y8="Alta",AA8="Catastrófico"),AND(Y8="Muy Alta",AA8="Catastrófico")),"Extremo","")))),"") -> Moderado | AD8: Reducir (mitigar) | AE8: =MID(P8,52,400) -> revisan los criterios de calidad de los recursos digitales establecidos en los Manuales Estructuración y catalogación. | AF8: Diana Brinez | AG8: Febrero a diciembre de 2026 | AH8: =AG8 -> Febrero a diciembre de 2026 | AI8: Registro de control de los criterios de calidad de los recursos digitales establecidos en los Manuales Estructuración y catalogación | AJ8: No aplica
O9: 2 | P9: El contratista del servicio de biblioteca del proceso del Centro Cultural, realiza soporte técnico del repositorio institucional de la biblioteca en el cual revisa y verifica que los metadatos ingresados en el Dspace correspondan con la información real del objeto digital. | Q9: =IF(OR(R9="Preventivo",R9="Detectivo"),"Probabilidad",IF(R9="Correctivo","Impacto","")) -> Probabilidad | R9: Preventivo | S9: Automático | T9: =IF(AND(R9="Preventivo",S9="Automático"),"50%",IF(AND(R9="Preventivo",S9="Manual"),"40%",IF(AND(R9="Detectivo",S9="Automático"),"40%",IF(AND(R9="Detectivo",S9="Manual"),"30%",IF(AND(R9="Correctivo",S9="Automático"),"35%",IF(AND(R9="Correctivo",S9="Manual"),"25%","")))))) -> 50% | U9: Documentado | V9: Continua | W9: Con Registro | X9: =IFERROR(IF(AND(Q8="Probabilidad",Q9="Probabilidad"),(Z8-(+Z8*T9)),IF(Q9="Probabilidad",(I8-(+I8*T9)),IF(Q9="Impacto",Z8,""))),"") -> 0.3 | Y9: =IFERROR(IF(X9="","",IF(X9<=0.2,"Muy Baja",IF(X9<=0.4,"Baja",IF(X9<=0.6,"Media",IF(X9<=0.8,"Alta","Muy Alta"))))),"") -> Baja | Z9: =+X9 -> 0.3 | AA9: =IFERROR(IF(AB9="","",IF(AB9<=0.2,"Leve",IF(AB9<=0.4,"Menor",IF(AB9<=0.6,"Moderado",IF(AB9<=0.8,"Mayor","Catastrófico"))))),"") -> Moderado | AB9: =IFERROR(IF(AND(Q8="Impacto",Q9="Impacto"),(AB8-(+AB8*T9)),IF(Q9="Impacto",($M$8-(+$M$8*T9)),IF(Q9="Probabilidad",AB8,""))),"") -> 0.6 | AC9: =IFERROR(IF(OR(AND(Y9="Muy Baja",AA9="Leve"),AND(Y9="Muy Baja",AA9="Menor"),AND(Y9="Baja",AA9="Leve")),"Bajo",IF(OR(AND(Y9="Muy baja",AA9="Moderado"),AND(Y9="Baja",AA9="Menor"),AND(Y9="Baja",AA9="Moderado"),AND(Y9="Media",AA9="Leve"),AND(Y9="Media",AA9="Menor"),AND(Y9="Media",AA9="Moderado"),AND(Y9="Alta",AA9="Leve"),AND(Y9="Alta",AA9="Menor")),"Moderado",IF(OR(AND(Y9="Muy Baja",AA9="Mayor"),AND(Y9="Baja",AA9="Mayor"),AND(Y9="Media",AA9="Mayor"),AND(Y9="Alta",AA9="Moderado"),AND(Y9="Alta",AA9="Mayor"),AND(Y9="Muy Alta",AA9="Leve"),AND(Y9="Muy Alta",AA9="Menor"),AND(Y9="Muy Alta",AA9="Moderado"),AND(Y9="Muy Alta",AA9="Mayor")),"Alto",IF(OR(AND(Y9="Muy Baja",AA9="Catastrófico"),AND(Y9="Baja",AA9="Catastrófico"),AND(Y9="Media",AA9="Catastrófico"),AND(Y9="Alta",AA9="Catastrófico"),AND(Y9="Muy Alta",AA9="Catastrófico")),"Extremo","")))),"") -> Moderado | AD9: Reducir (mitigar) | AE9: =MID(P9,75,400) -> realiza soporte técnico del repositorio institucional de la biblioteca en el cual revisa y verifica que los metadatos ingresados en el Dspace correspondan con la información real del objeto digital. | AF9: Diana Brinez | AG9: Febrero a diciembre de 2026 | AH9: =AG9 -> Febrero a diciembre de 2026 | AI9: Informe técnico de la verificación de los metadatos del Dspace con la información real del objeto digital. | AJ9: No aplica
O10: 3 | P10: El coordinador del proceso de Centro Cultural, verifica que se de respuesta a las solicitudes de talleres recibidas a través del aplicativo ORFEO. | Q10: =IF(OR(R10="Preventivo",R10="Detectivo"),"Probabilidad",IF(R10="Correctivo","Impacto","")) -> Impacto | R10: Correctivo | S10: Automático | T10: =IF(AND(R10="Preventivo",S10="Automático"),"50%",IF(AND(R10="Preventivo",S10="Manual"),"40%",IF(AND(R10="Detectivo",S10="Automático"),"40%",IF(AND(R10="Detectivo",S10="Manual"),"30%",IF(AND(R10="Correctivo",S10="Automático"),"35%",IF(AND(R10="Correctivo",S10="Manual"),"25%","")))))) -> 35% | U10: Documentado | V10: Continua | W10: Con Registro | X10: =IFERROR(IF(AND(Q9="Probabilidad",Q10="Probabilidad"),(Z9-(+Z9*T10)),IF(AND(Q9="Impacto",Q10="Probabilidad"),(Z8-(+Z8*T10)),IF(Q10="Impacto",Z9,""))),"") -> 0.3 | Y10: =IFERROR(IF(X10="","",IF(X10<=0.2,"Muy Baja",IF(X10<=0.4,"Baja",IF(X10<=0.6,"Media",IF(X10<=0.8,"Alta","Muy Alta"))))),"") -> Baja | Z10: =+X10 -> 0.3 | AA10: =IFERROR(IF(AB10="","",IF(AB10<=0.2,"Leve",IF(AB10<=0.4,"Menor",IF(AB10<=0.6,"Moderado",IF(AB10<=0.8,"Mayor","Catastrófico"))))),"") -> Menor | AB10: =IFERROR(IF(AND(Q9="Impacto",Q10="Impacto"),(AB9-(+AB9*T10)),IF(AND(Q9="Probabilidad",Q10="Impacto"),(AB8-(+AB8*T10)),IF(Q10="Probabilidad",AB9,""))),"") -> 0.39 | AC10: =IFERROR(IF(OR(AND(Y10="Muy Baja",AA10="Leve"),AND(Y10="Muy Baja",AA10="Menor"),AND(Y10="Baja",AA10="Leve")),"Bajo",IF(OR(AND(Y10="Muy baja",AA10="Moderado"),AND(Y10="Baja",AA10="Menor"),AND(Y10="Baja",AA10="Moderado"),AND(Y10="Media",AA10="Leve"),AND(Y10="Media",AA10="Menor"),AND(Y10="Media",AA10="Moderado"),AND(Y10="Alta",AA10="Leve"),AND(Y10="Alta",AA10="Menor")),"Moderado",IF(OR(AND(Y10="Muy Baja",AA10="Mayor"),AND(Y10="Baja",AA10="Mayor"),AND(Y10="Media",AA10="Mayor"),AND(Y10="Alta",AA10="Moderado"),AND(Y10="Alta",AA10="Mayor"),AND(Y10="Muy Alta",AA10="Leve"),AND(Y10="Muy Alta",AA10="Menor"),AND(Y10="Muy Alta",AA10="Moderado"),AND(Y10="Muy Alta",AA10="Mayor")),"Alto",IF(OR(AND(Y10="Muy Baja",AA10="Catastrófico"),AND(Y10="Baja",AA10="Catastrófico"),AND(Y10="Media",AA10="Catastrófico"),AND(Y10="Alta",AA10="Catastrófico"),AND(Y10="Muy Alta",AA10="Catastrófico")),"Extremo","")))),"") -> Moderado | AD10: Reducir (mitigar) | AE10: =MID(P10,47,400) -> verifica que se de respuesta a las solicitudes de talleres recibidas a través del aplicativo ORFEO. | AF10: Diana Brinez | AG10: Febrero a diciembre de 2026 | AH10: =AG10 -> Febrero a diciembre de 2026 | AI10: Registro del seguimiento de cumplimiento de los talleres | AJ10: No aplica
B14: *Nota: La columna referencia se sugiere para mantener el consecutivo de riesgos, así el riesgo salga del mapa no existirá otro riesgo con el mismo número. Una entidad puede ir en el riesgo 150 pero tener 70 riesgos, lo que permite llevar una traza de los riesgos. Esta información la debe administrar la Oficina Asesora de Planeación o Gerencia de Riesgos.
B16: Fuente: Adaptado de Curso Riesgo Operativo Universidad del Rosario por Dirección de Gestión y Desempeño Institucional de Función Pública, 2020.

Sheet Unidades Productivas
A1: Formato Mapa Riesgos
A4: Proceso: | C4: Unidades Productivas
A5: Objetivo: | C5: Producir y comercializar material especializado como apoyo a los procesos de atención y acceso a la información de la población con discapacidad visual, dando respuesta a las solicitudes y requerimientos de personas naturales, entidades públicas y privadas que contribuyen a la inclusión de la población.
A6: Alcance: | C6: Inicia con la solicitud de material especializado para la población con discapacidad visual y finaliza con la evaluación de satisfacción del cliente.
A7: Identificación del riesgo | H7: Análisis del riesgo inherente | O7: Evaluación del riesgo - Valoración de los controles | X7: Evaluación del riesgo - Nivel del riesgo residual | AE7: Plan de Acción
A8: Referencia | B8: Impacto | C8: Causa Inmediata | D8: Causa Raíz | E8: Descripción del Riesgo | F8: Clasificación del Riesgo | G8: Frecuencia con la cual se realiza la actividad | H8: Probabilidad Inherente | I8: % | J8: Criterios de impacto | K8: Observación de criterio | L8: Impacto Inherente | M8: % | N8: Zona de Riesgo Inherente | O8: No. Control | P8: Descripción del Control | Q8: Afectación | R8: Atributos | X8: Probabilidad Residual | Y8: Probabilidad Residual Final | Z8: % | AA8: Impacto Residual Final | AB8: % | AC8: Zona de Riesgo Final | AD8: Tratamiento | AE8: Plan de Acción | AF8: Responsable | AG8: Fecha de control | AH8: Fecha de plan de acción | AI8: Entregable de Control | AJ8: Entregable de Plan de acción
R9: Tipo | S9: Implementación | T9: Calificación | U9: Documentación | V9: Frecuencia | W9: Evidencia
A10: 1 | B10: Reputacional y Económica | C10: Incumplimiento en la entrega de material especializado para personas con discapacidad visual | D10: Fallas durante el proceso de planeación y/o producción. | E10: Posibilidad de pérdida reputacional y/o económica por el incumplimiento o errores en la entrega de material especializado para personas con discapacidad visual, debido a fallas durante el proceso de planeación y/o producción. | F10: Ejecución y Administracion de procesos | G10: 180 | H10: =IF(G10<=0,"",IF(G10<=2,"Muy Baja",IF(G10<=24,"Baja",IF(G10<=500,"Media",IF(G10<=5000,"Alta","Muy Alta"))))) -> Media | I10: =IF(H10="","",IF(H10="Muy Baja",0.2,IF(H10="Baja",0.4,IF(H10="Media",0.6,IF(H10="Alta",0.8,IF(H10="Muy Alta",1,)))))) -> 0.6 | J10: =IF(OR($B$10="Reputacional",$B$10="Económica"),VLOOKUP($L$10,'Tabla Impacto'!$B$4:$G$8,4,0),IF(AND($B$10="Reputacional y Económica"),VLOOKUP($L$10,'Tabla Impacto'!$B$4:$G$8,5,0),((VLOOKUP($L$10,'Tabla Impacto'!$B$4:$G$8,2,0))))) -> El Impacto se evalúo como Mayor. El riesgo afecta la imagen de de la entidad con efecto publicitario sostenido a nivel de sector administrativo, nivel departamental o municipal con una posible afectación entre 100 y 500 SMLMV. | K10: =IF(OR($B$10="Reputacional",$B$10="Económica"),VLOOKUP($L$10,'Tabla Impacto'!$B$4:$G$8,4,0),IF(AND($B$10="Reputacional y Económica"),VLOOKUP($L$10,'Tabla Impacto'!$B$4:$G$8,5,0),((VLOOKUP($L$10,'Tabla Impacto'!$B$4:$G$8,2,0))))) -> El Impacto se evalúo como Mayor. El riesgo afecta la imagen de de la entidad con efecto publicitario sostenido a nivel de sector administrativo, nivel departamental o municipal con una posible afectación entre 100 y 500 SMLMV. | L10: Mayor | M10: =IF(L10="","",IF(L10="Leve",0.2,IF(L10="Menor",0.4,IF(L10="Moderado",0.6,IF(L10="Mayor",0.8,IF(L10="Catastrófico",1,)))))) -> 0.8 | N10: =IF(OR(AND(H10="Muy Baja",L10="Leve"),AND(H10="Muy Baja",L10="Menor"),AND(H10="Baja",L10="Leve")),"Bajo",IF(OR(AND(H10="Muy baja",L10="Moderado"),AND(H10="Baja",L10="Menor"),AND(H10="Baja",L10="Moderado"),AND(H10="Media",L10="Leve"),AND(H10="Media",L10="Menor"),AND(H10="Media",L10="Moderado"),AND(H10="Alta",L10="Leve"),AND(H10="Alta",L10="Menor")),"Moderado",IF(OR(AND(H10="Muy Baja",L10="Mayor"),AND(H10="Baja",L10="Mayor"),AND(H10="Media",L10="Mayor"),AND(H10="Alta",L10="Moderado"),AND(H10="Alta",L10="Mayor"),AND(H10="Muy Alta",L10="Leve"),AND(H10="Muy Alta",L10="Menor"),AND(H10="Muy Alta",L10="Moderado"),AND(H10="Muy Alta",L10="Mayor")),"Alto",IF(OR(AND(H10="Muy Baja",L10="Catastrófico"),AND(H10="Baja",L10="Catastrófico"),AND(H10="Media",L10="Catastrófico"),AND(H10="Alta",L10="Catastrófico"),AND(H10="Muy Alta",L10="Catastrófico")),"Extremo","")))) -> Alto | O10: 1 | P10: El técnico operativo y/o contratista del proceso de Unidades Productivas, verifica la calidad del material especializado producido en la imprenta, dando cumplimiento a los requisitos solicitados por el cliente de acuerdo a cada orden de producción. | Q10: =IF(OR(R10="Preventivo",R10="Detectivo"),"Probabilidad",IF(R10="Correctivo","Impacto","")) -> Probabilidad | R10: Detectivo | S10: Manual | T10: =IF(AND(R10="Preventivo",S10="Automático"),"50%",IF(AND(R10="Preventivo",S10="Manual"),"40%",IF(AND(R10="Detectivo",S10="Automático"),"40%",IF(AND(R10="Detectivo",S10="Manual"),"30%",IF(AND(R10="Correctivo",S10="Automático"),"35%",IF(AND(R10="Correctivo",S10="Manual"),"25%","")))))) -> 30% | U10: Documentado | V10: Continua | W10: Con Registro | X10: =IFERROR(IF(Q10="Probabilidad",(I10-(+I10*T10)),IF(Q10="Impacto",I10,"")),"") -> 0.42 | Y10: =IFERROR(IF(X10="","",IF(X10<=0.2,"Muy Baja",IF(X10<=0.4,"Baja",IF(X10<=0.6,"Media",IF(X10<=0.8,"Alta","Muy Alta"))))),"") -> Media | Z10: =+X10 -> 0.42 | AA10: =IFERROR(IF(AB10="","",IF(AB10<=0.2,"Leve",IF(AB10<=0.4,"Menor",IF(AB10<=0.6,"Moderado",IF(AB10<=0.8,"Mayor","Catastrófico"))))),"") -> Mayor | AB10: =IFERROR(IF(Q10="Impacto",(M10-(+M10*T10)),IF(Q10="Probabilidad",M10,"")),"") -> 0.8 | AC10: =IFERROR(IF(OR(AND(Y10="Muy Baja",AA10="Leve"),AND(Y10="Muy Baja",AA10="Menor"),AND(Y10="Baja",AA10="Leve")),"Bajo",IF(OR(AND(Y10="Muy baja",AA10="Moderado"),AND(Y10="Baja",AA10="Menor"),AND(Y10="Baja",AA10="Moderado"),AND(Y10="Media",AA10="Leve"),AND(Y10="Media",AA10="Menor"),AND(Y10="Media",AA10="Moderado"),AND(Y10="Alta",AA10="Leve"),AND(Y10="Alta",AA10="Menor")),"Moderado",IF(OR(AND(Y10="Muy Baja",AA10="Mayor"),AND(Y10="Baja",AA10="Mayor"),AND(Y10="Media",AA10="Mayor"),AND(Y10="Alta",AA10="Moderado"),AND(Y10="Alta",AA10="Mayor"),AND(Y10="Muy Alta",AA10="Leve"),AND(Y10="Muy Alta",AA10="Menor"),AND(Y10="Muy Alta",AA10="Moderado"),AND(Y10="Muy Alta",AA10="Mayor")),"Alto",IF(OR(AND(Y10="Muy Baja",AA10="Catastrófico"),AND(Y10="Baja",AA10="Catastrófico"),AND(Y10="Media",AA10="Catastrófico"),AND(Y10="Alta",AA10="Catastrófico"),AND(Y10="Muy Alta",AA10="Catastrófico")),"Extremo","")))),"") -> Alto | AD10: Reducir (mitigar) | AE10: =MID(P10,75,400) -> verifica la calidad del material especializado producido en la imprenta, dando cumplimiento a los requisitos solicitados por el cliente de acuerdo a cada orden de producción. | AF10: Coordinador de Unidades Productivas | AG10: Enero a Diciembre 2026 | AH10: =AG10 -> Enero a Diciembre 2026 | AI10: Orden de producción y remisión. | AJ10: Evidencia de las capacitaciones realizadas en temas como sofware Ineditto y otros identificados.
O11: 2 | P11: El coordinador del proceso de Unidades Productivas, válida las especificaciones técnicas estipuladas en la cotización y orden de producción. | Q11: =IF(OR(R11="Preventivo",R11="Detectivo"),"Probabilidad",IF(R11="Correctivo","Impacto","")) -> Impacto | R11: Correctivo | S11: Manual | T11: =IF(AND(R11="Preventivo",S11="Automático"),"50%",IF(AND(R11="Preventivo",S11="Manual"),"40%",IF(AND(R11="Detectivo",S11="Automático"),"40%",IF(AND(R11="Detectivo",S11="Manual"),"30%",IF(AND(R11="Correctivo",S11="Automático"),"35%",IF(AND(R11="Correctivo",S11="Manual"),"25%","")))))) -> 25% | U11: Documentado | V11: Continua | W11: Con Registro | X11: =IFERROR(IF(AND(Q10="Probabilidad",Q11="Probabilidad"),(Z10-(+Z10*T11)),IF(Q11="Probabilidad",(I10-(+I10*T11)),IF(Q11="Impacto",Z10,""))),"") -> 0.42 | Y11: =IFERROR(IF(X11="","",IF(X11<=0.2,"Muy Baja",IF(X11<=0.4,"Baja",IF(X11<=0.6,"Media",IF(X11<=0.8,"Alta","Muy Alta"))))),"") -> Media | Z11: =+X11 -> 0.42 | AA11: =IFERROR(IF(AB11="","",IF(AB11<=0.2,"Leve",IF(AB11<=0.4,"Menor",IF(AB11<=0.6,"Moderado",IF(AB11<=0.8,"Mayor","Catastrófico"))))),"") -> Moderado | AB11: =IFERROR(IF(AND(Q10="Impacto",Q11="Impacto"),(AB10-(+AB10*T11)),IF(Q11="Impacto",($M$10-(+$M$10*T11)),IF(Q11="Probabilidad",AB10,""))),"") -> 0.6 | AC11: =IFERROR(IF(OR(AND(Y11="Muy Baja",AA11="Leve"),AND(Y11="Muy Baja",AA11="Menor"),AND(Y11="Baja",AA11="Leve")),"Bajo",IF(OR(AND(Y11="Muy baja",AA11="Moderado"),AND(Y11="Baja",AA11="Menor"),AND(Y11="Baja",AA11="Moderado"),AND(Y11="Media",AA11="Leve"),AND(Y11="Media",AA11="Menor"),AND(Y11="Media",AA11="Moderado"),AND(Y11="Alta",AA11="Leve"),AND(Y11="Alta",AA11="Menor")),"Moderado",IF(OR(AND(Y11="Muy Baja",AA11="Mayor"),AND(Y11="Baja",AA11="Mayor"),AND(Y11="Media",AA11="Mayor"),AND(Y11="Alta",AA11="Moderado"),AND(Y11="Alta",AA11="Mayor"),AND(Y11="Muy Alta",AA11="Leve"),AND(Y11="Muy Alta",AA11="Menor"),AND(Y11="Muy Alta",AA11="Moderado"),AND(Y11="Muy Alta",AA11="Mayor")),"Alto",IF(OR(AND(Y11="Muy Baja",AA11="Catastrófico"),AND(Y11="Baja",AA11="Catastrófico"),AND(Y11="Media",AA11="Catastrófico"),AND(Y11="Alta",AA11="Catastrófico"),AND(Y11="Muy Alta",AA11="Catastrófico")),"Extremo","")))),"") -> Moderado | AD11: Reducir (mitigar) | AE11: =MID(P11,52,400) -> válida las especificaciones técnicas estipuladas en la cotización y orden de producción. | AF11: Coordinador de Unidades Productivas | AG11: Enero a Diciembre 2026 | AH11: =AG11 -> Enero a Diciembre 2026 | AI11: Orden de producción y remisión. | AJ11: No aplica
O12: 3 | P12: El técnico operativo y/o contratista del proceso de Unidades Productivas revisa y actualiza las hojas de vida de las máquinas de acuerdo a lo establecido en el Plan de Mantenimiento. | Q12: =IF(OR(R12="Preventivo",R12="Detectivo"),"Probabilidad",IF(R12="Correctivo","Impacto","")) -> Probabilidad | R12: Preventivo | S12: Manual | T12: =IF(AND(R12="Preventivo",S12="Automático"),"50%",IF(AND(R12="Preventivo",S12="Manual"),"40%",IF(AND(R12="Detectivo",S12="Automático"),"40%",IF(AND(R12="Detectivo",S12="Manual"),"30%",IF(AND(R12="Correctivo",S12="Automático"),"35%",IF(AND(R12="Correctivo",S12="Manual"),"25%","")))))) -> 40% | U12: Documentado | V12: Continua | W12: Con Registro | X12: =IFERROR(IF(AND(Q11="Probabilidad",Q12="Probabilidad"),(Z11-(+Z11*T12)),IF(AND(Q11="Impacto",Q12="Probabilidad"),(Z10-(+Z10*T12)),IF(Q12="Impacto",Z11,""))),"") -> 0.252 | Y12: =IFERROR(IF(X12="","",IF(X12<=0.2,"Muy Baja",IF(X12<=0.4,"Baja",IF(X12<=0.6,"Media",IF(X12<=0.8,"Alta","Muy Alta"))))),"") -> Baja | Z12: =+X12 -> 0.252 | AA12: =IFERROR(IF(AB12="","",IF(AB12<=0.2,"Leve",IF(AB12<=0.4,"Menor",IF(AB12<=0.6,"Moderado",IF(AB12<=0.8,"Mayor","Catastrófico"))))),"") -> Moderado | AB12: =IFERROR(IF(AND(Q11="Impacto",Q12="Impacto"),(AB11-(+AB11*T12)),IF(AND(Q11="Probabilidad",Q12="Impacto"),(AB10-(+AB10*T12)),IF(Q12="Probabilidad",AB11,""))),"") -> 0.6 | AC12: =IFERROR(IF(OR(AND(Y12="Muy Baja",AA12="Leve"),AND(Y12="Muy Baja",AA12="Menor"),AND(Y12="Baja",AA12="Leve")),"Bajo",IF(OR(AND(Y12="Muy baja",AA12="Moderado"),AND(Y12="Baja",AA12="Menor"),AND(Y12="Baja",AA12="Moderado"),AND(Y12="Media",AA12="Leve"),AND(Y12="Media",AA12="Menor"),AND(Y12="Media",AA12="Moderado"),AND(Y12="Alta",AA12="Leve"),AND(Y12="Alta",AA12="Menor")),"Moderado",IF(OR(AND(Y12="Muy Baja",AA12="Mayor"),AND(Y12="Baja",AA12="Mayor"),AND(Y12="Media",AA12="Mayor"),AND(Y12="Alta",AA12="Moderado"),AND(Y12="Alta",AA12="Mayor"),AND(Y12="Muy Alta",AA12="Leve"),AND(Y12="Muy Alta",AA12="Menor"),AND(Y12="Muy Alta",AA12="Moderado"),AND(Y12="Muy Alta",AA12="Mayor")),"Alto",IF(OR(AND(Y12="Muy Baja",AA12="Catastrófico"),AND(Y12="Baja",AA12="Catastrófico"),AND(Y12="Media",AA12="Catastrófico"),AND(Y12="Alta",AA12="Catastrófico"),AND(Y12="Muy Alta",AA12="Catastrófico")),"Extremo","")))),"") -> Moderado | AD12: Reducir (mitigar) | AE12: =MID(P12,74,400) -> revisa y actualiza las hojas de vida de las máquinas de acuerdo a lo establecido en el Plan de Mantenimiento. | AF12: Coordinador de Unidades Productivas | AG12: Enero a Diciembre 2026 | AH12: =AG12 -> Enero a Diciembre 2026 | AI12: Formato Hoja de Vida Maquina diligenciado | AJ12: No aplica
A13: 2 | B13: Reputacional | C13: Perdida de clientes de la tienda INCI | D13: Errores del personal de la tienda en la entrega de los productos. | E13: Posibilidad de pérdida reputacional por disminución de los clientes debido a errores del personal encargados de la atención de la tienda INCI en el ingreso de los productos, la orientación en la entrega de los mismos a los clientes y a la falta de inventario que responda a las demandas de los usuarios. | F13: Usuarios, productos y practicas , organizacionales | G13: =260 -> 260 | H13: =IF(G13<=0,"",IF(G13<=2,"Muy Baja",IF(G13<=24,"Baja",IF(G13<=500,"Media",IF(G13<=5000,"Alta","Muy Alta"))))) -> Media | I13: =IF(H13="","",IF(H13="Muy Baja",0.2,IF(H13="Baja",0.4,IF(H13="Media",0.6,IF(H13="Alta",0.8,IF(H13="Muy Alta",1,)))))) -> 0.6 | J13: =IF(OR($B$10="Reputacional",$B$10="Económica"),VLOOKUP($L$10,'Tabla Impacto'!$B$4:$G$8,4,0),IF(AND($B$10="Reputacional y Económica"),VLOOKUP($L$10,'Tabla Impacto'!$B$4:$G$8,5,0),((VLOOKUP($L$10,'Tabla Impacto'!$B$4:$G$8,2,0))))) -> El Impacto se evalúo como Mayor. El riesgo afecta la imagen de de la entidad con efecto publicitario sostenido a nivel de sector administrativo, nivel departamental o municipal con una posible afectación entre 100 y 500 SMLMV. | K13: =IF(OR($B$10="Reputacional",$B$10="Económica"),VLOOKUP($L$10,'Tabla Impacto'!$B$4:$G$8,4,0),IF(AND($B$10="Reputacional y Económica"),VLOOKUP($L$10,'Tabla Impacto'!$B$4:$G$8,5,0),((VLOOKUP($L$10,'Tabla Impacto'!$B$4:$G$8,2,0))))) -> El Impacto se evalúo como Mayor. El riesgo afecta la imagen de de la entidad con efecto publicitario sostenido a nivel de sector administrativo, nivel departamental o municipal con una posible afectación entre 100 y 500 SMLMV. | L13: Moderado | M13: =IF(L13="","",IF(L13="Leve",0.2,IF(L13="Menor",0.4,IF(L13="Moderado",0.6,IF(L13="Mayor",0.8,IF(L13="Catastrófico",1,)))))) -> 0.6 | N13: =IF(OR(AND(H13="Muy Baja",L13="Leve"),AND(H13="Muy Baja",L13="Menor"),AND(H13="Baja",L13="Leve")),"Bajo",IF(OR(AND(H13="Muy baja",L13="Moderado"),AND(H13="Baja",L13="Menor"),AND(H13="Baja",L13="Moderado"),AND(H13="Media",L13="Leve"),AND(H13="Media",L13="Menor"),AND(H13="Media",L13="Moderado"),AND(H13="Alta",L13="Leve"),AND(H13="Alta",L13="Menor")),"Moderado",IF(OR(AND(H13="Muy Baja",L13="Mayor"),AND(H13="Baja",L13="Mayor"),AND(H13="Media",L13="Mayor"),AND(H13="Alta",L13="Moderado"),AND(H13="Alta",L13="Mayor"),AND(H13="Muy Alta",L13="Leve"),AND(H13="Muy Alta",L13="Menor"),AND(H13="Muy Alta",L13="Moderado"),AND(H13="Muy Alta",L13="Mayor")),"Alto",IF(OR(AND(H13="Muy Baja",L13="Catastrófico"),AND(H13="Baja",L13="Catastrófico"),AND(H13="Media",L13="Catastrófico"),AND(H13="Alta",L13="Catastrófico"),AND(H13="Muy Alta",L13="Catastrófico")),"Extremo","")))) -> Moderado | O13: 1 | P13: El técnico administrativo responsable de la tienda INCI revisa y consolida las necesidades de productos manifestadas por los usuarios de la tienda y los procesos misionales en cumplimiento del procedimiento. | Q13: =IF(OR(R13="Preventivo",R13="Detectivo"),"Probabilidad",IF(R13="Correctivo","Impacto","")) -> Probabilidad | R13: Preventivo | S13: Manual | T13: =IF(AND(R13="Preventivo",S13="Automático"),"50%",IF(AND(R13="Preventivo",S13="Manual"),"40%",IF(AND(R13="Detectivo",S13="Automático"),"40%",IF(AND(R13="Detectivo",S13="Manual"),"30%",IF(AND(R13="Correctivo",S13="Automático"),"35%",IF(AND(R13="Correctivo",S13="Manual"),"25%","")))))) -> 40% | U13: Documentado | V13: Continua | W13: Con Registro | X13: =IFERROR(IF(Q13="Probabilidad",(I13-(+I13*T13)),IF(Q13="Impacto",I13,"")),"") -> 0.36 | Y13: =IFERROR(IF(X13="","",IF(X13<=0.2,"Muy Baja",IF(X13<=0.4,"Baja",IF(X13<=0.6,"Media",IF(X13<=0.8,"Alta","Muy Alta"))))),"") -> Baja | Z13: =+X13 -> 0.36 | AA13: =IFERROR(IF(AB13="","",IF(AB13<=0.2,"Leve",IF(AB13<=0.4,"Menor",IF(AB13<=0.6,"Moderado",IF(AB13<=0.8,"Mayor","Catastrófico"))))),"") -> Moderado | AB13: =IFERROR(IF(Q13="Impacto",(M13-(+M13*T13)),IF(Q13="Probabilidad",M13,"")),"") -> 0.6 | AC13: =IFERROR(IF(OR(AND(Y13="Muy Baja",AA13="Leve"),AND(Y13="Muy Baja",AA13="Menor"),AND(Y13="Baja",AA13="Leve")),"Bajo",IF(OR(AND(Y13="Muy baja",AA13="Moderado"),AND(Y13="Baja",AA13="Menor"),AND(Y13="Baja",AA13="Moderado"),AND(Y13="Media",AA13="Leve"),AND(Y13="Media",AA13="Menor"),AND(Y13="Media",AA13="Moderado"),AND(Y13="Alta",AA13="Leve"),AND(Y13="Alta",AA13="Menor")),"Moderado",IF(OR(AND(Y13="Muy Baja",AA13="Mayor"),AND(Y13="Baja",AA13="Mayor"),AND(Y13="Media",AA13="Mayor"),AND(Y13="Alta",AA13="Moderado"),AND(Y13="Alta",AA13="Mayor"),AND(Y13="Muy Alta",AA13="Leve"),AND(Y13="Muy Alta",AA13="Menor"),AND(Y13="Muy Alta",AA13="Moderado"),AND(Y13="Muy Alta",AA13="Mayor")),"Alto",IF(OR(AND(Y13="Muy Baja",AA13="Catastrófico"),AND(Y13="Baja",AA13="Catastrófico"),AND(Y13="Media",AA13="Catastrófico"),AND(Y13="Alta",AA13="Catastrófico"),AND(Y13="Muy Alta",AA13="Catastrófico")),"Extremo","")))),"") -> Moderado | AD13: Reducir (mitigar) | AE13: =MID(P13,56,400) -> revisa y consolida las necesidades de productos manifestadas por los usuarios de la tienda y los procesos misionales en cumplimiento del procedimiento. | AF13: Coordinador de Unidades Productivas | AG13: Enero a Diciembre 2026 | AH13: =AG13 -> Enero a Diciembre 2026 | AI13: Documento consolidado con las necesidades manifestadas por los usuarios. | AJ13: Acta y lista de asistencia de la capacitación realizada.
B14: *Nota: La columna referencia se sugiere para mantener el consecutivo de riesgos, así el riesgo salga del mapa no existirá otro riesgo con el mismo número. Una entidad puede ir en el riesgo 150 pero tener 70 riesgos, lo que permite llevar una traza de los riesgos. Esta información la debe administrar la Oficina Asesora de Planeación o Gerencia de Riesgos.
B16: Fuente: Adaptado de Curso Riesgo Operativo Universidad del Rosario por Dirección de Gestión y Desempeño Institucional de Función Pública, 2020.

Sheet Producción Radial y Audiovisual
A1: Formato Mapa Riesgos
A4: Proceso: | C4: PRODUCCIÓN RADIAL Y AUDIOVISUAL
A5: Objetivo: | C5: Producir y emitir contenidos radiales y audiovisuales sobre los derechos de la población con discapacidad visual, familias y colectivos como apoyo a la asistencia técnica de la Entidad desde una plataforma virtual.
A6: Alcance: | C6: El proceso inicia con la definición de contenidos radiales y audiovisuales con cada grupo de trabajo y termina con la divulgación de dichos contenidos.
A7: Identificación del riesgo | H7: Análisis del riesgo inherente | O7: Evaluación del riesgo - Valoración de los controles | X7: Evaluación del riesgo - Nivel del riesgo residual | AE7: Plan de Acción
A8: Referencia | B8: Impacto | C8: Causa Inmediata | D8: Causa Raíz | E8: Descripción del Riesgo | F8: Clasificación del Riesgo | G8: Frecuencia con la cual se realiza la actividad | H8: Probabilidad Inherente | I8: % | J8: Criterios de impacto | K8: Observación de criterio | L8: Impacto Inherente | M8: % | N8: Zona de Riesgo Inherente | O8: No. Control | P8: Descripción del Control | Q8: Afectación | R8: Atributos | X8: Probabilidad Residual | Y8: Probabilidad Residual Final | Z8: % | AA8: Impacto Residual Final | AB8: % | AC8: Zona de Riesgo Final | AD8: Tratamiento | AE8: Plan de Acción | AF8: Responsable | AG8: Fecha de control | AH8: Fecha de plan de acción | AI8: Entregable de Control | AJ8: Entregable de Plan de acción
R9: Tipo | S9: Implementación | T9: Calificación | U9: Documentación | V9: Frecuencia | W9: Evidencia
A10: 1 | B10: Reputacional | C10: Deficiente emisión de contenidos radiales y audiovisuales | D10: Inapropiado seguimiento y validación de calidad de los contenidos radiales y audiovisuales | E10: Posibilidad de pérdida reputacional por la deficiente emisión de contenidos radiales y/o audiovisuales debido al inapropiado seguimiento y validación de calidad de los mismos. | F10: Ejecucion y Administracion de procesos | G10: 890 | H10: =IF(G10<=0,"",IF(G10<=2,"Muy Baja",IF(G10<=24,"Baja",IF(G10<=500,"Media",IF(G10<=5000,"Alta","Muy Alta"))))) -> Alta | I10: =IF(H10="","",IF(H10="Muy Baja",0.2,IF(H10="Baja",0.4,IF(H10="Media",0.6,IF(H10="Alta",0.8,IF(H10="Muy Alta",1,)))))) -> 0.8 | J10: =IF(OR($B$10="Reputacional",$B$10="Económica"),VLOOKUP($L$10,'Tabla Impacto'!$B$4:$G$8,4,0),IF(AND($B$10="Reputacional y Económica"),VLOOKUP($L$10,'Tabla Impacto'!$B$4:$G$8,5,0),((VLOOKUP($L$10,'Tabla Impacto'!$B$4:$G$8,2,0))))) -> El Impacto se evalúo como Catastrófico. El riesgo afecta la imagen de la entidad a nivel nacional, con efecto publicitarios sostenible a nivel país. | K10: =IF(OR($B$10="Reputacional",$B$10="Económica"),VLOOKUP($L$10,'Tabla Impacto'!$B$4:$G$8,4,0),IF(AND($B$10="Reputacional y Económica"),VLOOKUP($L$10,'Tabla Impacto'!$B$4:$G$8,5,0),((VLOOKUP($L$10,'Tabla Impacto'!$B$4:$G$8,2,0))))) -> El Impacto se evalúo como Catastrófico. El riesgo afecta la imagen de la entidad a nivel nacional, con efecto publicitarios sostenible a nivel país. | L10: Catastrófico | M10: =VLOOKUP(L10,'Tabla Impacto'!$B$4:$G$8,6,0) -> 1 | N10: =IF(OR(AND(H10="Muy Baja",L10="Leve"),AND(H10="Muy Baja",L10="Menor"),AND(H10="Baja",L10="Leve")),"Bajo",IF(OR(AND(H10="Muy baja",L10="Moderado"),AND(H10="Baja",L10="Menor"),AND(H10="Baja",L10="Moderado"),AND(H10="Media",L10="Leve"),AND(H10="Media",L10="Menor"),AND(H10="Media",L10="Moderado"),AND(H10="Alta",L10="Leve"),AND(H10="Alta",L10="Menor")),"Moderado",IF(OR(AND(H10="Muy Baja",L10="Mayor"),AND(H10="Baja",L10="Mayor"),AND(H10="Media",L10="Mayor"),AND(H10="Alta",L10="Moderado"),AND(H10="Alta",L10="Mayor"),AND(H10="Muy Alta",L10="Leve"),AND(H10="Muy Alta",L10="Menor"),AND(H10="Muy Alta",L10="Moderado"),AND(H10="Muy Alta",L10="Mayor")),"Alto",IF(OR(AND(H10="Muy Baja",L10="Catastrófico"),AND(H10="Baja",L10="Catastrófico"),AND(H10="Media",L10="Catastrófico"),AND(H10="Alta",L10="Catastrófico"),AND(H10="Muy Alta",L10="Catastrófico")),"Extremo","")))) -> Extremo | O10: 1 | P10: El coordinador y/o productor y/o contratista (grabador de contenido radial) del proceso revisa la calidad y el cumplimiento de los tiempos y pausas institucionales de los contenidos radiales. | Q10: =IF(OR(R10="Preventivo",R10="Detectivo"),"Probabilidad",IF(R10="Correctivo","Impacto","")) -> Impacto | R10: Correctivo | S10: Automático | T10: =IF(AND(R10="Preventivo",S10="Automático"),"50%",IF(AND(R10="Preventivo",S10="Manual"),"40%",IF(AND(R10="Detectivo",S10="Automático"),"40%",IF(AND(R10="Detectivo",S10="Manual"),"30%",IF(AND(R10="Correctivo",S10="Automático"),"35%",IF(AND(R10="Correctivo",S10="Manual"),"25%","")))))) -> 35% | U10: Documentado | V10: Continua | W10: Con Registro | X10: =IFERROR(IF(Q10="Probabilidad",(I10-(+I10*T10)),IF(Q10="Impacto",I10,"")),"") -> 0.8 | Y10: =IFERROR(IF(X10="","",IF(X10<=0.2,"Muy Baja",IF(X10<=0.4,"Baja",IF(X10<=0.6,"Media",IF(X10<=0.8,"Alta","Muy Alta"))))),"") -> Alta | Z10: =+X10 -> 0.8 | AA10: =IFERROR(IF(AB10="","",IF(AB10<=0.2,"Leve",IF(AB10<=0.4,"Menor",IF(AB10<=0.6,"Moderado",IF(AB10<=0.8,"Mayor","Catastrófico"))))),"") -> Mayor | AB10: =IFERROR(IF(Q10="Impacto",(M10-(+M10*T10)),IF(Q10="Probabilidad",M10,"")),"") -> 0.65 | AC10: =IFERROR(IF(OR(AND(Y10="Muy Baja",AA10="Leve"),AND(Y10="Muy Baja",AA10="Menor"),AND(Y10="Baja",AA10="Leve")),"Bajo",IF(OR(AND(Y10="Muy baja",AA10="Moderado"),AND(Y10="Baja",AA10="Menor"),AND(Y10="Baja",AA10="Moderado"),AND(Y10="Media",AA10="Leve"),AND(Y10="Media",AA10="Menor"),AND(Y10="Media",AA10="Moderado"),AND(Y10="Alta",AA10="Leve"),AND(Y10="Alta",AA10="Menor")),"Moderado",IF(OR(AND(Y10="Muy Baja",AA10="Mayor"),AND(Y10="Baja",AA10="Mayor"),AND(Y10="Media",AA10="Mayor"),AND(Y10="Alta",AA10="Moderado"),AND(Y10="Alta",AA10="Mayor"),AND(Y10="Muy Alta",AA10="Leve"),AND(Y10="Muy Alta",AA10="Menor"),AND(Y10="Muy Alta",AA10="Moderado"),AND(Y10="Muy Alta",AA10="Mayor")),"Alto",IF(OR(AND(Y10="Muy Baja",AA10="Catastrófico"),AND(Y10="Baja",AA10="Catastrófico"),AND(Y10="Media",AA10="Catastrófico"),AND(Y10="Alta",AA10="Catastrófico"),AND(Y10="Muy Alta",AA10="Catastrófico")),"Extremo","")))),"") -> Alto | AD10: Reducir (mitigar) | AE10: =MID(P10,88,400) -> revisa la calidad y el cumplimiento de los tiempos y pausas institucionales de los contenidos radiales. | AF10: Coordinador de producción radial y audiovisual | AG10: Enero a diciembre de 2026 | AH10: =AG10 -> Enero a diciembre de 2026 | AI10: Formato de calidad de emisión y calidad al aire, diligenciado | AJ10: No aplica
O11: 2 | P11: El profesional universitario y/o contratista de producción audiovisual verifica el cumplimiento de los criterios de calidad del producto, establecidos en el procedimiento audiovisual. | Q11: =IF(OR(R11="Preventivo",R11="Detectivo"),"Probabilidad",IF(R11="Correctivo","Impacto","")) -> Impacto | R11: Correctivo | S11: Automático | T11: =IF(AND(R11="Preventivo",S11="Automático"),"50%",IF(AND(R11="Preventivo",S11="Manual"),"40%",IF(AND(R11="Detectivo",S11="Automático"),"40%",IF(AND(R11="Detectivo",S11="Manual"),"30%",IF(AND(R11="Correctivo",S11="Automático"),"35%",IF(AND(R11="Correctivo",S11="Manual"),"25%","")))))) -> 35% | U11: Documentado | V11: Continua | W11: Con Registro | X11: =IFERROR(IF(AND(Q10="Probabilidad",Q11="Probabilidad"),(Z10-(+Z10*T11)),IF(Q11="Probabilidad",(I10-(+I10*T11)),IF(Q11="Impacto",Z10,""))),"") -> 0.8 | Y11: =IFERROR(IF(X11="","",IF(X11<=0.2,"Muy Baja",IF(X11<=0.4,"Baja",IF(X11<=0.6,"Media",IF(X11<=0.8,"Alta","Muy Alta"))))),"") -> Alta | Z11: =+X11 -> 0.8 | AA11: =IFERROR(IF(AB11="","",IF(AB11<=0.2,"Leve",IF(AB11<=0.4,"Menor",IF(AB11<=0.6,"Moderado",IF(AB11<=0.8,"Mayor","Catastrófico"))))),"") -> Moderado | AB11: =IFERROR(IF(AND(Q10="Impacto",Q11="Impacto"),(AB10-(+AB10*T11)),IF(Q11="Impacto",($M$10-(+$M$10*T11)),IF(Q11="Probabilidad",AB10,""))),"") -> 0.4225 | AC11: =IFERROR(IF(OR(AND(Y11="Muy Baja",AA11="Leve"),AND(Y11="Muy Baja",AA11="Menor"),AND(Y11="Baja",AA11="Leve")),"Bajo",IF(OR(AND(Y11="Muy baja",AA11="Moderado"),AND(Y11="Baja",AA11="Menor"),AND(Y11="Baja",AA11="Moderado"),AND(Y11="Media",AA11="Leve"),AND(Y11="Media",AA11="Menor"),AND(Y11="Media",AA11="Moderado"),AND(Y11="Alta",AA11="Leve"),AND(Y11="Alta",AA11="Menor")),"Moderado",IF(OR(AND(Y11="Muy Baja",AA11="Mayor"),AND(Y11="Baja",AA11="Mayor"),AND(Y11="Media",AA11="Mayor"),AND(Y11="Alta",AA11="Moderado"),AND(Y11="Alta",AA11="Mayor"),AND(Y11="Muy Alta",AA11="Leve"),AND(Y11="Muy Alta",AA11="Menor"),AND(Y11="Muy Alta",AA11="Moderado"),AND(Y11="Muy Alta",AA11="Mayor")),"Alto",IF(OR(AND(Y11="Muy Baja",AA11="Catastrófico"),AND(Y11="Baja",AA11="Catastrófico"),AND(Y11="Media",AA11="Catastrófico"),AND(Y11="Alta",AA11="Catastrófico"),AND(Y11="Muy Alta",AA11="Catastrófico")),"Extremo","")))),"") -> Alto | AD11: Reducir (mitigar) | AE11: =MID(P11,72,400) -> verifica el cumplimiento de los criterios de calidad del producto, establecidos en el procedimiento audiovisual. | AF11: Coordinador de producción radial y audiovisual | AG11: Enero a diciembre de 2026 | AH11: =AG11 -> Enero a diciembre de 2026 | AI11: Formato de calidad del contenido audiovisual diligenciado, donde se verifiquen los criterios de calidad del producto audiovisual.
B12: *Nota: La columna referencia se sugiere para mantener el consecutivo de riesgos, así el riesgo salga del mapa no existirá otro riesgo con el mismo número. Una entidad puede ir en el riesgo 150 pero tener 70 riesgos, lo que permite llevar una traza de los riesgos. Esta información la debe administrar la Oficina Asesora de Planeación o Gerencia de Riesgos.
B14: Fuente: Adaptado de Curso Riesgo Operativo Universidad del Rosario por Dirección de Gestión y Desempeño Institucional de Función Pública, 2020.

Sheet Gestion Documental
A1: Formato Mapa Riesgos
A4: Proceso: | C4: ADMINISTRACIÓN DOCUMENTAL
A5: Objetivo: | C5: Garantizar una Gestion Documental eficiente y efectiva, durante todo el clico de vida de los ducumentos (Archivo de Gestión, Archivo Central y Archivo Historico)
A6: Alcance: | C6: Inicia con la Producción o Recepción de los documentos, para luego continuar con su Distribución, Trámite, Organización y Consulta, finalizando con la Conservación y Disposición final de los documentos de acuerdo a lo establecido por las Tablas de Retencion Documental
A7: Identificación del riesgo | H7: Análisis del riesgo inherente | O7: Evaluación del riesgo - Valoración de los controles | X7: Evaluación del riesgo - Nivel del riesgo residual | AE7: Plan de Acción
A8: Referencia | B8: Impacto | C8: Causa Inmediata | D8: Causa Raíz | E8: Descripción del Riesgo | F8: Clasificación del Riesgo | G8: Frecuencia con la cual se realiza la actividad | H8: Probabilidad Inherente | I8: % | J8: Criterios de impacto | K8: Observación de criterio | L8: Impacto Inherente | M8: % | N8: Zona de Riesgo Inherente | O8: No. Control | P8: Descripción del Control | Q8: Afectación | R8: Atributos | X8: Probabilidad Residual | Y8: Probabilidad Residual Final | Z8: % | AA8: Impacto Residual Final | AB8: % | AC8: Zona de Riesgo Final | AD8: Tratamiento | AE8: Plan de Acción | AF8: Responsable | AG8: Fecha de control | AH8: Fecha de plan de acción | AI8: Entregable de Control | AJ8: Entregable de Plan de acción
R9: Tipo | S9: Implementación | T9: Calificación | U9: Documentación | V9: Frecuencia | W9: Evidencia
A10: 1 | B10: Reputacional y Económica | C10: Inadecuada gestión de la documentación e información de la entidad | D10: Falta de personal idóneo y no aplicación de los controles establecidos | E10: Posibilidad de pérdida reputacional y económico por inadecuada gestión de la documentación e información de la entidad, debido a la falta de personal idóneo y no aplicación de los controles establecidos | F10: Usuarios, productos y practicas , organizacionales | G10: =12*3 -> 36 | H10: =IF(G10<=0,"",IF(G10<=2,"Muy Baja",IF(G10<=24,"Baja",IF(G10<=500,"Media",IF(G10<=5000,"Alta","Muy Alta"))))) -> Media | I10: =IF(H10="","",IF(H10="Muy Baja",0.2,IF(H10="Baja",0.4,IF(H10="Media",0.6,IF(H10="Alta",0.8,IF(H10="Muy Alta",1,)))))) -> 0.6 | J10: =IF(OR($B$10="Reputacional",$B$10="Económica"),VLOOKUP($L$10,'Tabla Impacto'!$B$4:$G$8,4,0),IF(AND($B$10="Reputacional y Económica"),VLOOKUP($L$10,'Tabla Impacto'!$B$4:$G$8,5,0),((VLOOKUP($L$10,'Tabla Impacto'!$B$4:$G$8,2,0))))) -> El Impacto se evalúo como Menor. El riesgo afecta la imagen de la entidad internamente, de conocimiento general, nivel interno, de junta dircetiva y accionistas y/o de provedores con una posible afectación entre 10 y 50 SMLMV. | K10: =IF(OR($B$10="Reputacional",$B$10="Económica"),VLOOKUP($L$10,'Tabla Impacto'!$B$4:$G$8,4,0),IF(AND($B$10="Reputacional y Económica"),VLOOKUP($L$10,'Tabla Impacto'!$B$4:$G$8,5,0),((VLOOKUP($L$10,'Tabla Impacto'!$B$4:$G$8,2,0))))) -> El Impacto se evalúo como Menor. El riesgo afecta la imagen de la entidad internamente, de conocimiento general, nivel interno, de junta dircetiva y accionistas y/o de provedores con una posible afectación entre 10 y 50 SMLMV. | L10: Menor | M10: =VLOOKUP(L10,'Tabla Impacto'!$B$4:$G$8,6,0) -> 0.4 | N10: =IF(OR(AND(H10="Muy Baja",L10="Leve"),AND(H10="Muy Baja",L10="Menor"),AND(H10="Baja",L10="Leve")),"Bajo",IF(OR(AND(H10="Muy baja",L10="Moderado"),AND(H10="Baja",L10="Menor"),AND(H10="Baja",L10="Moderado"),AND(H10="Media",L10="Leve"),AND(H10="Media",L10="Menor"),AND(H10="Media",L10="Moderado"),AND(H10="Alta",L10="Leve"),AND(H10="Alta",L10="Menor")),"Moderado",IF(OR(AND(H10="Muy Baja",L10="Mayor"),AND(H10="Baja",L10="Mayor"),AND(H10="Media",L10="Mayor"),AND(H10="Alta",L10="Moderado"),AND(H10="Alta",L10="Mayor"),AND(H10="Muy Alta",L10="Leve"),AND(H10="Muy Alta",L10="Menor"),AND(H10="Muy Alta",L10="Moderado"),AND(H10="Muy Alta",L10="Mayor")),"Alto",IF(OR(AND(H10="Muy Baja",L10="Catastrófico"),AND(H10="Baja",L10="Catastrófico"),AND(H10="Media",L10="Catastrófico"),AND(H10="Alta",L10="Catastrófico"),AND(H10="Muy Alta",L10="Catastrófico")),"Extremo","")))) -> Moderado | O10: 1 | P10: El técnico del proceso y/o contratista de Gestión Documental y los responsables de archivo, realizan el control a la consulta y préstamo de documentos y/o expedientes de acuerdo a los establecido en el procedimiento y acorde con los principios de seguridad de información (disponibilidad, integridad y confidencialidad). | Q10: =IF(OR(R10="Preventivo",R10="Detectivo"),"Probabilidad",IF(R10="Correctivo","Impacto","")) -> Probabilidad | R10: Preventivo | S10: Manual | T10: =IF(AND(R10="Preventivo",S10="Automático"),"50%",IF(AND(R10="Preventivo",S10="Manual"),"40%",IF(AND(R10="Detectivo",S10="Automático"),"40%",IF(AND(R10="Detectivo",S10="Manual"),"30%",IF(AND(R10="Correctivo",S10="Automático"),"35%",IF(AND(R10="Correctivo",S10="Manual"),"25%","")))))) -> 40% | U10: Documentado | V10: Continua | W10: Con Registro | X10: =IFERROR(IF(Q10="Probabilidad",(I10-(+I10*T10)),IF(Q10="Impacto",I10,"")),"") -> 0.36 | Y10: =IFERROR(IF(X10="","",IF(X10<=0.2,"Muy Baja",IF(X10<=0.4,"Baja",IF(X10<=0.6,"Media",IF(X10<=0.8,"Alta","Muy Alta"))))),"") -> Baja | Z10: =+X10 -> 0.36 | AA10: =IFERROR(IF(AB10="","",IF(AB10<=0.2,"Leve",IF(AB10<=0.4,"Menor",IF(AB10<=0.6,"Moderado",IF(AB10<=0.8,"Mayor","Catastrófico"))))),"") -> Menor | AB10: =IFERROR(IF(Q10="Impacto",(M10-(+M10*T10)),IF(Q10="Probabilidad",M10,"")),"") -> 0.4 | AC10: =IFERROR(IF(OR(AND(Y10="Muy Baja",AA10="Leve"),AND(Y10="Muy Baja",AA10="Menor"),AND(Y10="Baja",AA10="Leve")),"Bajo",IF(OR(AND(Y10="Muy baja",AA10="Moderado"),AND(Y10="Baja",AA10="Menor"),AND(Y10="Baja",AA10="Moderado"),AND(Y10="Media",AA10="Leve"),AND(Y10="Media",AA10="Menor"),AND(Y10="Media",AA10="Moderado"),AND(Y10="Alta",AA10="Leve"),AND(Y10="Alta",AA10="Menor")),"Moderado",IF(OR(AND(Y10="Muy Baja",AA10="Mayor"),AND(Y10="Baja",AA10="Mayor"),AND(Y10="Media",AA10="Mayor"),AND(Y10="Alta",AA10="Moderado"),AND(Y10="Alta",AA10="Mayor"),AND(Y10="Muy Alta",AA10="Leve"),AND(Y10="Muy Alta",AA10="Menor"),AND(Y10="Muy Alta",AA10="Moderado"),AND(Y10="Muy Alta",AA10="Mayor")),"Alto",IF(OR(AND(Y10="Muy Baja",AA10="Catastrófico"),AND(Y10="Baja",AA10="Catastrófico"),AND(Y10="Media",AA10="Catastrófico"),AND(Y10="Alta",AA10="Catastrófico"),AND(Y10="Muy Alta",AA10="Catastrófico")),"Extremo","")))),"") -> Moderado | AD10: Evitar | AE10: =MID(P10,92,400) -> realizan el control a la consulta y préstamo de documentos y/o expedientes de acuerdo a los establecido en el procedimiento y acorde con los principios de seguridad de información (disponibilidad, integridad y confidencialidad). | AF10: Proceso de Gestión Documental | AG10: Enero a diciembre de 2026 | AH10: =AG10 -> Enero a diciembre de 2026 | AI10: Formato de Control y Seguimiento Consulta y Prestamo de Documentos Diligenciado (archivo Central y de Gestión) | AJ10: Formato de Control y Seguimiento Consulta y Prestamo de Documentos Diligenciado (archivo Central y de Gestión)
O11: 2 | P11: El técnico operativo y/o contratista del proceso de Gestión Documental realiza procesos de socialización con los jefes, secretarias y servidores públicos sobre el uso de Orfeo y políticas de confidencialidad de la información, dondes se evalúa la apropiación de los conocimientos adquiridos. | Q11: =IF(OR(R11="Preventivo",R11="Detectivo"),"Probabilidad",IF(R11="Correctivo","Impacto","")) -> Probabilidad | R11: Detectivo | S11: Manual | T11: =IF(AND(R11="Preventivo",S11="Automático"),"50%",IF(AND(R11="Preventivo",S11="Manual"),"40%",IF(AND(R11="Detectivo",S11="Automático"),"40%",IF(AND(R11="Detectivo",S11="Manual"),"30%",IF(AND(R11="Correctivo",S11="Automático"),"35%",IF(AND(R11="Correctivo",S11="Manual"),"25%","")))))) -> 30% | U11: Documentado | V11: Aleatoria | W11: Con Registro | X11: =IFERROR(IF(AND(Q10="Probabilidad",Q11="Probabilidad"),(Z10-(+Z10*T11)),IF(Q11="Probabilidad",(I10-(+I10*T11)),IF(Q11="Impacto",Z10,""))),"") -> 0.252 | Y11: =IFERROR(IF(X11="","",IF(X11<=0.2,"Muy Baja",IF(X11<=0.4,"Baja",IF(X11<=0.6,"Media",IF(X11<=0.8,"Alta","Muy Alta"))))),"") -> Baja | Z11: =+X11 -> 0.252 | AA11: =IFERROR(IF(AB11="","",IF(AB11<=0.2,"Leve",IF(AB11<=0.4,"Menor",IF(AB11<=0.6,"Moderado",IF(AB11<=0.8,"Mayor","Catastrófico"))))),"") -> Menor | AB11: =IFERROR(IF(AND(Q10="Impacto",Q11="Impacto"),(AB10-(+AB10*T11)),IF(Q11="Impacto",($M$10-(+$M$10*T11)),IF(Q11="Probabilidad",AB10,""))),"") -> 0.4 | AC11: =IFERROR(IF(OR(AND(Y11="Muy Baja",AA11="Leve"),AND(Y11="Muy Baja",AA11="Menor"),AND(Y11="Baja",AA11="Leve")),"Bajo",IF(OR(AND(Y11="Muy baja",AA11="Moderado"),AND(Y11="Baja",AA11="Menor"),AND(Y11="Baja",AA11="Moderado"),AND(Y11="Media",AA11="Leve"),AND(Y11="Media",AA11="Menor"),AND(Y11="Media",AA11="Moderado"),AND(Y11="Alta",AA11="Leve"),AND(Y11="Alta",AA11="Menor")),"Moderado",IF(OR(AND(Y11="Muy Baja",AA11="Mayor"),AND(Y11="Baja",AA11="Mayor"),AND(Y11="Media",AA11="Mayor"),AND(Y11="Alta",AA11="Moderado"),AND(Y11="Alta",AA11="Mayor"),AND(Y11="Muy Alta",AA11="Leve"),AND(Y11="Muy Alta",AA11="Menor"),AND(Y11="Muy Alta",AA11="Moderado"),AND(Y11="Muy Alta",AA11="Mayor")),"Alto",IF(OR(AND(Y11="Muy Baja",AA11="Catastrófico"),AND(Y11="Baja",AA11="Catastrófico"),AND(Y11="Media",AA11="Catastrófico"),AND(Y11="Alta",AA11="Catastrófico"),AND(Y11="Muy Alta",AA11="Catastrófico")),"Extremo","")))),"") -> Moderado | AD11: Reducir (compartir) | AE11: =MID(P11,72,400) -> realiza procesos de socialización con los jefes, secretarias y servidores públicos sobre el uso de Orfeo y políticas de confidencialidad de la información, dondes se evalúa la apropiación de los conocimientos adquiridos. | AF11: Proceso de Gestión Documental | AG11: Enero a diciembre de 2026 | AH11: =AG11 -> Enero a diciembre de 2026 | AI11: Capacitación y evaluacion sobre " el uso de Orfeo y Confidencialidad de la Información" | AJ11: Reporte de consecutivo de correspondencia con sus respectivas observacioens
O12: 3 | P12: El técnico operativo y/o contratista y el coordinador designado del proceso de Gestión Documental verifica y ajusta los perfiles de los estudios previos, se encuentren de acuerdo con los criterios de selección idónea del personal de la dependencia. | Q12: =IF(OR(R12="Preventivo",R12="Detectivo"),"Probabilidad",IF(R12="Correctivo","Impacto","")) -> Impacto | R12: Correctivo | S12: Manual | T12: =IF(AND(R12="Preventivo",S12="Automático"),"50%",IF(AND(R12="Preventivo",S12="Manual"),"40%",IF(AND(R12="Detectivo",S12="Automático"),"40%",IF(AND(R12="Detectivo",S12="Manual"),"30%",IF(AND(R12="Correctivo",S12="Automático"),"35%",IF(AND(R12="Correctivo",S12="Manual"),"25%","")))))) -> 25% | U12: Documentado | V12: Continua | W12: Con Registro | X12: =IFERROR(IF(AND(Q11="Probabilidad",Q12="Probabilidad"),(Z11-(+Z11*T12)),IF(AND(Q11="Impacto",Q12="Probabilidad"),(Z10-(+Z10*T12)),IF(Q12="Impacto",Z11,""))),"") -> 0.252 | Y12: =IFERROR(IF(X12="","",IF(X12<=0.2,"Muy Baja",IF(X12<=0.4,"Baja",IF(X12<=0.6,"Media",IF(X12<=0.8,"Alta","Muy Alta"))))),"") -> Baja | Z12: =+X12 -> 0.252 | AA12: =IFERROR(IF(AB12="","",IF(AB12<=0.2,"Leve",IF(AB12<=0.4,"Menor",IF(AB12<=0.6,"Moderado",IF(AB12<=0.8,"Mayor","Catastrófico"))))),"") -> Menor | AB12: =IFERROR(IF(AND(Q11="Impacto",Q12="Impacto"),(AB11-(+AB11*T12)),IF(AND(Q11="Probabilidad",Q12="Impacto"),(AB10-(+AB10*T12)),IF(Q12="Probabilidad",AB11,""))),"") -> 0.3 | AC12: =IFERROR(IF(OR(AND(Y12="Muy Baja",AA12="Leve"),AND(Y12="Muy Baja",AA12="Menor"),AND(Y12="Baja",AA12="Leve")),"Bajo",IF(OR(AND(Y12="Muy baja",AA12="Moderado"),AND(Y12="Baja",AA12="Menor"),AND(Y12="Baja",AA12="Moderado"),AND(Y12="Media",AA12="Leve"),AND(Y12="Media",AA12="Menor"),AND(Y12="Media",AA12="Moderado"),AND(Y12="Alta",AA12="Leve"),AND(Y12="Alta",AA12="Menor")),"Moderado",IF(OR(AND(Y12="Muy Baja",AA12="Mayor"),AND(Y12="Baja",AA12="Mayor"),AND(Y12="Media",AA12="Mayor"),AND(Y12="Alta",AA12="Moderado"),AND(Y12="Alta",AA12="Mayor"),AND(Y12="Muy Alta",AA12="Leve"),AND(Y12="Muy Alta",AA12="Menor"),AND(Y12="Muy Alta",AA12="Moderado"),AND(Y12="Muy Alta",AA12="Mayor")),"Alto",IF(OR(AND(Y12="Muy Baja",AA12="Catastrófico"),AND(Y12="Baja",AA12="Catastrófico"),AND(Y12="Media",AA12="Catastrófico"),AND(Y12="Alta",AA12="Catastrófico"),AND(Y12="Muy Alta",AA12="Catastrófico")),"Extremo","")))),"") -> Moderado | AD12: Evitar | AE12: =MID(P12,99,400) -> verifica y ajusta los perfiles de los estudios previos, se encuentren de acuerdo con los criterios de selección idónea del personal de la dependencia. | AF12: Proceso de Gestión Documental | AG12: Enero a diciembre de 2026 | AH12: =AG12 -> Enero a diciembre de 2026 | AI12: Estudios previos con criterios de selección de formacion idonea | AJ12: No aplica
O13: 4 | P13: El coordinador del proceso de gestion documental designado y el jefe de la dependencia gestionan y verifican que se establezcan dos fichas tecnicas dentro del manual de funciones para contar con recurso humano de planta que reduzca el riesgo de perdida de memoria institucional | Q13: =IF(OR(R13="Preventivo",R13="Detectivo"),"Probabilidad",IF(R13="Correctivo","Impacto","")) -> Impacto | R13: Correctivo | S13: Manual | T13: =IF(AND(R13="Preventivo",S13="Automático"),"50%",IF(AND(R13="Preventivo",S13="Manual"),"40%",IF(AND(R13="Detectivo",S13="Automático"),"40%",IF(AND(R13="Detectivo",S13="Manual"),"30%",IF(AND(R13="Correctivo",S13="Automático"),"35%",IF(AND(R13="Correctivo",S13="Manual"),"25%","")))))) -> 25% | U13: Documentado | V13: Continua | W13: Con Registro | X13: =IFERROR(IF(AND(Q12="Probabilidad",Q13="Probabilidad"),(Z12-(+Z12*T13)),IF(AND(Q12="Impacto",Q13="Probabilidad"),(Z11-(+Z11*T13)),IF(Q13="Impacto",Z12,""))),"") -> 0.252 | Y13: =IFERROR(IF(X13="","",IF(X13<=0.2,"Muy Baja",IF(X13<=0.4,"Baja",IF(X13<=0.6,"Media",IF(X13<=0.8,"Alta","Muy Alta"))))),"") -> Baja | Z13: =+X13 -> 0.252 | AA13: =IFERROR(IF(AB13="","",IF(AB13<=0.2,"Leve",IF(AB13<=0.4,"Menor",IF(AB13<=0.6,"Moderado",IF(AB13<=0.8,"Mayor","Catastrófico"))))),"") -> Menor | AB13: =IFERROR(IF(AND(Q12="Impacto",Q13="Impacto"),(AB12-(+AB12*T13)),IF(AND(Q12="Probabilidad",Q13="Impacto"),(AB11-(+AB11*T13)),IF(Q13="Probabilidad",AB12,""))),"") -> 0.225 | AC13: =IFERROR(IF(OR(AND(Y13="Muy Baja",AA13="Leve"),AND(Y13="Muy Baja",AA13="Menor"),AND(Y13="Baja",AA13="Leve")),"Bajo",IF(OR(AND(Y13="Muy baja",AA13="Moderado"),AND(Y13="Baja",AA13="Menor"),AND(Y13="Baja",AA13="Moderado"),AND(Y13="Media",AA13="Leve"),AND(Y13="Media",AA13="Menor"),AND(Y13="Media",AA13="Moderado"),AND(Y13="Alta",AA13="Leve"),AND(Y13="Alta",AA13="Menor")),"Moderado",IF(OR(AND(Y13="Muy Baja",AA13="Mayor"),AND(Y13="Baja",AA13="Mayor"),AND(Y13="Media",AA13="Mayor"),AND(Y13="Alta",AA13="Moderado"),AND(Y13="Alta",AA13="Mayor"),AND(Y13="Muy Alta",AA13="Leve"),AND(Y13="Muy Alta",AA13="Menor"),AND(Y13="Muy Alta",AA13="Moderado"),AND(Y13="Muy Alta",AA13="Mayor")),"Alto",IF(OR(AND(Y13="Muy Baja",AA13="Catastrófico"),AND(Y13="Baja",AA13="Catastrófico"),AND(Y13="Media",AA13="Catastrófico"),AND(Y13="Alta",AA13="Catastrófico"),AND(Y13="Muy Alta",AA13="Catastrófico")),"Extremo","")))),"") -> Moderado | AD13: Evitar | AE13: =MID(P13,89,400) -> gestionan y verifican que se establezcan dos fichas tecnicas dentro del manual de funciones para contar con recurso humano de planta que reduzca el riesgo de perdida de memoria institucional | AF13: Proceso de Gestión Documental | AG13: Mayo a diciembre de 2026 | AH13: =AG13 -> Mayo a diciembre de 2026 | AI13: Fichas manual de funciones | AJ13: No aplica
O14: 5 | P14: El coordinador designado, el jefe de la dependencia, el técnico operativo y/o contratista del proceso de Gestión Documental Proceso de Gestión Documental y los profesionales de Informática y Tecnología verifican que se implementen los lineamientos establecidos por el AGN conforme con el acuerdo No 001 de 2024 en lo referente a la documentación electrónica y preservación digital. | Q14: =IF(OR(R14="Preventivo",R14="Detectivo"),"Probabilidad",IF(R14="Correctivo","Impacto","")) -> Impacto | R14: Correctivo | S14: Manual | T14: =IF(AND(R14="Preventivo",S14="Automático"),"50%",IF(AND(R14="Preventivo",S14="Manual"),"40%",IF(AND(R14="Detectivo",S14="Automático"),"40%",IF(AND(R14="Detectivo",S14="Manual"),"30%",IF(AND(R14="Correctivo",S14="Automático"),"35%",IF(AND(R14="Correctivo",S14="Manual"),"25%","")))))) -> 25% | U14: Documentado | V14: Continua | W14: Con Registro | X14: =IFERROR(IF(AND(Q13="Probabilidad",Q14="Probabilidad"),(Z13-(+Z13*T14)),IF(AND(Q13="Impacto",Q14="Probabilidad"),(Z12-(+Z12*T14)),IF(Q14="Impacto",Z13,""))),"") -> 0.252 | Y14: =IFERROR(IF(X14="","",IF(X14<=0.2,"Muy Baja",IF(X14<=0.4,"Baja",IF(X14<=0.6,"Media",IF(X14<=0.8,"Alta","Muy Alta"))))),"") -> Baja | Z14: =+X14 -> 0.252 | AA14: =IFERROR(IF(AB14="","",IF(AB14<=0.2,"Leve",IF(AB14<=0.4,"Menor",IF(AB14<=0.6,"Moderado",IF(AB14<=0.8,"Mayor","Catastrófico"))))),"") -> Leve | AB14: =IFERROR(IF(AND(Q13="Impacto",Q14="Impacto"),(AB13-(+AB13*T14)),IF(AND(Q13="Probabilidad",Q14="Impacto"),(AB12-(+AB12*T14)),IF(Q14="Probabilidad",AB13,""))),"") -> 0.16875 | AC14: =IFERROR(IF(OR(AND(Y14="Muy Baja",AA14="Leve"),AND(Y14="Muy Baja",AA14="Menor"),AND(Y14="Baja",AA14="Leve")),"Bajo",IF(OR(AND(Y14="Muy baja",AA14="Moderado"),AND(Y14="Baja",AA14="Menor"),AND(Y14="Baja",AA14="Moderado"),AND(Y14="Media",AA14="Leve"),AND(Y14="Media",AA14="Menor"),AND(Y14="Media",AA14="Moderado"),AND(Y14="Alta",AA14="Leve"),AND(Y14="Alta",AA14="Menor")),"Moderado",IF(OR(AND(Y14="Muy Baja",AA14="Mayor"),AND(Y14="Baja",AA14="Mayor"),AND(Y14="Media",AA14="Mayor"),AND(Y14="Alta",AA14="Moderado"),AND(Y14="Alta",AA14="Mayor"),AND(Y14="Muy Alta",AA14="Leve"),AND(Y14="Muy Alta",AA14="Menor"),AND(Y14="Muy Alta",AA14="Moderado"),AND(Y14="Muy Alta",AA14="Mayor")),"Alto",IF(OR(AND(Y14="Muy Baja",AA14="Catastrófico"),AND(Y14="Baja",AA14="Catastrófico"),AND(Y14="Media",AA14="Catastrófico"),AND(Y14="Alta",AA14="Catastrófico"),AND(Y14="Muy Alta",AA14="Catastrófico")),"Extremo","")))),"") -> Bajo | AD14: Evitar | AE14: =MID(P14,203,400) -> verifican que se implementen los lineamientos establecidos por el AGN conforme con el acuerdo No 001 de 2024 en lo referente a la documentación electrónica y preservación digital. | AF14: Proceso de Gestión Documental | AG14: Julio a diciembre de 2026 | AH14: =AG14 -> Julio a diciembre de 2026 | AI14: Realizar seguimiento cuatrimestral al Cronograma de trabajo | AJ14: No aplica
B15: *Nota: La columna referencia se sugiere para mantener el consecutivo de riesgos, así el riesgo salga del mapa no existirá otro riesgo con el mismo número. Una entidad puede ir en el riesgo 150 pero tener 70 riesgos, lo que permite llevar una traza de los riesgos. Esta información la debe administrar la Oficina Asesora de Planeación o Gerencia de Riesgos.
B17: Fuente: Adaptado de Curso Riesgo Operativo Universidad del Rosario por Dirección de Gestión y Desempeño Institucional de Función Pública, 2020.

Sheet Servicio al Ciudadano
A1: Formato Mapa Riesgos
A4: Proceso: | C4: SERVICIO AL CIUDADANO
A5: Objetivo: | C5: Brindar información y orientación pertinente y oportuna sobre los servicios institucionales y aquellos que ofertan las entidades públicas y privadas a las personas con discapacidad visual, sus familias y sus colectivos; a las instituciones públicas y privadas y a la población en general, para contribuir a la satisfacción y mejoramiento de la confianza del ciudadano frente a la institución.
A6: Alcance: | C6: Inicia con la atención de los ciudadanos a través de los diferentes canales dispuestos por la entidad, y finaliza con la respuesta satisfactoria al ciudadano.
A7: Identificación del riesgo | H7: Análisis del riesgo inherente | O7: Evaluación del riesgo - Valoración de los controles | X7: Evaluación del riesgo - Nivel del riesgo residual | AE7: Plan de Acción
A8: Referencia | B8: Impacto | C8: Causa Inmediata | D8: Causa Raíz | E8: Descripción del Riesgo | F8: Clasificación del Riesgo | G8: Frecuencia con la cual se realiza la actividad | H8: Probabilidad Inherente | I8: % | J8: Criterios de impacto | K8: Observación de criterio | L8: Impacto Inherente | M8: % | N8: Zona de Riesgo Inherente | O8: No. Control | P8: Descripción del Control | Q8: Afectación | R8: Atributos | X8: Probabilidad Residual | Y8: Probabilidad Residual Final | Z8: % | AA8: Impacto Residual Final | AB8: % | AC8: Zona de Riesgo Final | AD8: Tratamiento | AE8: Plan de Acción | AF8: Responsable | AG8: Fecha de control | AH8: Fecha de plan de acción | AI8: Entregable de Control | AJ8: Entregable de Plan de acción
R9: Tipo | S9: Implementación | T9: Calificación | U9: Documentación | V9: Frecuencia | W9: Evidencia
A10: 1 | B10: Reputacional | C10: Inadecuada orientacion a los usuarios y respuestas fuera del limite de tiempo | D10: Lineamientos insuficientes y desactualizados para la atencion de usuarios | E10: Posibilidad de pérdida reputacional por la inadecuada orientación general a los usuarios debido a fallas en la entrega y actualización de la información por parte de de los servidores públicos responsables de la respuesta en los procesos misionales de la entidad. | F10: Usuarios, productos y practicas , organizacionales | G10: 501 | H10: =IF(G10<=0,"",IF(G10<=2,"Muy Baja",IF(G10<=24,"Baja",IF(G10<=500,"Media",IF(G10<=5000,"Alta","Muy Alta"))))) -> Alta | I10: =IF(H10="","",IF(H10="Muy Baja",0.2,IF(H10="Baja",0.4,IF(H10="Media",0.6,IF(H10="Alta",0.8,IF(H10="Muy Alta",1,)))))) -> 0.8 | J10: =IF(OR($B$10="Reputacional",$B$10="Económica"),VLOOKUP($L$10,'Tabla Impacto'!$B$4:$G$8,4,0),IF(AND($B$10="Reputacional y Económica"),VLOOKUP($L$10,'Tabla Impacto'!$B$4:$G$8,5,0),((VLOOKUP($L$10,'Tabla Impacto'!$B$4:$G$8,2,0))))) -> El Impacto se evalúo como Catastrófico. El riesgo afecta la imagen de la entidad a nivel nacional, con efecto publicitarios sostenible a nivel país. | K10: =IF(OR($B$10="Reputacional",$B$10="Económica"),VLOOKUP($L$10,'Tabla Impacto'!$B$4:$G$8,4,0),IF(AND($B$10="Reputacional y Económica"),VLOOKUP($L$10,'Tabla Impacto'!$B$4:$G$8,5,0),((VLOOKUP($L$10,'Tabla Impacto'!$B$4:$G$8,2,0))))) -> El Impacto se evalúo como Catastrófico. El riesgo afecta la imagen de la entidad a nivel nacional, con efecto publicitarios sostenible a nivel país. | L10: Catastrófico | M10: =VLOOKUP(L10,'Tabla Impacto'!$B$4:$G$8,6,0) -> 1 | N10: =IF(OR(AND(H10="Muy Baja",L10="Leve"),AND(H10="Muy Baja",L10="Menor"),AND(H10="Baja",L10="Leve")),"Bajo",IF(OR(AND(H10="Muy baja",L10="Moderado"),AND(H10="Baja",L10="Menor"),AND(H10="Baja",L10="Moderado"),AND(H10="Media",L10="Leve"),AND(H10="Media",L10="Menor"),AND(H10="Media",L10="Moderado"),AND(H10="Alta",L10="Leve"),AND(H10="Alta",L10="Menor")),"Moderado",IF(OR(AND(H10="Muy Baja",L10="Mayor"),AND(H10="Baja",L10="Mayor"),AND(H10="Media",L10="Mayor"),AND(H10="Alta",L10="Moderado"),AND(H10="Alta",L10="Mayor"),AND(H10="Muy Alta",L10="Leve"),AND(H10="Muy Alta",L10="Menor"),AND(H10="Muy Alta",L10="Moderado"),AND(H10="Muy Alta",L10="Mayor")),"Alto",IF(OR(AND(H10="Muy Baja",L10="Catastrófico"),AND(H10="Baja",L10="Catastrófico"),AND(H10="Media",L10="Catastrófico"),AND(H10="Alta",L10="Catastrófico"),AND(H10="Muy Alta",L10="Catastrófico")),"Extremo","")))) -> Extremo | O10: 1 | P10: El profesional universitario de servicio al ciudadano, verifica y define la metodologia para los tramites y procesos internos misionales a través reuniones cuatrimestrales con los coordinadores de los mismos, frente a la información que se brinda de cara a la ciudadania. Para la reunión se realiza acta de reuníon con las novedades y los compromisos para complementación y ajuste de información. | Q10: =IF(OR(R10="Preventivo",R10="Detectivo"),"Probabilidad",IF(R10="Correctivo","Impacto","")) -> Probabilidad | R10: Preventivo | S10: Manual | T10: =IF(AND(R10="Preventivo",S10="Automático"),"50%",IF(AND(R10="Preventivo",S10="Manual"),"40%",IF(AND(R10="Detectivo",S10="Automático"),"40%",IF(AND(R10="Detectivo",S10="Manual"),"30%",IF(AND(R10="Correctivo",S10="Automático"),"35%",IF(AND(R10="Correctivo",S10="Manual"),"25%","")))))) -> 40% | U10: Documentado | V10: Aleatoria | W10: Con Registro | X10: =IFERROR(IF(Q10="Probabilidad",(I10-(+I10*T10)),IF(Q10="Impacto",I10,"")),"") -> 0.48 | Y10: =IFERROR(IF(X10="","",IF(X10<=0.2,"Muy Baja",IF(X10<=0.4,"Baja",IF(X10<=0.6,"Media",IF(X10<=0.8,"Alta","Muy Alta"))))),"") -> Media | Z10: =+X10 -> 0.48 | AA10: =IFERROR(IF(AB10="","",IF(AB10<=0.2,"Leve",IF(AB10<=0.4,"Menor",IF(AB10<=0.6,"Moderado",IF(AB10<=0.8,"Mayor","Catastrófico"))))),"") -> Catastrófico | AB10: =IFERROR(IF(Q10="Impacto",(M10-(+M10*T10)),IF(Q10="Probabilidad",M10,"")),"") -> 1 | AC10: =IFERROR(IF(OR(AND(Y10="Muy Baja",AA10="Leve"),AND(Y10="Muy Baja",AA10="Menor"),AND(Y10="Baja",AA10="Leve")),"Bajo",IF(OR(AND(Y10="Muy baja",AA10="Moderado"),AND(Y10="Baja",AA10="Menor"),AND(Y10="Baja",AA10="Moderado"),AND(Y10="Media",AA10="Leve"),AND(Y10="Media",AA10="Menor"),AND(Y10="Media",AA10="Moderado"),AND(Y10="Alta",AA10="Leve"),AND(Y10="Alta",AA10="Menor")),"Moderado",IF(OR(AND(Y10="Muy Baja",AA10="Mayor"),AND(Y10="Baja",AA10="Mayor"),AND(Y10="Media",AA10="Mayor"),AND(Y10="Alta",AA10="Moderado"),AND(Y10="Alta",AA10="Mayor"),AND(Y10="Muy Alta",AA10="Leve"),AND(Y10="Muy Alta",AA10="Menor"),AND(Y10="Muy Alta",AA10="Moderado"),AND(Y10="Muy Alta",AA10="Mayor")),"Alto",IF(OR(AND(Y10="Muy Baja",AA10="Catastrófico"),AND(Y10="Baja",AA10="Catastrófico"),AND(Y10="Media",AA10="Catastrófico"),AND(Y10="Alta",AA10="Catastrófico"),AND(Y10="Muy Alta",AA10="Catastrófico")),"Extremo","")))),"") -> Extremo | AD10: Reducir (mitigar) | AE10: Verificar y definir la metodologia para los tramites y procesos internos misionales a través reuniones cuatrimestrales con los coordinadores de los mismos, frente a la información que se brinda de cara a la ciudadania. Para la reunión se realiza acta de reuníon con las novedades y los compromisos para complementación y ajuste de información. | AF10: Profesional Universitario de Servicio al Ciudadano | AG10: Enero a Diciembre de 2026 | AH10: =AG10 -> Enero a Diciembre de 2026 | AI10: Actas de reunión. | AJ10: Acta de reunión y actualización de la información.
A11: 2 | B11: Reputacional y Económica | C11: Incumplimiento de los términos la ley para la gestión de PQRSD | D11: Inadecuado seguimiento de las PQRSD según la plataforma de gestión documental de la entidad en relación con las PQRSD en la que se establece la fecha de radicado y se priorizan los tiempos de respuesta según se establece la ley. | E11: Posibilidad de perdida reputacional y económica por incumplimiento de los términos de la ley para la gestión de PQRSD debido a un inadecuado uso y seguimiento de las mismas en la plataforma de gestión documental. | F11: Usuarios, productos y practicas , organizacionales | G11: =12*4 -> 48 | H11: =IF(G11<=0,"",IF(G11<=2,"Muy Baja",IF(G11<=24,"Baja",IF(G11<=500,"Media",IF(G11<=5000,"Alta","Muy Alta"))))) -> Media | I11: =IF(H11="","",IF(H11="Muy Baja",0.2,IF(H11="Baja",0.4,IF(H11="Media",0.6,IF(H11="Alta",0.8,IF(H11="Muy Alta",1,)))))) -> 0.6 | J11: =IF(OR($B$10="Reputacional",$B$10="Económica"),VLOOKUP($L$10,'Tabla Impacto'!$B$4:$G$8,4,0),IF(AND($B$10="Reputacional y Económica"),VLOOKUP($L$10,'Tabla Impacto'!$B$4:$G$8,5,0),((VLOOKUP($L$10,'Tabla Impacto'!$B$4:$G$8,2,0))))) -> El Impacto se evalúo como Catastrófico. El riesgo afecta la imagen de la entidad a nivel nacional, con efecto publicitarios sostenible a nivel país. | K11: =IF(OR($B$10="Reputacional",$B$10="Económica"),VLOOKUP($L$10,'Tabla Impacto'!$B$4:$G$8,4,0),IF(AND($B$10="Reputacional y Económica"),VLOOKUP($L$10,'Tabla Impacto'!$B$4:$G$8,5,0),((VLOOKUP($L$10,'Tabla Impacto'!$B$4:$G$8,2,0))))) -> El Impacto se evalúo como Catastrófico. El riesgo afecta la imagen de la entidad a nivel nacional, con efecto publicitarios sostenible a nivel país. | L11: Mayor | M11: =VLOOKUP(L11,'Tabla Impacto'!$B$4:$G$8,6,0) -> 0.8 | N11: =IF(OR(AND(H11="Muy Baja",L11="Leve"),AND(H11="Muy Baja",L11="Menor"),AND(H11="Baja",L11="Leve")),"Bajo",IF(OR(AND(H11="Muy baja",L11="Moderado"),AND(H11="Baja",L11="Menor"),AND(H11="Baja",L11="Moderado"),AND(H11="Media",L11="Leve"),AND(H11="Media",L11="Menor"),AND(H11="Media",L11="Moderado"),AND(H11="Alta",L11="Leve"),AND(H11="Alta",L11="Menor")),"Moderado",IF(OR(AND(H11="Muy Baja",L11="Mayor"),AND(H11="Baja",L11="Mayor"),AND(H11="Media",L11="Mayor"),AND(H11="Alta",L11="Moderado"),AND(H11="Alta",L11="Mayor"),AND(H11="Muy Alta",L11="Leve"),AND(H11="Muy Alta",L11="Menor"),AND(H11="Muy Alta",L11="Moderado"),AND(H11="Muy Alta",L11="Mayor")),"Alto",IF(OR(AND(H11="Muy Baja",L11="Catastrófico"),AND(H11="Baja",L11="Catastrófico"),AND(H11="Media",L11="Catastrófico"),AND(H11="Alta",L11="Catastrófico"),AND(H11="Muy Alta",L11="Catastrófico")),"Extremo","")))) -> Alto | O11: 1 | P11: El profesional Universitario del servicio al ciudadano verifica los tiempos de respuesta de las PQRSD recibidas trimestralmente, en la Entidad a traves del Sistema de gestión documental ORFEO y realiza su seguimiento, soportado en correos electronicos e informes. | Q11: Impacto | R11: Preventivo | S11: Manual | T11: =IF(AND(R11="Preventivo",S11="Automático"),"50%",IF(AND(R11="Preventivo",S11="Manual"),"40%",IF(AND(R11="Detectivo",S11="Automático"),"40%",IF(AND(R11="Detectivo",S11="Manual"),"30%",IF(AND(R11="Correctivo",S11="Automático"),"35%",IF(AND(R11="Correctivo",S11="Manual"),"25%","")))))) -> 40% | U11: Documentado | V11: Continua | W11: Con Registro | X11: =IFERROR(IF(Q11="Probabilidad",(I11-(+I11*T11)),IF(Q11="Impacto",I11,"")),"") -> 0.6 | Y11: =IFERROR(IF(X11="","",IF(X11<=0.2,"Muy Baja",IF(X11<=0.4,"Baja",IF(X11<=0.6,"Media",IF(X11<=0.8,"Alta","Muy Alta"))))),"") -> Media | Z11: =+X11 -> 0.6 | AA11: =IFERROR(IF(AB11="","",IF(AB11<=0.2,"Leve",IF(AB11<=0.4,"Menor",IF(AB11<=0.6,"Moderado",IF(AB11<=0.8,"Mayor","Catastrófico"))))),"") -> Moderado | AB11: =IFERROR(IF(Q11="Impacto",(M11-(+M11*T11)),IF(Q11="Probabilidad",M11,"")),"") -> 0.48 | AC11: =IFERROR(IF(OR(AND(Y11="Muy Baja",AA11="Leve"),AND(Y11="Muy Baja",AA11="Menor"),AND(Y11="Baja",AA11="Leve")),"Bajo",IF(OR(AND(Y11="Muy baja",AA11="Moderado"),AND(Y11="Baja",AA11="Menor"),AND(Y11="Baja",AA11="Moderado"),AND(Y11="Media",AA11="Leve"),AND(Y11="Media",AA11="Menor"),AND(Y11="Media",AA11="Moderado"),AND(Y11="Alta",AA11="Leve"),AND(Y11="Alta",AA11="Menor")),"Moderado",IF(OR(AND(Y11="Muy Baja",AA11="Mayor"),AND(Y11="Baja",AA11="Mayor"),AND(Y11="Media",AA11="Mayor"),AND(Y11="Alta",AA11="Moderado"),AND(Y11="Alta",AA11="Mayor"),AND(Y11="Muy Alta",AA11="Leve"),AND(Y11="Muy Alta",AA11="Menor"),AND(Y11="Muy Alta",AA11="Moderado"),AND(Y11="Muy Alta",AA11="Mayor")),"Alto",IF(OR(AND(Y11="Muy Baja",AA11="Catastrófico"),AND(Y11="Baja",AA11="Catastrófico"),AND(Y11="Media",AA11="Catastrófico"),AND(Y11="Alta",AA11="Catastrófico"),AND(Y11="Muy Alta",AA11="Catastrófico")),"Extremo","")))),"") -> Moderado | AD11: Reducir (mitigar) | AE11: Verificar los tiempos de respuesta de las PQRSD recibidas trimestralmente, en la Entidad a traves del Sistema de gestión documental ORFEO y realiza su seguimiento, soportado en correos electronicos e informes. | AF11: Profesional Universitario de Servicio al Ciudadano | AG11: Enero a Diciembre de 2026 | AH11: =AG11 -> Enero a Diciembre de 2026 | AI11: Relación de las PQRSD de Orfeo que se gestionan desde Servicio al Ciudadano. | AJ11: Relación de las PQRSD de Orfeo que se gestionan desde Servicio al Ciudadano.
O12: 2 | P12: El profesional Universitario del servicio al ciudadano, realiza seguimiento a las respuestas de las PQRSD registradas en el Sistema de gestión documental ORFEO, consolida cada dos (2) días el reporte y envía mediante correo electrónico alertas a los servidores públicos responsables las que se encuentren pendientes por gestión, con copia a los Jefes de área o dependencia con el fin que se gestionen oportunamente las respuestas a las PQRSD. | Q12: Impacto | R12: Detectivo | S12: Manual | T12: =IF(AND(R12="Preventivo",S12="Automático"),"50%",IF(AND(R12="Preventivo",S12="Manual"),"40%",IF(AND(R12="Detectivo",S12="Automático"),"40%",IF(AND(R12="Detectivo",S12="Manual"),"30%",IF(AND(R12="Correctivo",S12="Automático"),"35%",IF(AND(R12="Correctivo",S12="Manual"),"25%","")))))) -> 30% | U12: Documentado | V12: Continua | W12: Con Registro | X12: =IFERROR(IF(AND(Q11="Probabilidad",Q12="Probabilidad"),(Z11-(+Z11*T12)),IF(Q12="Probabilidad",(I11-(+I11*T12)),IF(Q12="Impacto",Z11,""))),"") -> 0.6 | Y12: =IFERROR(IF(X12="","",IF(X12<=0.2,"Muy Baja",IF(X12<=0.4,"Baja",IF(X12<=0.6,"Media",IF(X12<=0.8,"Alta","Muy Alta"))))),"") -> Media | Z12: =+X12 -> 0.6 | AA12: =IFERROR(IF(AB12="","",IF(AB12<=0.2,"Leve",IF(AB12<=0.4,"Menor",IF(AB12<=0.6,"Moderado",IF(AB12<=0.8,"Mayor","Catastrófico"))))),"") -> Mayor | AB12: =IFERROR(IF(AND(Q11="Impacto",Q12="Impacto"),(AB10-(+AB10*T12)),IF(Q12="Impacto",($M$11-(+$M$11*T12)),IF(Q12="Probabilidad",AB10,""))),"") -> 0.7 | AC12: =IFERROR(IF(OR(AND(Y12="Muy Baja",AA12="Leve"),AND(Y12="Muy Baja",AA12="Menor"),AND(Y12="Baja",AA12="Leve")),"Bajo",IF(OR(AND(Y12="Muy baja",AA12="Moderado"),AND(Y12="Baja",AA12="Menor"),AND(Y12="Baja",AA12="Moderado"),AND(Y12="Media",AA12="Leve"),AND(Y12="Media",AA12="Menor"),AND(Y12="Media",AA12="Moderado"),AND(Y12="Alta",AA12="Leve"),AND(Y12="Alta",AA12="Menor")),"Moderado",IF(OR(AND(Y12="Muy Baja",AA12="Mayor"),AND(Y12="Baja",AA12="Mayor"),AND(Y12="Media",AA12="Mayor"),AND(Y12="Alta",AA12="Moderado"),AND(Y12="Alta",AA12="Mayor"),AND(Y12="Muy Alta",AA12="Leve"),AND(Y12="Muy Alta",AA12="Menor"),AND(Y12="Muy Alta",AA12="Moderado"),AND(Y12="Muy Alta",AA12="Mayor")),"Alto",IF(OR(AND(Y12="Muy Baja",AA12="Catastrófico"),AND(Y12="Baja",AA12="Catastrófico"),AND(Y12="Media",AA12="Catastrófico"),AND(Y12="Alta",AA12="Catastrófico"),AND(Y12="Muy Alta",AA12="Catastrófico")),"Extremo","")))),"") -> Alto | AD12: Reducir (mitigar) | AE12: Realizar seguimiento a las respuestas de las PQRSD registradas en el Sistema de gestión documental ORFEO, consolida cada dos (2) días el reporte y envía mediante correo electrónico alertas a los servidores públicos responsables las que se encuentren pendientes por gestión, con copia a los Jefes de área o dependencia con el fin que se gestionen oportunamente las respuestas a las PQRSD. | AF12: Profesional Universitario de Servicio al Ciudadano | AG12: Enero a Diciembre de 2026 | AH12: =AG12 -> Enero a Diciembre de 2026 | AI12: Reporte consolidado de la gestión de las PQRSD y pantallazo de correos enviados. | AJ12: Correos electrónicos dirigido al lider del proceso y al responsable de la respuesta con copia a la Secretaría General.
O13: 3 | P13: El profesional Universitario del servicio al ciudadano realiza una capacitación anual y acompañamiento cuando se requiera, a todos los servidores públicos en temas de PQRSD y la gestión en la plataforma ORFEO y verifica la apropiación de estos conocimientos acorde con los principios de seguridad de información (disponibilidad, integridad y confidencialidad). La evidencia del control es la capacitación realizada, las listas de asistencia y evaluaciones de conocimiento. | Q13: =IF(OR(R13="Preventivo",R13="Detectivo"),"Probabilidad",IF(R13="Correctivo","Impacto","")) -> Probabilidad | R13: Preventivo | S13: Manual | T13: =IF(AND(R13="Preventivo",S13="Automático"),"50%",IF(AND(R13="Preventivo",S13="Manual"),"40%",IF(AND(R13="Detectivo",S13="Automático"),"40%",IF(AND(R13="Detectivo",S13="Manual"),"30%",IF(AND(R13="Correctivo",S13="Automático"),"35%",IF(AND(R13="Correctivo",S13="Manual"),"25%","")))))) -> 40% | U13: Documentado | V13: Aleatoria | W13: Con Registro | X13: =IFERROR(IF(AND(Q12="Probabilidad",Q13="Probabilidad"),(Z12-(+Z12*T13)),IF(AND(Q12="Impacto",Q13="Probabilidad"),(Z11-(+Z11*T13)),IF(Q13="Impacto",Z12,""))),"") -> 0.36 | Y13: =IFERROR(IF(X13="","",IF(X13<=0.2,"Muy Baja",IF(X13<=0.4,"Baja",IF(X13<=0.6,"Media",IF(X13<=0.8,"Alta","Muy Alta"))))),"") -> Baja | Z13: =+X13 -> 0.36 | AA13: =IFERROR(IF(AB13="","",IF(AB13<=0.2,"Leve",IF(AB13<=0.4,"Menor",IF(AB13<=0.6,"Moderado",IF(AB13<=0.8,"Mayor","Catastrófico"))))),"") -> Mayor | AB13: =IFERROR(IF(AND(Q12="Impacto",Q13="Impacto"),(AB12-(+AB12*T13)),IF(AND(Q12="Probabilidad",Q13="Impacto"),(AB11-(+AB11*T13)),IF(Q13="Probabilidad",AB12,""))),"") -> 0.7 | AC13: =IFERROR(IF(OR(AND(Y13="Muy Baja",AA13="Leve"),AND(Y13="Muy Baja",AA13="Menor"),AND(Y13="Baja",AA13="Leve")),"Bajo",IF(OR(AND(Y13="Muy baja",AA13="Moderado"),AND(Y13="Baja",AA13="Menor"),AND(Y13="Baja",AA13="Moderado"),AND(Y13="Media",AA13="Leve"),AND(Y13="Media",AA13="Menor"),AND(Y13="Media",AA13="Moderado"),AND(Y13="Alta",AA13="Leve"),AND(Y13="Alta",AA13="Menor")),"Moderado",IF(OR(AND(Y13="Muy Baja",AA13="Mayor"),AND(Y13="Baja",AA13="Mayor"),AND(Y13="Media",AA13="Mayor"),AND(Y13="Alta",AA13="Moderado"),AND(Y13="Alta",AA13="Mayor"),AND(Y13="Muy Alta",AA13="Leve"),AND(Y13="Muy Alta",AA13="Menor"),AND(Y13="Muy Alta",AA13="Moderado"),AND(Y13="Muy Alta",AA13="Mayor")),"Alto",IF(OR(AND(Y13="Muy Baja",AA13="Catastrófico"),AND(Y13="Baja",AA13="Catastrófico"),AND(Y13="Media",AA13="Catastrófico"),AND(Y13="Alta",AA13="Catastrófico"),AND(Y13="Muy Alta",AA13="Catastrófico")),"Extremo","")))),"") -> Alto | AD13: Reducir (mitigar) | AE13: Realizar una capacitación anual y acompañamiento cuando se requiera, a todos los servidores públicos en temas de PQRSD y la gestión en la plataforma ORFEO y verifica la apropiación de estos conocimientos. La evidencia del control es la capacitación realizada, las listas de asistencia y evaluaciones de conocimiento. | AF13: Profesional Universitario de Servicio al Ciudadano | AG13: Mayo a agosto de 2026 | AH13: =AG13 -> Mayo a agosto de 2026 | AI13: Capacitación realizada. Lista de asistencia. Evaluación de apropiación | AJ13: Capacitación realizada. Lista de asistencia. Evaluación de apropiación
B14: *Nota: La columna referencia se sugiere para mantener el consecutivo de riesgos, así el riesgo salga del mapa no existirá otro riesgo con el mismo número. Una entidad puede ir en el riesgo 150 pero tener 70 riesgos, lo que permite llevar una traza de los riesgos. Esta información la debe administrar la Oficina Asesora de Planeación o Gerencia de Riesgos.
B16: Fuente: Adaptado de Curso Riesgo Operativo Universidad del Rosario por Dirección de Gestión y Desempeño Institucional de Función Pública, 2020.

Sheet Informatica y Tecnologia
A1: Formato Mapa Riesgos
A2: Proceso: | C2: INFORMÁTICA Y TECNOLOGÍA
A3: Objetivo: | C3: Gestionar los recursos de las tecnologías de la información y comunicaciones para soportar las operaciones institucionales en un marco de confidencialidad, disponibilidad e integridad de la información mediante la administración de la plataforma tecnológica institucional y la prestación del soporte técnico requerido.
A4: Alcance: | C4: Inicia con la elaboración del Plan Estratégico PETIC producto de la identificación de las necesidades individuales y generales de la Entidad en materia de tecnología y aplicativos informáticos y termina con la verificación de las condiciones de satisfacción de requerimientos PETIC.
A5: Identificación del riesgo | H5: Análisis del riesgo inherente | O5: Evaluación del riesgo - Valoración de los controles | X5: Evaluación del riesgo - Nivel del riesgo residual | AE5: Plan de Acción
A6: Referencia | B6: Impacto | C6: Causa Inmediata | D6: Causa Raíz | E6: Descripción del Riesgo | F6: Clasificación del Riesgo | G6: Frecuencia con la cual se realiza la actividad | H6: Probabilidad Inherente | I6: % | J6: Criterios de impacto | K6: Observación de criterio | L6: Impacto Inherente | M6: % | N6: Zona de Riesgo Inherente | O6: No. Control | P6: Descripción del Control | Q6: Afectación | R6: Atributos | X6: Probabilidad Residual | Y6: Probabilidad Residual Final | Z6: % | AA6: Impacto Residual Final | AB6: % | AC6: Zona de Riesgo Final | AD6: Tratamiento | AE6: Plan de Acción | AF6: Responsable | AG6: Fecha de control | AH6: Fecha de plan de acción | AI6: Entregable de Control | AJ6: Entregable de Plan de acción
R7: Tipo | S7: Implementación | T7: Calificación | U7: Documentación | V7: Frecuencia | W7: Evidencia
A8: 1 | B8: Reputacional y Económica | C8: Pérdida de la información y confidencialidad de las operaciones institucionales | D8: Ataques cibernéticos, daños en la infraestructura tecnológica e inadecuada gestión de recursos de tecnologías de la información y comunicaciones para soportar las operaciones institucionales | E8: Posibilidad de afectación reputacional y económica por pérdida de la información, debido a ataques cibernéticos, daños en la infraestructura tecnológica y a la inadecuada gestión de recursos de tecnologías de la información y comunicaciones para soportar las operaciones institucionales en el marco de los principios de confidencialidad, disponibilidad e integridad de la información. | F8: Ejecución y Administración de procesos | G8: =365 -> 365 | H8: =IF(G8<=0,"",IF(G8<=2,"Muy Baja",IF(G8<=24,"Baja",IF(G8<=500,"Media",IF(G8<=5000,"Alta","Muy Alta"))))) -> Media | I8: =IF(H8="","",IF(H8="Muy Baja",0.2,IF(H8="Baja",0.4,IF(H8="Media",0.6,IF(H8="Alta",0.8,IF(H8="Muy Alta",1,)))))) -> 0.6 | J8: =IF(OR($B$8="Reputacional",$B$8="Económica"),VLOOKUP($L$8,'Tabla Impacto'!$B$4:$G$8,4,0),IF(AND($B$8="Reputacional y Económica"),VLOOKUP($L$8,'Tabla Impacto'!$B$4:$G$8,5,0),((VLOOKUP($L$8,'Tabla Impacto'!$B$4:$G$8,2,0))))) -> El Impacto se evalúo como Mayor. El riesgo afecta la imagen de de la entidad con efecto publicitario sostenido a nivel de sector administrativo, nivel departamental o municipal con una posible afectación entre 100 y 500 SMLMV. | K8: =IF(OR($B$8="Reputacional",$B$8="Económica"),VLOOKUP($L$8,'Tabla Impacto'!$B$4:$G$8,4,0),IF(AND($B$8="Reputacional y Económica"),VLOOKUP($L$8,'Tabla Impacto'!$B$4:$G$8,5,0),((VLOOKUP($L$8,'Tabla Impacto'!$B$4:$G$8,2,0))))) -> El Impacto se evalúo como Mayor. El riesgo afecta la imagen de de la entidad con efecto publicitario sostenido a nivel de sector administrativo, nivel departamental o municipal con una posible afectación entre 100 y 500 SMLMV. | L8: Mayor | M8: =VLOOKUP(L8,'Tabla Impacto'!$B$4:$G$8,6,0) -> 0.8 | N8: =IF(OR(AND(H8="Muy Baja",L8="Leve"),AND(H8="Muy Baja",L8="Menor"),AND(H8="Baja",L8="Leve")),"Bajo",IF(OR(AND(H8="Muy baja",L8="Moderado"),AND(H8="Baja",L8="Menor"),AND(H8="Baja",L8="Moderado"),AND(H8="Media",L8="Leve"),AND(H8="Media",L8="Menor"),AND(H8="Media",L8="Moderado"),AND(H8="Alta",L8="Leve"),AND(H8="Alta",L8="Menor")),"Moderado",IF(OR(AND(H8="Muy Baja",L8="Mayor"),AND(H8="Baja",L8="Mayor"),AND(H8="Media",L8="Mayor"),AND(H8="Alta",L8="Moderado"),AND(H8="Alta",L8="Mayor"),AND(H8="Muy Alta",L8="Leve"),AND(H8="Muy Alta",L8="Menor"),AND(H8="Muy Alta",L8="Moderado"),AND(H8="Muy Alta",L8="Mayor")),"Alto",IF(OR(AND(H8="Muy Baja",L8="Catastrófico"),AND(H8="Baja",L8="Catastrófico"),AND(H8="Media",L8="Catastrófico"),AND(H8="Alta",L8="Catastrófico"),AND(H8="Muy Alta",L8="Catastrófico")),"Extremo","")))) -> Alto | O8: 1 | P8: Los profesionales del proceso de Informática y Tecnología y contratistas realizan las campañas en donde se socialice y se verifique la apropiación la política de seguridad de la información. | Q8: =IF(OR(R8="Preventivo",R8="Detectivo"),"Probabilidad",IF(R8="Correctivo","Impacto","")) -> Probabilidad | R8: Preventivo | S8: Manual | T8: =IF(AND(R8="Preventivo",S8="Automático"),"50%",IF(AND(R8="Preventivo",S8="Manual"),"40%",IF(AND(R8="Detectivo",S8="Automático"),"40%",IF(AND(R8="Detectivo",S8="Manual"),"30%",IF(AND(R8="Correctivo",S8="Automático"),"35%",IF(AND(R8="Correctivo",S8="Manual"),"25%","")))))) -> 40% | U8: Documentado | V8: Continua | W8: Con Registro | X8: =IFERROR(IF(Q8="Probabilidad",(I8-(+I8*T8)),IF(Q8="Impacto",I8,"")),"") -> 0.36 | Y8: =IFERROR(IF(X8="","",IF(X8<=0.2,"Muy Baja",IF(X8<=0.4,"Baja",IF(X8<=0.6,"Media",IF(X8<=0.8,"Alta","Muy Alta"))))),"") -> Baja | Z8: =+X8 -> 0.36 | AA8: =IFERROR(IF(AB8="","",IF(AB8<=0.2,"Leve",IF(AB8<=0.4,"Menor",IF(AB8<=0.6,"Moderado",IF(AB8<=0.8,"Mayor","Catastrófico"))))),"") -> Mayor | AB8: =IFERROR(IF(Q8="Impacto",(M8-(+M8*T8)),IF(Q8="Probabilidad",M8,"")),"") -> 0.8 | AC8: =IFERROR(IF(OR(AND(Y8="Muy Baja",AA8="Leve"),AND(Y8="Muy Baja",AA8="Menor"),AND(Y8="Baja",AA8="Leve")),"Bajo",IF(OR(AND(Y8="Muy baja",AA8="Moderado"),AND(Y8="Baja",AA8="Menor"),AND(Y8="Baja",AA8="Moderado"),AND(Y8="Media",AA8="Leve"),AND(Y8="Media",AA8="Menor"),AND(Y8="Media",AA8="Moderado"),AND(Y8="Alta",AA8="Leve"),AND(Y8="Alta",AA8="Menor")),"Moderado",IF(OR(AND(Y8="Muy Baja",AA8="Mayor"),AND(Y8="Baja",AA8="Mayor"),AND(Y8="Media",AA8="Mayor"),AND(Y8="Alta",AA8="Moderado"),AND(Y8="Alta",AA8="Mayor"),AND(Y8="Muy Alta",AA8="Leve"),AND(Y8="Muy Alta",AA8="Menor"),AND(Y8="Muy Alta",AA8="Moderado"),AND(Y8="Muy Alta",AA8="Mayor")),"Alto",IF(OR(AND(Y8="Muy Baja",AA8="Catastrófico"),AND(Y8="Baja",AA8="Catastrófico"),AND(Y8="Media",AA8="Catastrófico"),AND(Y8="Alta",AA8="Catastrófico"),AND(Y8="Muy Alta",AA8="Catastrófico")),"Extremo","")))),"") -> Alto | AD8: Reducir (mitigar) | AE8: No aplica | AF8: Proceso de Informática y Tecnología | AG8: Enero a diciembre de 2026 | AH8: =AG8 -> Enero a diciembre de 2026 | AI8: Campañas de seguridad de la información y evaluación de la campaña | AJ8: No Aplica
O9: 2 | P9: Los profesionales del proceso de Informática y Tecnología y contratistas realizan el backup de servidores almacenados en la SAN según la política de seguridad de la información y el procedimiento copias de seguridad información digital, apoyado en el cronograma de Ejecución Copias de Seguridad del LAN y la Nube (IAAS, PAAS). | Q9: =IF(OR(R9="Preventivo",R9="Detectivo"),"Probabilidad",IF(R9="Correctivo","Impacto","")) -> Probabilidad | R9: Preventivo | S9: Automático | T9: =IF(AND(R9="Preventivo",S9="Automático"),"50%",IF(AND(R9="Preventivo",S9="Manual"),"40%",IF(AND(R9="Detectivo",S9="Automático"),"40%",IF(AND(R9="Detectivo",S9="Manual"),"30%",IF(AND(R9="Correctivo",S9="Automático"),"35%",IF(AND(R9="Correctivo",S9="Manual"),"25%","")))))) -> 50% | U9: Documentado | V9: Continua | W9: Con Registro | X9: =IFERROR(IF(AND(Q8="Probabilidad",Q9="Probabilidad"),(Z8-(+Z8*T9)),IF(Q9="Probabilidad",(I8-(+I8*T9)),IF(Q9="Impacto",Z8,""))),"") -> 0.18 | Y9: =IFERROR(IF(X9="","",IF(X9<=0.2,"Muy Baja",IF(X9<=0.4,"Baja",IF(X9<=0.6,"Media",IF(X9<=0.8,"Alta","Muy Alta"))))),"") -> Muy Baja | Z9: =+X9 -> 0.18 | AA9: =IFERROR(IF(AB9="","",IF(AB9<=0.2,"Leve",IF(AB9<=0.4,"Menor",IF(AB9<=0.6,"Moderado",IF(AB9<=0.8,"Mayor","Catastrófico"))))),"") -> Mayor | AB9: =IFERROR(IF(AND(Q8="Impacto",Q9="Impacto"),(AB8-(+AB8*T9)),IF(Q9="Impacto",($M$8-(+$M$8*T9)),IF(Q9="Probabilidad",AB8,""))),"") -> 0.8 | AC9: =IFERROR(IF(OR(AND(Y9="Muy Baja",AA9="Leve"),AND(Y9="Muy Baja",AA9="Menor"),AND(Y9="Baja",AA9="Leve")),"Bajo",IF(OR(AND(Y9="Muy baja",AA9="Moderado"),AND(Y9="Baja",AA9="Menor"),AND(Y9="Baja",AA9="Moderado"),AND(Y9="Media",AA9="Leve"),AND(Y9="Media",AA9="Menor"),AND(Y9="Media",AA9="Moderado"),AND(Y9="Alta",AA9="Leve"),AND(Y9="Alta",AA9="Menor")),"Moderado",IF(OR(AND(Y9="Muy Baja",AA9="Mayor"),AND(Y9="Baja",AA9="Mayor"),AND(Y9="Media",AA9="Mayor"),AND(Y9="Alta",AA9="Moderado"),AND(Y9="Alta",AA9="Mayor"),AND(Y9="Muy Alta",AA9="Leve"),AND(Y9="Muy Alta",AA9="Menor"),AND(Y9="Muy Alta",AA9="Moderado"),AND(Y9="Muy Alta",AA9="Mayor")),"Alto",IF(OR(AND(Y9="Muy Baja",AA9="Catastrófico"),AND(Y9="Baja",AA9="Catastrófico"),AND(Y9="Media",AA9="Catastrófico"),AND(Y9="Alta",AA9="Catastrófico"),AND(Y9="Muy Alta",AA9="Catastrófico")),"Extremo","")))),"") -> Alto | AD9: Reducir (mitigar) | AE9: No aplica | AF9: Proceso de Informática y Tecnología | AG9: Enero a diciembre de 2026 | AH9: =AG9 -> Enero a diciembre de 2026 | AI9: Pantallazo del respositorio donde se realiza el Backup´s de servidores almacenados en la SAN según la política de seguridad de la información y el procedimiento copias de seguridad información digital. | AJ9: No Aplica
O10: 3 | P10: Los profesionales del proceso de Informática y Tecnología y contratistas ejecutan la política de seguridad de la información con las herramientas informáticas con las que cuenta la entidad. | Q10: =IF(OR(R10="Preventivo",R10="Detectivo"),"Probabilidad",IF(R10="Correctivo","Impacto","")) -> Probabilidad | R10: Detectivo | S10: Automático | T10: =IF(AND(R10="Preventivo",S10="Automático"),"50%",IF(AND(R10="Preventivo",S10="Manual"),"40%",IF(AND(R10="Detectivo",S10="Automático"),"40%",IF(AND(R10="Detectivo",S10="Manual"),"30%",IF(AND(R10="Correctivo",S10="Automático"),"35%",IF(AND(R10="Correctivo",S10="Manual"),"25%","")))))) -> 40% | U10: Documentado | V10: Continua | W10: Con Registro | X10: =IFERROR(IF(AND(Q9="Probabilidad",Q10="Probabilidad"),(Z9-(+Z9*T10)),IF(AND(Q9="Impacto",Q10="Probabilidad"),(Z8-(+Z8*T10)),IF(Q10="Impacto",Z9,""))),"") -> 0.108 | Y10: =IFERROR(IF(X10="","",IF(X10<=0.2,"Muy Baja",IF(X10<=0.4,"Baja",IF(X10<=0.6,"Media",IF(X10<=0.8,"Alta","Muy Alta"))))),"") -> Muy Baja | Z10: =+X10 -> 0.108 | AA10: =IFERROR(IF(AB10="","",IF(AB10<=0.2,"Leve",IF(AB10<=0.4,"Menor",IF(AB10<=0.6,"Moderado",IF(AB10<=0.8,"Mayor","Catastrófico"))))),"") -> Mayor | AB10: =IFERROR(IF(AND(Q9="Impacto",Q10="Impacto"),(AB9-(+AB9*T10)),IF(AND(Q9="Probabilidad",Q10="Impacto"),(AB8-(+AB8*T10)),IF(Q10="Probabilidad",AB9,""))),"") -> 0.8 | AC10: =IFERROR(IF(OR(AND(Y10="Muy Baja",AA10="Leve"),AND(Y10="Muy Baja",AA10="Menor"),AND(Y10="Baja",AA10="Leve")),"Bajo",IF(OR(AND(Y10="Muy baja",AA10="Moderado"),AND(Y10="Baja",AA10="Menor"),AND(Y10="Baja",AA10="Moderado"),AND(Y10="Media",AA10="Leve"),AND(Y10="Media",AA10="Menor"),AND(Y10="Media",AA10="Moderado"),AND(Y10="Alta",AA10="Leve"),AND(Y10="Alta",AA10="Menor")),"Moderado",IF(OR(AND(Y10="Muy Baja",AA10="Mayor"),AND(Y10="Baja",AA10="Mayor"),AND(Y10="Media",AA10="Mayor"),AND(Y10="Alta",AA10="Moderado"),AND(Y10="Alta",AA10="Mayor"),AND(Y10="Muy Alta",AA10="Leve"),AND(Y10="Muy Alta",AA10="Menor"),AND(Y10="Muy Alta",AA10="Moderado"),AND(Y10="Muy Alta",AA10="Mayor")),"Alto",IF(OR(AND(Y10="Muy Baja",AA10="Catastrófico"),AND(Y10="Baja",AA10="Catastrófico"),AND(Y10="Media",AA10="Catastrófico"),AND(Y10="Alta",AA10="Catastrófico"),AND(Y10="Muy Alta",AA10="Catastrófico")),"Extremo","")))),"") -> Alto | AD10: Reducir (mitigar) | AE10: No aplica | AF10: Proceso de Informática y Tecnología | AG10: Enero a diciembre de 2026 | AH10: =AG10 -> Enero a diciembre de 2026 | AI10: Cronograma o informe de ejecucion de la política de seguridad de la información con las herramientas informáticas con las que cuenta la Entidad. | AJ10: No Aplica
O11: 4 | P11: Los profesionales del proceso de Informática y Tecnología y contratistas realizan seguimiento a la continuidad operativa de los servicios disponibles en la infraestructura tecnológica. | Q11: =IF(OR(R11="Preventivo",R11="Detectivo"),"Probabilidad",IF(R11="Correctivo","Impacto","")) -> Probabilidad | R11: Preventivo | S11: Manual | T11: =IF(AND(R11="Preventivo",S11="Automático"),"50%",IF(AND(R11="Preventivo",S11="Manual"),"40%",IF(AND(R11="Detectivo",S11="Automático"),"40%",IF(AND(R11="Detectivo",S11="Manual"),"30%",IF(AND(R11="Correctivo",S11="Automático"),"35%",IF(AND(R11="Correctivo",S11="Manual"),"25%","")))))) -> 40% | U11: Documentado | V11: Continua | W11: Con Registro | X11: =IFERROR(IF(AND(Q10="Probabilidad",Q11="Probabilidad"),(Z10-(+Z10*T11)),IF(AND(Q10="Impacto",Q11="Probabilidad"),(Z9-(+Z9*T11)),IF(Q11="Impacto",Z10,""))),"") -> 0.0648 | Y11: =IFERROR(IF(X11="","",IF(X11<=0.2,"Muy Baja",IF(X11<=0.4,"Baja",IF(X11<=0.6,"Media",IF(X11<=0.8,"Alta","Muy Alta"))))),"") -> Muy Baja | Z11: =+X11 -> 0.0648 | AA11: =IFERROR(IF(AB11="","",IF(AB11<=0.2,"Leve",IF(AB11<=0.4,"Menor",IF(AB11<=0.6,"Moderado",IF(AB11<=0.8,"Mayor","Catastrófico"))))),"") -> Mayor | AB11: =IFERROR(IF(AND(Q10="Impacto",Q11="Impacto"),(AB10-(+AB10*T11)),IF(AND(Q10="Probabilidad",Q11="Impacto"),(AB9-(+AB9*T11)),IF(Q11="Probabilidad",AB10,""))),"") -> 0.8 | AC11: =IFERROR(IF(OR(AND(Y11="Muy Baja",AA11="Leve"),AND(Y11="Muy Baja",AA11="Menor"),AND(Y11="Baja",AA11="Leve")),"Bajo",IF(OR(AND(Y11="Muy baja",AA11="Moderado"),AND(Y11="Baja",AA11="Menor"),AND(Y11="Baja",AA11="Moderado"),AND(Y11="Media",AA11="Leve"),AND(Y11="Media",AA11="Menor"),AND(Y11="Media",AA11="Moderado"),AND(Y11="Alta",AA11="Leve"),AND(Y11="Alta",AA11="Menor")),"Moderado",IF(OR(AND(Y11="Muy Baja",AA11="Mayor"),AND(Y11="Baja",AA11="Mayor"),AND(Y11="Media",AA11="Mayor"),AND(Y11="Alta",AA11="Moderado"),AND(Y11="Alta",AA11="Mayor"),AND(Y11="Muy Alta",AA11="Leve"),AND(Y11="Muy Alta",AA11="Menor"),AND(Y11="Muy Alta",AA11="Moderado"),AND(Y11="Muy Alta",AA11="Mayor")),"Alto",IF(OR(AND(Y11="Muy Baja",AA11="Catastrófico"),AND(Y11="Baja",AA11="Catastrófico"),AND(Y11="Media",AA11="Catastrófico"),AND(Y11="Alta",AA11="Catastrófico"),AND(Y11="Muy Alta",AA11="Catastrófico")),"Extremo","")))),"") -> Alto | AD11: Reducir (mitigar) | AE11: No aplica | AF11: Proceso de Informática y Tecnología | AG11: Enero a diciembre de 2026 | AH11: =AG11 -> Enero a diciembre de 2026 | AI11: Seguimiento al cronograma de ejecución copias de seguridad del LAN y la Nube (IAAS, PAAS). | AJ11: No Aplica
B12: *Nota: La columna referencia se sugiere para mantener el consecutivo de riesgos, así el riesgo salga del mapa no existirá otro riesgo con el mismo número. Una entidad puede ir en el riesgo 150 pero tener 70 riesgos, lo que permite llevar una traza de los riesgos. Esta información la debe administrar la Oficina Asesora de Planeación o Gerencia de Riesgos.
B14: Fuente: Adaptado de Curso Riesgo Operativo Universidad del Rosario por Dirección de Gestión y Desempeño Institucional de Función Pública, 2020.

Sheet Gestion Contractual
A1: Formato Mapa Riesgos
A2: Proceso: | C2: GESTIÓN CONTRACTUAL
A3: Objetivo: | C3: Aplicar los procedimientos legales para contratar bienes, servicios y obras con el fin de satisfacer las necesidades del Instituto
A4: Alcance: | C4: El proceso inicia con la identificación y programación de las necesidades de contratación y finaliza con la elaboración de planes de mejoramiento, acciones correctivas y preventivas.
A5: Identificación del riesgo | H5: Análisis del riesgo inherente | O5: Evaluación del riesgo - Valoración de los controles | X5: Evaluación del riesgo - Nivel del riesgo residual | AE5: Plan de Acción
A6: Referencia | B6: Impacto | C6: Causa Inmediata | D6: Causa Raíz | E6: Descripción del Riesgo | F6: Clasificación del Riesgo | G6: Frecuencia con la cual se realiza la actividad | H6: Probabilidad Inherente | I6: % | J6: Criterios de impacto | K6: Observación de criterio | L6: Impacto Inherente | M6: % | N6: Zona de Riesgo Inherente | O6: No. Control | P6: Descripción del Control | Q6: Afectación | R6: Atributos | X6: Probabilidad Residual | Y6: Probabilidad Residual Final | Z6: % | AA6: Impacto Residual Final | AB6: % | AC6: Zona de Riesgo Final | AD6: Tratamiento | AE6: Plan de Acción | AF6: Responsable | AG6: Fecha de control | AH6: Fecha de plan de acción | AI6: Entregable de Control | AJ6: Entregable de Plan de acción
R7: Tipo | S7: Implementación | T7: Calificación | U7: Documentación | V7: Frecuencia | W7: Evidencia
A8: 1 | B8: Reputacional | C8: Incumplimiento en el Plan de Adquisiciones | D8: Falta de gestión de los servidores públicos y de seguimiento por parte del proceso de Gestión Contractual. | E8: Posibilidad de pérdida reputacional y/o economica (patrimonial) por incumplimiento en la ejecución del Plan anual de Adquisiciones debido a la falta de gestión de los servidores públicos de las dependencias interesadas y de seguimiento por parte del proceso de Gestión Contractual. | F8: Usuarios, productos y practicas , organizacionales | G8: 160 | H8: =IF(G8<=0,"",IF(G8<=2,"Muy Baja",IF(G8<=24,"Baja",IF(G8<=500,"Media",IF(G8<=5000,"Alta","Muy Alta"))))) -> Media | I8: =IF(H8="","",IF(H8="Muy Baja",0.2,IF(H8="Baja",0.4,IF(H8="Media",0.6,IF(H8="Alta",0.8,IF(H8="Muy Alta",1,)))))) -> 0.6 | J8: =IF(OR($B$8="Reputacional",$B$8="Económica"),VLOOKUP($L$8,'Tabla Impacto'!$B$4:$G$8,4,0),IF(AND($B$8="Reputacional y Económica"),VLOOKUP($L$8,'Tabla Impacto'!$B$4:$G$8,5,0),((VLOOKUP($L$8,'Tabla Impacto'!$B$4:$G$8,2,0))))) -> El Impacto se evalúo como Moderado. El riesgo afecta la imagen de la entidad con algunos usuarios de relevancia frente al logro de los objetivos. | K8: =IF(OR($B$8="Reputacional",$B$8="Económica"),VLOOKUP($L$8,'Tabla Impacto'!$B$4:$G$8,4,0),IF(AND($B$8="Reputacional y Económica"),VLOOKUP($L$8,'Tabla Impacto'!$B$4:$G$8,5,0),((VLOOKUP($L$8,'Tabla Impacto'!$B$4:$G$8,2,0))))) -> El Impacto se evalúo como Moderado. El riesgo afecta la imagen de la entidad con algunos usuarios de relevancia frente al logro de los objetivos. | L8: Moderado | M8: =VLOOKUP(L8,'Tabla Impacto'!$B$4:$G$8,6,0) -> 0.6 | N8: =IF(OR(AND(H8="Muy Baja",L8="Leve"),AND(H8="Muy Baja",L8="Menor"),AND(H8="Baja",L8="Leve")),"Bajo",IF(OR(AND(H8="Muy baja",L8="Moderado"),AND(H8="Baja",L8="Menor"),AND(H8="Baja",L8="Moderado"),AND(H8="Media",L8="Leve"),AND(H8="Media",L8="Menor"),AND(H8="Media",L8="Moderado"),AND(H8="Alta",L8="Leve"),AND(H8="Alta",L8="Menor")),"Moderado",IF(OR(AND(H8="Muy Baja",L8="Mayor"),AND(H8="Baja",L8="Mayor"),AND(H8="Media",L8="Mayor"),AND(H8="Alta",L8="Moderado"),AND(H8="Alta",L8="Mayor"),AND(H8="Muy Alta",L8="Leve"),AND(H8="Muy Alta",L8="Menor"),AND(H8="Muy Alta",L8="Moderado"),AND(H8="Muy Alta",L8="Mayor")),"Alto",IF(OR(AND(H8="Muy Baja",L8="Catastrófico"),AND(H8="Baja",L8="Catastrófico"),AND(H8="Media",L8="Catastrófico"),AND(H8="Alta",L8="Catastrófico"),AND(H8="Muy Alta",L8="Catastrófico")),"Extremo","")))) -> Moderado | O8: 1 | P8: La Mesa Técnica de Contratación mensualmente revisará y aprobará los estudios previos de los procesos contractuales establecidos dentro del Plan Anual Adquisiciones, previa remisión por parte de las áreas generadoras de la necesidad y/o servicios a contratar y propondran ajustes presupuestales. | Q8: =IF(OR(R8="Preventivo",R8="Detectivo"),"Probabilidad",IF(R8="Correctivo","Impacto","")) -> Probabilidad | R8: Preventivo | S8: Manual | T8: =IF(AND(R8="Preventivo",S8="Automático"),"50%",IF(AND(R8="Preventivo",S8="Manual"),"40%",IF(AND(R8="Detectivo",S8="Automático"),"40%",IF(AND(R8="Detectivo",S8="Manual"),"30%",IF(AND(R8="Correctivo",S8="Automático"),"35%",IF(AND(R8="Correctivo",S8="Manual"),"25%","")))))) -> 40% | U8: Documentado | V8: Continua | W8: Con Registro | X8: =IFERROR(IF(Q8="Probabilidad",(I8-(+I8*T8)),IF(Q8="Impacto",I8,"")),"") -> 0.36 | Y8: =IFERROR(IF(X8="","",IF(X8<=0.2,"Muy Baja",IF(X8<=0.4,"Baja",IF(X8<=0.6,"Media",IF(X8<=0.8,"Alta","Muy Alta"))))),"") -> Baja | Z8: =+X8 -> 0.36 | AA8: =IFERROR(IF(AB8="","",IF(AB8<=0.2,"Leve",IF(AB8<=0.4,"Menor",IF(AB8<=0.6,"Moderado",IF(AB8<=0.8,"Mayor","Catastrófico"))))),"") -> Moderado | AB8: =IFERROR(IF(Q8="Impacto",(M8-(+M8*T8)),IF(Q8="Probabilidad",M8,"")),"") -> 0.6 | AC8: =IFERROR(IF(OR(AND(Y8="Muy Baja",AA8="Leve"),AND(Y8="Muy Baja",AA8="Menor"),AND(Y8="Baja",AA8="Leve")),"Bajo",IF(OR(AND(Y8="Muy baja",AA8="Moderado"),AND(Y8="Baja",AA8="Menor"),AND(Y8="Baja",AA8="Moderado"),AND(Y8="Media",AA8="Leve"),AND(Y8="Media",AA8="Menor"),AND(Y8="Media",AA8="Moderado"),AND(Y8="Alta",AA8="Leve"),AND(Y8="Alta",AA8="Menor")),"Moderado",IF(OR(AND(Y8="Muy Baja",AA8="Mayor"),AND(Y8="Baja",AA8="Mayor"),AND(Y8="Media",AA8="Mayor"),AND(Y8="Alta",AA8="Moderado"),AND(Y8="Alta",AA8="Mayor"),AND(Y8="Muy Alta",AA8="Leve"),AND(Y8="Muy Alta",AA8="Menor"),AND(Y8="Muy Alta",AA8="Moderado"),AND(Y8="Muy Alta",AA8="Mayor")),"Alto",IF(OR(AND(Y8="Muy Baja",AA8="Catastrófico"),AND(Y8="Baja",AA8="Catastrófico"),AND(Y8="Media",AA8="Catastrófico"),AND(Y8="Alta",AA8="Catastrófico"),AND(Y8="Muy Alta",AA8="Catastrófico")),"Extremo","")))),"") -> Moderado | AD8: Reducir (mitigar) | AE8: =MID(P8,1,400) -> La Mesa Técnica de Contratación mensualmente revisará y aprobará los estudios previos de los procesos contractuales establecidos dentro del Plan Anual Adquisiciones, previa remisión por parte de las áreas generadoras de la necesidad y/o servicios a contratar y propondran ajustes presupuestales. | AF8: Proceso de Gestión Contractual | AG8: Enero a Diciembre de 2026 | AH8: =AG8 -> Enero a Diciembre de 2026 | AI8: Acta de reunión de la Mesa de Contratación donde se hace seguimiento Estudios previos y de mercado revisados | AJ8: No Aplica
O9: 2 | P9: La Secretaría General, a través del Grupo Administrativo y Financiero, en articulación con la Oficina Asesora de Planeación harán seguimiento para determinar si las necesidades establecidas y los servicios definidos en el plan anual de adquisiciones han sido atendidas en los plazos establecidos. Se genera informe mensual a la Ordenación de Gasto sobre los presupuestos no han sido afectados para la toma de decisiones de redistribución presupuestal. | Q9: =IF(OR(R9="Preventivo",R9="Detectivo"),"Probabilidad",IF(R9="Correctivo","Impacto","")) -> Probabilidad | R9: Preventivo | S9: Manual | T9: =IF(AND(R9="Preventivo",S9="Automático"),"50%",IF(AND(R9="Preventivo",S9="Manual"),"40%",IF(AND(R9="Detectivo",S9="Automático"),"40%",IF(AND(R9="Detectivo",S9="Manual"),"30%",IF(AND(R9="Correctivo",S9="Automático"),"35%",IF(AND(R9="Correctivo",S9="Manual"),"25%","")))))) -> 40% | U9: Sin Documentar | V9: Continua | W9: Con Registro | X9: =IFERROR(IF(AND(Q8="Probabilidad",Q9="Probabilidad"),(Z8-(+Z8*T9)),IF(Q9="Probabilidad",(I8-(+I8*T9)),IF(Q9="Impacto",Z8,""))),"") -> 0.216 | Y9: =IFERROR(IF(X9="","",IF(X9<=0.2,"Muy Baja",IF(X9<=0.4,"Baja",IF(X9<=0.6,"Media",IF(X9<=0.8,"Alta","Muy Alta"))))),"") -> Baja | Z9: =+X9 -> 0.216 | AA9: =IFERROR(IF(AB9="","",IF(AB9<=0.2,"Leve",IF(AB9<=0.4,"Menor",IF(AB9<=0.6,"Moderado",IF(AB9<=0.8,"Mayor","Catastrófico"))))),"") -> Moderado | AB9: =IFERROR(IF(AND(Q8="Impacto",Q9="Impacto"),(AB8-(+AB8*T9)),IF(Q9="Impacto",($M$8-(+$M$8*T9)),IF(Q9="Probabilidad",AB8,""))),"") -> 0.6 | AC9: =IFERROR(IF(OR(AND(Y9="Muy Baja",AA9="Leve"),AND(Y9="Muy Baja",AA9="Menor"),AND(Y9="Baja",AA9="Leve")),"Bajo",IF(OR(AND(Y9="Muy baja",AA9="Moderado"),AND(Y9="Baja",AA9="Menor"),AND(Y9="Baja",AA9="Moderado"),AND(Y9="Media",AA9="Leve"),AND(Y9="Media",AA9="Menor"),AND(Y9="Media",AA9="Moderado"),AND(Y9="Alta",AA9="Leve"),AND(Y9="Alta",AA9="Menor")),"Moderado",IF(OR(AND(Y9="Muy Baja",AA9="Mayor"),AND(Y9="Baja",AA9="Mayor"),AND(Y9="Media",AA9="Mayor"),AND(Y9="Alta",AA9="Moderado"),AND(Y9="Alta",AA9="Mayor"),AND(Y9="Muy Alta",AA9="Leve"),AND(Y9="Muy Alta",AA9="Menor"),AND(Y9="Muy Alta",AA9="Moderado"),AND(Y9="Muy Alta",AA9="Mayor")),"Alto",IF(OR(AND(Y9="Muy Baja",AA9="Catastrófico"),AND(Y9="Baja",AA9="Catastrófico"),AND(Y9="Media",AA9="Catastrófico"),AND(Y9="Alta",AA9="Catastrófico"),AND(Y9="Muy Alta",AA9="Catastrófico")),"Extremo","")))),"") -> Moderado | AD9: Reducir (mitigar) | AE9: =MID(P9,1,400) -> La Secretaría General, a través del Grupo Administrativo y Financiero, en articulación con la Oficina Asesora de Planeación harán seguimiento para determinar si las necesidades establecidas y los servicios definidos en el plan anual de adquisiciones han sido atendidas en los plazos establecidos. Se genera informe mensual a la Ordenación de Gasto sobre los presupuestos no han sido afectados para l | AF9: Proceso de Gestión Contractual | AG9: Enero a Diciembre de 2026 | AH9: =AG9 -> Enero a Diciembre de 2026 | AI9: Acta de reunión. | AJ9: No Aplica
A10: 2 | B10: Reputacional y Económica | C10: Incumplimiento en la liquidación de los contratos | D10: Falta de gestión de los servidores públicos y de seguimiento por parte del proceso de Gestión Contractual. | E10: Posibilidad de perdida reputacional y/o economica por la no liquidación dentro de los plazos legales establecidos de los contratos debido a falta de gestión de los servidores públicos de las dependencias interesadas y de seguimiento por parte del proceso de Gestión Contractual | F10: Usuarios, productos y practicas , organizacionales | G10: 69 | H10: =IF(G10<=0,"",IF(G10<=2,"Muy Baja",IF(G10<=24,"Baja",IF(G10<=500,"Media",IF(G10<=5000,"Alta","Muy Alta"))))) -> Media | I10: =IF(H10="","",IF(H10="Muy Baja",0.2,IF(H10="Baja",0.4,IF(H10="Media",0.6,IF(H10="Alta",0.8,IF(H10="Muy Alta",1,)))))) -> 0.6 | J10: =IF(OR($B$8="Reputacional",$B$8="Económica"),VLOOKUP($L$8,'Tabla Impacto'!$B$4:$G$8,4,0),IF(AND($B$8="Reputacional y Económica"),VLOOKUP($L$8,'Tabla Impacto'!$B$4:$G$8,5,0),((VLOOKUP($L$8,'Tabla Impacto'!$B$4:$G$8,2,0))))) -> El Impacto se evalúo como Moderado. El riesgo afecta la imagen de la entidad con algunos usuarios de relevancia frente al logro de los objetivos. | K10: =IF(OR($B$8="Reputacional",$B$8="Económica"),VLOOKUP($L$8,'Tabla Impacto'!$B$4:$G$8,4,0),IF(AND($B$8="Reputacional y Económica"),VLOOKUP($L$8,'Tabla Impacto'!$B$4:$G$8,5,0),((VLOOKUP($L$8,'Tabla Impacto'!$B$4:$G$8,2,0))))) -> El Impacto se evalúo como Moderado. El riesgo afecta la imagen de la entidad con algunos usuarios de relevancia frente al logro de los objetivos. | L10: Moderado | M10: =VLOOKUP(L10,'Tabla Impacto'!$B$4:$G$8,6,0) -> 0.6 | N10: =IF(OR(AND(H10="Muy Baja",L10="Leve"),AND(H10="Muy Baja",L10="Menor"),AND(H10="Baja",L10="Leve")),"Bajo",IF(OR(AND(H10="Muy baja",L10="Moderado"),AND(H10="Baja",L10="Menor"),AND(H10="Baja",L10="Moderado"),AND(H10="Media",L10="Leve"),AND(H10="Media",L10="Menor"),AND(H10="Media",L10="Moderado"),AND(H10="Alta",L10="Leve"),AND(H10="Alta",L10="Menor")),"Moderado",IF(OR(AND(H10="Muy Baja",L10="Mayor"),AND(H10="Baja",L10="Mayor"),AND(H10="Media",L10="Mayor"),AND(H10="Alta",L10="Moderado"),AND(H10="Alta",L10="Mayor"),AND(H10="Muy Alta",L10="Leve"),AND(H10="Muy Alta",L10="Menor"),AND(H10="Muy Alta",L10="Moderado"),AND(H10="Muy Alta",L10="Mayor")),"Alto",IF(OR(AND(H10="Muy Baja",L10="Catastrófico"),AND(H10="Baja",L10="Catastrófico"),AND(H10="Media",L10="Catastrófico"),AND(H10="Alta",L10="Catastrófico"),AND(H10="Muy Alta",L10="Catastrófico")),"Extremo","")))) -> Moderado | O10: 1 | P10: El líder del proceso de Gestión Contractual solicita a través de memorando adelantar los procesos de liquidación de los contratos pendientes. | Q10: =IF(OR(R10="Preventivo",R10="Detectivo"),"Probabilidad",IF(R10="Correctivo","Impacto","")) -> Probabilidad | R10: Preventivo | S10: Manual | T10: =IF(AND(R10="Preventivo",S10="Automático"),"50%",IF(AND(R10="Preventivo",S10="Manual"),"40%",IF(AND(R10="Detectivo",S10="Automático"),"40%",IF(AND(R10="Detectivo",S10="Manual"),"30%",IF(AND(R10="Correctivo",S10="Automático"),"35%",IF(AND(R10="Correctivo",S10="Manual"),"25%","")))))) -> 40% | U10: Documentado | V10: Continua | W10: Con Registro | X10: =IFERROR(IF(Q10="Probabilidad",(I10-(+I10*T10)),IF(Q10="Impacto",I10,"")),"") -> 0.36 | Y10: =IFERROR(IF(X10="","",IF(X10<=0.2,"Muy Baja",IF(X10<=0.4,"Baja",IF(X10<=0.6,"Media",IF(X10<=0.8,"Alta","Muy Alta"))))),"") -> Baja | Z10: =+X10 -> 0.36 | AA10: =IFERROR(IF(AB10="","",IF(AB10<=0.2,"Leve",IF(AB10<=0.4,"Menor",IF(AB10<=0.6,"Moderado",IF(AB10<=0.8,"Mayor","Catastrófico"))))),"") -> Moderado | AB10: =IFERROR(IF(Q10="Impacto",(M10-(+M10*T10)),IF(Q10="Probabilidad",M10,"")),"") -> 0.6 | AC10: =IFERROR(IF(OR(AND(Y10="Muy Baja",AA10="Leve"),AND(Y10="Muy Baja",AA10="Menor"),AND(Y10="Baja",AA10="Leve")),"Bajo",IF(OR(AND(Y10="Muy baja",AA10="Moderado"),AND(Y10="Baja",AA10="Menor"),AND(Y10="Baja",AA10="Moderado"),AND(Y10="Media",AA10="Leve"),AND(Y10="Media",AA10="Menor"),AND(Y10="Media",AA10="Moderado"),AND(Y10="Alta",AA10="Leve"),AND(Y10="Alta",AA10="Menor")),"Moderado",IF(OR(AND(Y10="Muy Baja",AA10="Mayor"),AND(Y10="Baja",AA10="Mayor"),AND(Y10="Media",AA10="Mayor"),AND(Y10="Alta",AA10="Moderado"),AND(Y10="Alta",AA10="Mayor"),AND(Y10="Muy Alta",AA10="Leve"),AND(Y10="Muy Alta",AA10="Menor"),AND(Y10="Muy Alta",AA10="Moderado"),AND(Y10="Muy Alta",AA10="Mayor")),"Alto",IF(OR(AND(Y10="Muy Baja",AA10="Catastrófico"),AND(Y10="Baja",AA10="Catastrófico"),AND(Y10="Media",AA10="Catastrófico"),AND(Y10="Alta",AA10="Catastrófico"),AND(Y10="Muy Alta",AA10="Catastrófico")),"Extremo","")))),"") -> Moderado | AD10: Reducir (mitigar) | AE10: =MID(P10,1,400) -> El líder del proceso de Gestión Contractual solicita a través de memorando adelantar los procesos de liquidación de los contratos pendientes. | AF10: Proceso de Gestión Contractual | AG10: Enero a Diciembre de 2026 | AH10: =AG10 -> Enero a Diciembre de 2026 | AI10: Memorandos | AJ10: No Aplica
O11: 2 | P11: El líder del proceso de Gestión Contractual requiere, a través de correo electrónico institucional, a los supervisores de los contratos la elaboración, suscripción y radicación del acta de liquidación, mediante comunicación preventiva con una antelación mínima de quince (15) días a la terminación del contrato y, una vez finalizado, dentro de los cinco (5) días siguientes. Así mismo, en caso de incumplimiento, deberá reiterar el requerimiento por el mismo medio y, de persistir, informar al jefe inmediato del supervisor para lo de su competencia. | Q11: =IF(OR(R11="Preventivo",R11="Detectivo"),"Probabilidad",IF(R11="Correctivo","Impacto","")) -> Probabilidad | R11: Preventivo | S11: Manual | T11: =IF(AND(R11="Preventivo",S11="Automático"),"50%",IF(AND(R11="Preventivo",S11="Manual"),"40%",IF(AND(R11="Detectivo",S11="Automático"),"40%",IF(AND(R11="Detectivo",S11="Manual"),"30%",IF(AND(R11="Correctivo",S11="Automático"),"35%",IF(AND(R11="Correctivo",S11="Manual"),"25%","")))))) -> 40% | U11: Sin Documentar | V11: Continua | W11: Con Registro | X11: =IFERROR(IF(AND(Q10="Probabilidad",Q11="Probabilidad"),(Z10-(+Z10*T11)),IF(Q11="Probabilidad",(I10-(+I10*T11)),IF(Q11="Impacto",Z10,""))),"") -> 0.216 | Y11: =IFERROR(IF(X11="","",IF(X11<=0.2,"Muy Baja",IF(X11<=0.4,"Baja",IF(X11<=0.6,"Media",IF(X11<=0.8,"Alta","Muy Alta"))))),"") -> Baja | Z11: =+X11 -> 0.216 | AA11: =IFERROR(IF(AB11="","",IF(AB11<=0.2,"Leve",IF(AB11<=0.4,"Menor",IF(AB11<=0.6,"Moderado",IF(AB11<=0.8,"Mayor","Catastrófico"))))),"") -> Moderado | AB11: =IFERROR(IF(AND(Q10="Impacto",Q11="Impacto"),(AB10-(+AB10*T11)),IF(Q11="Impacto",($M$8-(+$M$8*T11)),IF(Q11="Probabilidad",AB10,""))),"") -> 0.6 | AC11: =IFERROR(IF(OR(AND(Y11="Muy Baja",AA11="Leve"),AND(Y11="Muy Baja",AA11="Menor"),AND(Y11="Baja",AA11="Leve")),"Bajo",IF(OR(AND(Y11="Muy baja",AA11="Moderado"),AND(Y11="Baja",AA11="Menor"),AND(Y11="Baja",AA11="Moderado"),AND(Y11="Media",AA11="Leve"),AND(Y11="Media",AA11="Menor"),AND(Y11="Media",AA11="Moderado"),AND(Y11="Alta",AA11="Leve"),AND(Y11="Alta",AA11="Menor")),"Moderado",IF(OR(AND(Y11="Muy Baja",AA11="Mayor"),AND(Y11="Baja",AA11="Mayor"),AND(Y11="Media",AA11="Mayor"),AND(Y11="Alta",AA11="Moderado"),AND(Y11="Alta",AA11="Mayor"),AND(Y11="Muy Alta",AA11="Leve"),AND(Y11="Muy Alta",AA11="Menor"),AND(Y11="Muy Alta",AA11="Moderado"),AND(Y11="Muy Alta",AA11="Mayor")),"Alto",IF(OR(AND(Y11="Muy Baja",AA11="Catastrófico"),AND(Y11="Baja",AA11="Catastrófico"),AND(Y11="Media",AA11="Catastrófico"),AND(Y11="Alta",AA11="Catastrófico"),AND(Y11="Muy Alta",AA11="Catastrófico")),"Extremo","")))),"") -> Moderado | AD11: Reducir (mitigar) | AE11: =MID(P11,1,400) -> El líder del proceso de Gestión Contractual requiere, a través de correo electrónico institucional, a los supervisores de los contratos la elaboración, suscripción y radicación del acta de liquidación, mediante comunicación preventiva con una antelación mínima de quince (15) días a la terminación del contrato y, una vez finalizado, dentro de los cinco (5) días siguientes. Así mismo, en caso de inc | AF11: Proceso de Gestión Contractual | AG11: Enero a Diciembre de 2026 | AH11: =AG11 -> Enero a Diciembre de 2026 | AI11: Correo electrónico | AJ11: No Aplica
B12: *Nota: La columna referencia se sugiere para mantener el consecutivo de riesgos, así el riesgo salga del mapa no existirá otro riesgo con el mismo número. Una entidad puede ir en el riesgo 150 pero tener 70 riesgos, lo que permite llevar una traza de los riesgos. Esta información la debe administrar la Oficina Asesora de Planeación o Gerencia de Riesgos.
B13: Fuente: Adaptado de Curso Riesgo Operativo Universidad del Rosario por Dirección de Gestión y Desempeño Institucional de Función Pública, 2020.

Sheet Gestion Juridica
A1: Formato Mapa Riesgos
A2: Proceso: | C2: Gestión Juridica
A3: Objetivo: | C3: Asesorar, asistir y representar al Instituto Nacional para Ciegos en todas las actuaciones judiciales y extra judiciales, procurando el cumplimiento y la aplicación de la normatividad legal vigente.
A4: Alcance: | C4: El proceso inicia con la identificación de la normatividad, doctrina y jurisprudencia, continua con la recepción de solicitud de asesoría, representación judicial o extrajudicial; continúa con su análisis jurídico y seguimiento, y finaliza con adelantar acciones para la mejora.
A5: Identificación del riesgo | H5: Análisis del riesgo inherente | O5: Evaluación del riesgo - Valoración de los controles | Y5: Evaluación del riesgo - Nivel del riesgo residual | AF5: Plan de Acción
A6: Referencia | B6: Impacto | C6: Causa Inmediata | D6: Causa Raíz | E6: Descripción del Riesgo | F6: Clasificación del Riesgo | G6: Frecuencia con la cual se realiza la actividad | H6: Probabilidad Inherente | I6: % | J6: Criterios de impacto | K6: Observación de criterio | L6: Impacto Inherente | M6: % | N6: Zona de Riesgo Inherente | O6: No. Control | P6: Descripción del Control | Q6: Descripción del Control | R6: Afectación | S6: Atributos | Y6: Probabilidad Residual | Z6: Probabilidad Residual Final | AA6: % | AB6: Impacto Residual Final | AC6: % | AD6: Zona de Riesgo Final | AE6: Tratamiento | AF6: Plan de Acción | AG6: Responsable | AH6: Fecha de control | AI6: Fecha de plan de acción | AJ6: Entregable de Control | AK6: Entregable de Plan de acción
S7: Tipo | T7: Implementación | U7: Calificación | V7: Documentación | W7: Frecuencia | X7: Evidencia
A8: 1 | B8: Reputacional y Económica | C8: Perdida de los procesos judiciales | D8: Fallas en el debido proceso para las actuaciones judiciales y extra judiciales que debe realizar la entidad en el marco de la normativa vigente. | E8: Posibilidad de afectación reputacional y/o económica debido a la perdida de los procesos judiciales por fallas en la garantía del debido proceso interno en las actuaciones judiciales y extra judiciales que debe realizar la entidad en el marco de la normativa vigente. | F8: Usuarios, productos y practicas , organizacionales | G8: 365 | H8: =IF(G8<=0,"",IF(G8<=2,"Muy Baja",IF(G8<=24,"Baja",IF(G8<=500,"Media",IF(G8<=5000,"Alta","Muy Alta"))))) -> Media | I8: =IF(H8="","",IF(H8="Muy Baja",0.2,IF(H8="Baja",0.4,IF(H8="Media",0.6,IF(H8="Alta",0.8,IF(H8="Muy Alta",1,)))))) -> 0.6 | J8: =IF(OR($B$8="Reputacional",$B$8="Económica"),VLOOKUP($L$8,'Tabla Impacto'!$B$4:$G$8,4,0),IF(AND($B$8="Reputacional y Económica"),VLOOKUP($L$8,'Tabla Impacto'!$B$4:$G$8,5,0),((VLOOKUP($L$8,'Tabla Impacto'!$B$4:$G$8,2,0))))) -> El Impacto se evalúo como Moderado. El riesgo afecta la imagen de la entidad con algunos usuarios de relevancia frente al logro de los objetivos con una posible afectación entre 50 y 100 SMLMV. | K8: =IF(OR($B$8="Reputacional",$B$8="Económica"),VLOOKUP($L$8,'Tabla Impacto'!$B$4:$G$8,4,0),IF(AND($B$8="Reputacional y Económica"),VLOOKUP($L$8,'Tabla Impacto'!$B$4:$G$8,5,0),((VLOOKUP($L$8,'Tabla Impacto'!$B$4:$G$8,2,0))))) -> El Impacto se evalúo como Moderado. El riesgo afecta la imagen de la entidad con algunos usuarios de relevancia frente al logro de los objetivos con una posible afectación entre 50 y 100 SMLMV. | L8: Moderado | M8: =VLOOKUP(L8,'Tabla Impacto'!$B$4:$G$8,6,0) -> 0.6 | N8: =IF(OR(AND(H8="Muy Baja",L8="Leve"),AND(H8="Muy Baja",L8="Menor"),AND(H8="Baja",L8="Leve")),"Bajo",IF(OR(AND(H8="Muy baja",L8="Moderado"),AND(H8="Baja",L8="Menor"),AND(H8="Baja",L8="Moderado"),AND(H8="Media",L8="Leve"),AND(H8="Media",L8="Menor"),AND(H8="Media",L8="Moderado"),AND(H8="Alta",L8="Leve"),AND(H8="Alta",L8="Menor")),"Moderado",IF(OR(AND(H8="Muy Baja",L8="Mayor"),AND(H8="Baja",L8="Mayor"),AND(H8="Media",L8="Mayor"),AND(H8="Alta",L8="Moderado"),AND(H8="Alta",L8="Mayor"),AND(H8="Muy Alta",L8="Leve"),AND(H8="Muy Alta",L8="Menor"),AND(H8="Muy Alta",L8="Moderado"),AND(H8="Muy Alta",L8="Mayor")),"Alto",IF(OR(AND(H8="Muy Baja",L8="Catastrófico"),AND(H8="Baja",L8="Catastrófico"),AND(H8="Media",L8="Catastrófico"),AND(H8="Alta",L8="Catastrófico"),AND(H8="Muy Alta",L8="Catastrófico")),"Extremo","")))) -> Moderado | O8: 1 | P8: El profesional designado y/o apoderado del(los) caso(s) en la Oficina Asesora Jurídica, gestiona el proceso judicial registrado en la plataforma de la rama judicial, dos veces en la semana en el historial del proceso. | Q8: El abogado contratista defensa jurídica del estado, de la Oficina Asesora Jurídica, deberá alimentar mínimo 2 veces al año la plataforma Ekogui con la relación de la provisión contable y/o cuando el proceso tenga cambios importantes, el tema pecuniarios, y a su vez informar a financiera mediante memorando interno la sentencia que genera la obligación de pago por parte de la entidad a favor de un tercero. | R8: =IF(OR(S8="Preventivo",S8="Detectivo"),"Probabilidad",IF(S8="Correctivo","Impacto","")) -> Probabilidad | S8: Detectivo | T8: Manual | U8: =IF(AND(S8="Preventivo",T8="Automático"),"50%",IF(AND(S8="Preventivo",T8="Manual"),"40%",IF(AND(S8="Detectivo",T8="Automático"),"40%",IF(AND(S8="Detectivo",T8="Manual"),"30%",IF(AND(S8="Correctivo",T8="Automático"),"35%",IF(AND(S8="Correctivo",T8="Manual"),"25%","")))))) -> 30% | V8: Documentado | W8: Continua | X8: Con Registro | Y8: =IFERROR(IF(R8="Probabilidad",(I8-(+I8*U8)),IF(R8="Impacto",I8,"")),"") -> 0.42 | Z8: =IFERROR(IF(Y8="","",IF(Y8<=0.2,"Muy Baja",IF(Y8<=0.4,"Baja",IF(Y8<=0.6,"Media",IF(Y8<=0.8,"Alta","Muy Alta"))))),"") -> Media | AA8: =+Y8 -> 0.42 | AB8: =IFERROR(IF(AC8="","",IF(AC8<=0.2,"Leve",IF(AC8<=0.4,"Menor",IF(AC8<=0.6,"Moderado",IF(AC8<=0.8,"Mayor","Catastrófico"))))),"") -> Moderado | AC8: =IFERROR(IF(R8="Impacto",(M8-(+M8*U8)),IF(R8="Probabilidad",M8,"")),"") -> 0.6 | AD8: =IFERROR(IF(OR(AND(Z8="Muy Baja",AB8="Leve"),AND(Z8="Muy Baja",AB8="Menor"),AND(Z8="Baja",AB8="Leve")),"Bajo",IF(OR(AND(Z8="Muy baja",AB8="Moderado"),AND(Z8="Baja",AB8="Menor"),AND(Z8="Baja",AB8="Moderado"),AND(Z8="Media",AB8="Leve"),AND(Z8="Media",AB8="Menor"),AND(Z8="Media",AB8="Moderado"),AND(Z8="Alta",AB8="Leve"),AND(Z8="Alta",AB8="Menor")),"Moderado",IF(OR(AND(Z8="Muy Baja",AB8="Mayor"),AND(Z8="Baja",AB8="Mayor"),AND(Z8="Media",AB8="Mayor"),AND(Z8="Alta",AB8="Moderado"),AND(Z8="Alta",AB8="Mayor"),AND(Z8="Muy Alta",AB8="Leve"),AND(Z8="Muy Alta",AB8="Menor"),AND(Z8="Muy Alta",AB8="Moderado"),AND(Z8="Muy Alta",AB8="Mayor")),"Alto",IF(OR(AND(Z8="Muy Baja",AB8="Catastrófico"),AND(Z8="Baja",AB8="Catastrófico"),AND(Z8="Media",AB8="Catastrófico"),AND(Z8="Alta",AB8="Catastrófico"),AND(Z8="Muy Alta",AB8="Catastrófico")),"Extremo","")))),"") -> Moderado | AF8: =MID(P8,89,400) -> gestiona el proceso judicial registrado en la plataforma de la rama judicial, dos veces en la semana en el historial del proceso. | AG8: El profesional designado y/o apoderado del(los) caso(s) en la Oficina Asesora Jurídica | AH8: Enero a Diciembre 2026 | AI8: =AH8 -> Enero a Diciembre 2026 | AJ8: Matriz de seguimiento de los procesos judiciales revisados en las plataformas de la rama judicial | AK8: No aplica
O9: 2 | P9: El jefe de la Oficina Asesora Jurídica, realiza el seguimiento a la alerta de respuesta de los procesos judiciales dos veces a la semana de acuerdo con lo definido en el procedimiento vigente en el SIG y el soporte definido para tal fin. | Q9: El jefe y/o el abogado contratista de la Oficina Asesora Jurídica gestionará ante la Agencia Nacional de Defensa Jurídica del Estado las capacitaciones para la apropiación de conocimientos de los servidores públicos que están involucrados en el proceso de la defensa jurídica | R9: =IF(OR(S9="Preventivo",S9="Detectivo"),"Probabilidad",IF(S9="Correctivo","Impacto","")) -> Probabilidad | S9: Preventivo | T9: Manual | U9: =IF(AND(S9="Preventivo",T9="Automático"),"50%",IF(AND(S9="Preventivo",T9="Manual"),"40%",IF(AND(S9="Detectivo",T9="Automático"),"40%",IF(AND(S9="Detectivo",T9="Manual"),"30%",IF(AND(S9="Correctivo",T9="Automático"),"35%",IF(AND(S9="Correctivo",T9="Manual"),"25%","")))))) -> 40% | V9: Documentado | W9: Aleatoria | X9: Con Registro | Y9: =IFERROR(IF(AND(R8="Probabilidad",R9="Probabilidad"),(AA8-(+AA8*U9)),IF(R9="Probabilidad",(I8-(+I8*U9)),IF(R9="Impacto",AA8,""))),"") -> 0.252 | Z9: =IFERROR(IF(Y9="","",IF(Y9<=0.2,"Muy Baja",IF(Y9<=0.4,"Baja",IF(Y9<=0.6,"Media",IF(Y9<=0.8,"Alta","Muy Alta"))))),"") -> Baja | AA9: =+Y9 -> 0.252 | AB9: =IFERROR(IF(AC9="","",IF(AC9<=0.2,"Leve",IF(AC9<=0.4,"Menor",IF(AC9<=0.6,"Moderado",IF(AC9<=0.8,"Mayor","Catastrófico"))))),"") -> Moderado | AC9: =IFERROR(IF(AND(R8="Impacto",R9="Impacto"),(AC8-(+AC8*U9)),IF(R9="Impacto",($M$8-(+$M$8*U9)),IF(R9="Probabilidad",AC8,""))),"") -> 0.6 | AD9: =IFERROR(IF(OR(AND(Z9="Muy Baja",AB9="Leve"),AND(Z9="Muy Baja",AB9="Menor"),AND(Z9="Baja",AB9="Leve")),"Bajo",IF(OR(AND(Z9="Muy baja",AB9="Moderado"),AND(Z9="Baja",AB9="Menor"),AND(Z9="Baja",AB9="Moderado"),AND(Z9="Media",AB9="Leve"),AND(Z9="Media",AB9="Menor"),AND(Z9="Media",AB9="Moderado"),AND(Z9="Alta",AB9="Leve"),AND(Z9="Alta",AB9="Menor")),"Moderado",IF(OR(AND(Z9="Muy Baja",AB9="Mayor"),AND(Z9="Baja",AB9="Mayor"),AND(Z9="Media",AB9="Mayor"),AND(Z9="Alta",AB9="Moderado"),AND(Z9="Alta",AB9="Mayor"),AND(Z9="Muy Alta",AB9="Leve"),AND(Z9="Muy Alta",AB9="Menor"),AND(Z9="Muy Alta",AB9="Moderado"),AND(Z9="Muy Alta",AB9="Mayor")),"Alto",IF(OR(AND(Z9="Muy Baja",AB9="Catastrófico"),AND(Z9="Baja",AB9="Catastrófico"),AND(Z9="Media",AB9="Catastrófico"),AND(Z9="Alta",AB9="Catastrófico"),AND(Z9="Muy Alta",AB9="Catastrófico")),"Extremo","")))),"") -> Moderado | AF9: =MID(P9,40,400) -> realiza el seguimiento a la alerta de respuesta de los procesos judiciales dos veces a la semana de acuerdo con lo definido en el procedimiento vigente en el SIG y el soporte definido para tal fin. | AG9: El profesional designado y/o apoderado del(los) caso(s) en la Oficina Asesora Jurídica | AH9: Enero a Diciembre de 2026 | AI9: =AH9 -> Enero a Diciembre de 2026 | AJ9: Soporte definido para el seguimiento a la respuesta de los procesos judiciales, en el marco de los procedimientos internos vigentes. | AK9: No aplica
B11: *Nota: La columna referencia se sugiere para mantener el consecutivo de riesgos, así el riesgo salga del mapa no existirá otro riesgo con el mismo número. Una entidad puede ir en el riesgo 150 pero tener 70 riesgos, lo que permite llevar una traza de los riesgos. Esta información la debe administrar la Oficina Asesora de Planeación o Gerencia de Riesgos.
B13: Fuente: Adaptado de Curso Riesgo Operativo Universidad del Rosario por Dirección de Gestión y Desempeño Institucional de Función Pública, 2020.

Sheet Gestion Humana
A1: Formato Mapa Riesgos
A2: Proceso: | C2: GESTION HUMANA
A3: Objetivo: | C3: Promover el desarrollo del talento humano mediante acciones que generen un ambiente laboral propicio e impacten positivamente la productividad y mejoren la calidad de la vida laboral.
A4: Alcance: | C4: El proceso inicia con la definición de necesidades de personal de planta y la gestión de ingreso, continúa con la ejecución de actividades administrativas y de desarrollo del talento humano durante su permanencia en el servicio y finaliza con la gestión del retiro.
A5: Identificación del riesgo | H5: Análisis del riesgo inherente | O5: Evaluación del riesgo - Valoración de los controles | X5: Evaluación del riesgo - Nivel del riesgo residual | AE5: Plan de Acción
A6: Referencia | B6: Impacto | C6: Causa Inmediata | D6: Causa Raíz | E6: Descripción del Riesgo | F6: Clasificación del Riesgo | G6: Frecuencia con la cual se realiza la actividad | H6: Probabilidad Inherente | I6: % | J6: Criterios de impacto | K6: Observación de criterio | L6: Impacto Inherente | M6: % | N6: Zona de Riesgo Inherente | O6: No. Control | P6: Descripción del Control | Q6: Afectación | R6: Atributos | X6: Probabilidad Residual | Y6: Probabilidad Residual Final | Z6: % | AA6: Impacto Residual Final | AB6: % | AC6: Zona de Riesgo Final | AD6: Tratamiento | AE6: Plan de Acción | AF6: Responsable | AG6: Fecha de control | AH6: Fecha de plan de acción | AI6: Entregable de Control | AJ6: Entregable de Plan de acción
R7: Tipo | S7: Implementación | T7: Calificación | U7: Documentación | V7: Frecuencia | W7: Evidencia
